Workbook

Sheet Instructions
A1: Instructions and FAQs:
A3: First, please enter your Service Unit in the box:
A5: Next, please enter your Troop number in this box:
A7: Immediately after you download:
B8: You must save your spreadsheet to your hard drive. If you don't, it won't let you propogate the names throughout the spreadsheet, and it will act as though the spreadsheet is read-only.
A9: How to enter Junior Names in the spreadsheet:
B10: Double-Click on the Tabs at the bottom of the page that say "Ambassador 1", "Ambassador 2", etc. That will highlight the text. Simply type the girl's first name on the tab. That will cause her name to proliferate throughout the spreadsheet.
A11: The Parent Contact Info page:
B12: The Parent Contact Info page is simply there to give you a place to collect parent info for your scouts. Use it or not. It will have no effect on the rest of the sheet. This is just there as a tool for you.
A13: The Registration page:
B14: The Registration page is there to give you some help in remembering who has given you their registration papers, health history, paid their money to your council and your service unit. This will not spread anywhere else on the sheet. For the leader names, simply click on the names to change your leaders' names.
A15: The Attendance page:
B16: The Attendance page is used to help you keep track of who was present at various events, such as Meetings, Campouts, etc.
A17: The Dues page:
B18: Enter dues as you receive them. The sheet is set up for you to record money. Simply type in what they were able to contribute.
A19: How to enter credit on the Badges, Earned Age-Level, Signs, Bridgining and Bronze pages:
B20: To enter credit on the Badges page, enter an A as a girl completes each requirement.
A21: The Summary page:
B22: The summary page is for keeping track, at a glance, of where you are patches-wise. You can quickly see, at a glance, what you have already awarded to the girls, and what you still owe them. As you enter completion information in other parts of the spreadsheet, as soon as a girl is complete for an award, it will automatically pop up an E (and highlight it) on the Summary page. When you present the award to the girl, enter an A when you present the award (and the highlight goes away). Here is also where you will enter your Fun Patches. Simply type in the patch you need to order then place the "E" in the Earned column and it will calculate for you on the Summary page as well as enter it onto the individual girls' pages.
A23: The Order page:
B24: You will never enter any information on the Order page. It is a completely automated page that gleens information from the Summary page. When it is time for you to turn in your request for awards from your awards chair, simply go to the Order page for that information. Every time a girl earns a patch, the numbers on this page increase. When you award the patch to the girl (and enter an A on the Summary page), the numbers decrease.
A25: What's the purpose of the individual Ambassador pages?
B26: You will never enter any information on the individual Junior pages. Those pages are for you to occasionally print out and hand to the parents. You can use them to let a parent know what their daughter has and has not completed. You can also use that page to make homework assignments for the girls.
A27: Troubleshooting & Frequently Asked Questions
B28: First, most issues can be solved by carefully reading these instructions. I encourage you to re-read this entire page before you do anything else. If that doesn't help, then the home site has a troubleshooting and FAQ page:
C29: http://trax.boy-scouts.net/faq.htm
C30: http://groups.yahoo.com/group/scouttrax/
B31: If neither of these has helped, then please e-mail me and ask. However, I ask that you please exhaust the above resources before you e-mail me. I get several e-mails per day asking for help, and to be honest, if they ask a question which I've already covered in these instructions and/or the FAQ page, I'm very likely to ignore the e-mail. Please read before you e-mail me.
A32: What's the password?
B33: First, I wouldn't recommend unprotecting the spreadsheet. It has been locked for your protection. Basically, it has been locked to keep you from messing up the formulas. It's designed as such that if you are getting a message telling you that a cell is protected, then you are trying to type in the wrong box. But if you must know, the password is: ambassador
A34: What about sharing and editing this sheet?
B35: 1. You have my permission to share this spreadsheet, absolutely free of charge, to any scouter anywhere.
B36: 2. You have my permission to post this spreadsheet on any server willing to host it. I will, however, ask that if you DO post this spreadsheet on a server somewhere, that you occasionally check back to the two main site that will host this sheet to check for updates (to make sure you have the latest version available. The site is:
B37: The Girl Scout Trax Website: | E37: http://trax.boy-scouts.net/gstrax.htm | H37: old, out dated
E38: http://groups.yahoo.com/group/scouttrax/
B39: 3. You have my permission to modify this sheet in any way to suit your own needs, however, if you do, please don't post your modified version anywhere on the internet.
B40: 4. You have my permission to e-mail me with suggestions for improvements you'd like to see, but please don't be offended if I don't use your suggestions.
A41: How can you contact me?
B42: aedmunds@bellsouth.net | D42: old, out of date, try the yahoo group listed above
A43: Version History
B44: CadetteTrax 1.0 | C44: 39797 | D44: - Initial release of the software package.
B46: CadetteTrax 1.1 | C46: 39799 | D46: - Fixed the number of requirements for IPAs, fixed silver award and misc.
B48: CadetteTrax 1.2 | C48: 39921 | D48: - Modified formulas to make spreadsheet work on both Microsoft Excel and OpenOffice Calc.
B49: CadetteTrax 1.3 | C49: 40035 | D49: - updating to make more uniform. Added new Journeys
B50: CadetteTrax 1.4 | C50: 40074 | D50: - small tweaking
B51: CadetteTrax 1.5 | C51: 40108 | D51: - just being a dunce, fixing things ;-)
B52: CadetteTrax 1.6 | C52: 40400 | D52: -fixed Silver & Gold Awards and Journeys
B53: CadetteTrax 1.7 | C53: 40562 | D53: -added new journeys, added links to online badges, added new and old requirements for silver and gold awards, changed order of some badges to correlate better to the book
B56: CadetteTrax 2.0 | C56: 40867 | D56: -added new Girl's guide for Scouting, removed old IPs, split up 11-17 group
B57: CadetteTrax 2.1 | C57: 40924 | D57: -fixed summit pin formula on all applicable pages
B58: CadetteTrax 2.2 | C58: 41022 | D58: -fixed safety award
B59: Ambassador Trax 1.0 | C59: 41121 | D59: -spreadsheet updated to show ambassador level awards only

Sheet Parent Contact Info
A1: ='ambassador 1'!$A$1 -> ambassador 1 | B1: Moen | C1: Date of Birth: | E1: EMERGENCY CONTACT
A2: girl's email | C2: Cell Phone:
A3: Primary Adult | C3: Second Adult | F3: Name:
A4: Relationship: | C4: Relationship:
A5: Name: | C5: Name: | F5: Relationship:
A6: Address: | C6: Address:
A7: City, State ZIP: | C7: City, State ZIP: | F7: Home Phone:
A8: Home Phone: | C8: Home Phone:
A9: Work Phone: | C9: Work Phone: | F9: Work Phone:
A10: Cell Phone: | C10: Cell Phone:
A11: Home e-mail: | C11: Home e-mail: | F11: Cell Phone:
A12: Work e-mail: | C12: Work e-mail:
A13: ='ambassador 2'!A1 -> ambassador 2 | C13: Date of Birth: | E13: EMERGENCY CONTACT
A14: girl's email | C14: Cell Phone:
A15: Primary Adult | C15: Second Adult | F15: Name:
A16: Relationship: | C16: Relationship:
A17: Name: | C17: Name: | F17: Relationship:
A18: Address: | C18: Address:
A19: City, State ZIP: | C19: City, State ZIP: | F19: Home Phone:
A20: Home Phone: | C20: Home Phone:
A21: Work Phone: | C21: Work Phone: | F21: Work Phone:
A22: Cell Phone: | C22: Cell Phone:
A23: Home e-mail: | C23: Home e-mail: | F23: Cell Phone:
A24: Work e-mail: | C24: Work e-mail:
A25: ='ambassador 3'!A1 -> ambassador 3 | C25: Date of Birth: | E25: EMERGENCY CONTACT
A26: girl's email | C26: Cell Phone:
A27: Primary Adult | C27: Second Adult | F27: Name:
A28: Relationship: | C28: Relationship:
A29: Name: | C29: Name: | F29: Relationship:
A30: Address: | C30: Address:
A31: City, State ZIP: | C31: City, State ZIP: | F31: Home Phone:
A32: Home Phone: | C32: Home Phone:
A33: Work Phone: | C33: Work Phone: | F33: Work Phone:
A34: Cell Phone: | C34: Cell Phone:
A35: Home e-mail: | C35: Home e-mail: | F35: Cell Phone:
A36: Work e-mail: | C36: Work e-mail:
A37: ='ambassador 4'!A1 -> ambassador 4 | C37: Date of Birth: | E37: EMERGENCY CONTACT
A38: girl's email | C38: Cell Phone:
A39: Primary Adult | C39: Second Adult | F39: Name:
A40: Relationship: | C40: Relationship:
A41: Name: | C41: Name: | F41: Relationship:
A42: Address: | C42: Address:
A43: City, State ZIP: | C43: City, State ZIP: | F43: Home Phone:
A44: Home Phone: | C44: Home Phone:
A45: Work Phone: | C45: Work Phone: | F45: Work Phone:
A46: Cell Phone: | C46: Cell Phone:
A47: Home e-mail: | C47: Home e-mail: | F47: Cell Phone:
A48: Work e-mail: | C48: Work e-mail:
A49: ='ambassador 5'!A1 -> ambassador 5 | C49: Date of Birth: | E49: EMERGENCY CONTACT
A50: girl's email | B50: ] | C50: Cell Phone:
A51: Primary Adult | C51: Second Adult | F51: Name:
A52: Relationship: | C52: Relationship:
A53: Name: | C53: Name: | F53: Relationship:
A54: Address: | C54: Address:
A55: City, State ZIP: | C55: City, State ZIP: | F55: Home Phone:
A56: Home Phone: | C56: Home Phone:
A57: Work Phone: | C57: Work Phone: | F57: Work Phone:
A58: Cell Phone: | C58: Cell Phone:
A59: Home e-mail: | C59: Home e-mail: | F59: Cell Phone:
A60: Work e-mail: | C60: Work e-mail:
A61: ='ambassador 6'!A1 -> ambassador 6 | B61: <<Last Name>> | C61: Date of Birth: | E61: EMERGENCY CONTACT
A62: girl's email | C62: Cell Phone:
A63: Primary Adult | C63: Second Adult | F63: Name:
A64: Relationship: | C64: Relationship:
A65: Name: | C65: Name: | F65: Relationship:
A66: Address: | C66: Address:
A67: City, State ZIP: | C67: City, State ZIP: | F67: Home Phone:
A68: Home Phone: | C68: Home Phone:
A69: Work Phone: | C69: Work Phone: | F69: Work Phone:
A70: Cell Phone: | C70: Cell Phone:
A71: Home e-mail: | C71: Home e-mail: | F71: Cell Phone:
A72: Work e-mail: | C72: Work e-mail:
A73: ='ambassador 7'!A1 -> ambassador 7 | B73: <<Last Name>> | C73: Date of Birth: | E73: EMERGENCY CONTACT
A74: girl's email | C74: Cell Phone:
A75: Primary Adult | C75: Second Adult | F75: Name:
A76: Relationship: | C76: Relationship:
A77: Name: | C77: Name: | F77: Relationship:
A78: Address: | C78: Address:
A79: City, State ZIP: | C79: City, State ZIP: | F79: Home Phone:
A80: Home Phone: | C80: Home Phone:
A81: Work Phone: | C81: Work Phone: | F81: Work Phone:
A82: Cell Phone: | C82: Cell Phone:
A83: Home e-mail: | C83: Home e-mail: | F83: Cell Phone:
A84: Work e-mail: | C84: Work e-mail:
A85: ='ambassador 8'!A1 -> ambassador 8 | B85: <<Last Name>> | C85: Date of Birth: | E85: EMERGENCY CONTACT
A86: girl's email | C86: Cell Phone:
A87: Primary Adult | C87: Second Adult | F87: Name:
A88: Relationship: | C88: Relationship:
A89: Name: | C89: Name: | F89: Relationship:
A90: Address: | C90: Address:
A91: City, State ZIP: | C91: City, State ZIP: | F91: Home Phone:
A92: Home Phone: | C92: Home Phone:
A93: Work Phone: | C93: Work Phone: | F93: Work Phone:
A94: Cell Phone: | C94: Cell Phone:
A95: Home e-mail: | C95: Home e-mail: | F95: Cell Phone:
A96: Work e-mail: | C96: Work e-mail:
A97: ='ambassador 9'!A1 -> ambassador 9 | B97: <<Last Name>> | C97: Date of Birth: | E97: EMERGENCY CONTACT
A98: girl's email | C98: Cell Phone:
A99: Primary Adult | C99: Second Adult | F99: Name:
A100: Relationship: | C100: Relationship:
...

Sheet Registration
B1: Service Unit: | C1: =Instructions!F3 -> 0 | D1: ='ambassador 1'!$A$1 -> ambassador 1 | E1: ='ambassador 2'!$A$1 -> ambassador 2 | F1: ='ambassador 3'!$A$1 -> ambassador 3 | G1: ='ambassador 4'!$A$1 -> ambassador 4 | H1: ='ambassador 5'!$A$1 -> ambassador 5 | I1: ='ambassador 6'!$A$1 -> ambassador 6 | J1: ='ambassador 7'!$A$1 -> ambassador 7 | K1: ='ambassador 8'!$A$1 -> ambassador 8 | L1: ='ambassador 9'!$A$1 -> ambassador 9 | M1: ='ambassador 10'!$A$1 -> ambassador 10 | N1: ='ambassador 11'!$A$1 -> ambassador 11 | O1: ='ambassador 12'!$A$1 -> ambassador 12 | P1: ='ambassador 13'!$A$1 -> ambassador 13 | Q1: ='ambassador 14'!$A$1 -> ambassador 14 | R1: ='ambassador 15'!$A$1 -> ambassador 15 | S1: Leader 1 | T1: Leader 2 | U1: Leader 3 | V1: Leader 4 | W1: Leader 5 | X1: Leader 6 | Y1: Leader 7
B2: Troop: | C2: =Instructions!F5 -> 0
A4: Enter A for credit
A6: 1 | B6: Registration Papers
A7: 2 | B7: Girl Scout Council Dues
A8: 3 | B8: Service Unit Dues
A9: 4 | B9: Annual Fund
A10: 5 | B10: Health History
B11: Status: (P)artial or (C)omplete | D11: =IF(AND(D6="A",D7="A",D8="A",D9="A",D10="A"),"C",IF(COUNTIF(D6:D10,"A")>0,"P"," ")) | E11: =IF(AND(E6="A",E7="A",E8="A",E9="A",E10="A"),"C",IF(COUNTIF(E6:E10,"A")>0,"P"," ")) | F11: =IF(AND(F6="A",F7="A",F8="A",F9="A",F10="A"),"C",IF(COUNTIF(F6:F10,"A")>0,"P"," ")) | G11: =IF(AND(G6="A",G7="A",G8="A",G9="A",G10="A"),"C",IF(COUNTIF(G6:G10,"A")>0,"P"," ")) | H11: =IF(AND(H6="A",H7="A",H8="A",H9="A",H10="A"),"C",IF(COUNTIF(H6:H10,"A")>0,"P"," ")) | I11: =IF(AND(I6="A",I7="A",I8="A",I9="A",I10="A"),"C",IF(COUNTIF(I6:I10,"A")>0,"P"," ")) | J11: =IF(AND(J6="A",J7="A",J8="A",J9="A",J10="A"),"C",IF(COUNTIF(J6:J10,"A")>0,"P"," ")) | K11: =IF(AND(K6="A",K7="A",K8="A",K9="A",K10="A"),"C",IF(COUNTIF(K6:K10,"A")>0,"P"," ")) | ... R11: =IF(AND(R6="A",R7="A",R8="A",R9="A",R10="A"),"C",IF(COUNTIF(R6:R10,"A")>0,"P"," ")) | S11: =IF(AND(S6="A",S7="A",S10="A"),"C",IF(COUNTIF(S6:S10,"A")>0,"P"," ")) | T11: =IF(AND(T6="A",T7="A",T10="A"),"C",IF(COUNTIF(T6:T10,"A")>0,"P"," ")) | U11: =IF(AND(U6="A",U7="A",U10="A"),"C",IF(COUNTIF(U6:U10,"A")>0,"P"," ")) | V11: =IF(AND(V6="A",V7="A",V10="A"),"C",IF(COUNTIF(V6:V10,"A")>0,"P"," ")) | W11: =IF(AND(W6="A",W7="A",W10="A"),"C",IF(COUNTIF(W6:W10,"A")>0,"P"," ")) | X11: =IF(AND(X6="A",X7="A",X10="A"),"C",IF(COUNTIF(X6:X10,"A")>0,"P"," ")) | Y11: =IF(AND(Y6="A",Y7="A",Y10="A"),"C",IF(COUNTIF(Y6:Y10,"A")>0,"P"," "))
A13: 1 | B13: Registration Papers
A14: 2 | B14: Girl Scout Council Dues
A15: 3 | B15: Service Unit Dues
A16: 4 | B16: Annual Fund
A17: 5 | B17: Health History
B18: Status: (P)artial or (C)omplete | D18: =IF(AND(D13="A",D14="A",D15="A",D16="A",D17="A"),"C",IF(COUNTIF(D13:D17,"A")>0,"P"," ")) | E18: =IF(AND(E13="A",E14="A",E15="A",E16="A",E17="A"),"C",IF(COUNTIF(E13:E17,"A")>0,"P"," ")) | F18: =IF(AND(F13="A",F14="A",F15="A",F16="A",F17="A"),"C",IF(COUNTIF(F13:F17,"A")>0,"P"," ")) | G18: =IF(AND(G13="A",G14="A",G15="A",G16="A",G17="A"),"C",IF(COUNTIF(G13:G17,"A")>0,"P"," ")) | H18: =IF(AND(H13="A",H14="A",H15="A",H16="A",H17="A"),"C",IF(COUNTIF(H13:H17,"A")>0,"P"," ")) | I18: =IF(AND(I13="A",I14="A",I15="A",I16="A",I17="A"),"C",IF(COUNTIF(I13:I17,"A")>0,"P"," ")) | J18: =IF(AND(J13="A",J14="A",J15="A",J16="A",J17="A"),"C",IF(COUNTIF(J13:J17,"A")>0,"P"," ")) | K18: =IF(AND(K13="A",K14="A",K15="A",K16="A",K17="A"),"C",IF(COUNTIF(K13:K17,"A")>0,"P"," ")) | ... R18: =IF(AND(R13="A",R14="A",R15="A",R16="A",R17="A"),"C",IF(COUNTIF(R13:R17,"A")>0,"P"," ")) | S18: =IF(AND(S13="A",S14="A",S17="A"),"C",IF(COUNTIF(S13:S17,"A")>0,"P"," ")) | T18: =IF(AND(T13="A",T14="A",T17="A"),"C",IF(COUNTIF(T13:T17,"A")>0,"P"," ")) | U18: =IF(AND(U13="A",U14="A",U17="A"),"C",IF(COUNTIF(U13:U17,"A")>0,"P"," ")) | V18: =IF(AND(V13="A",V14="A",V17="A"),"C",IF(COUNTIF(V13:V17,"A")>0,"P"," ")) | W18: =IF(AND(W13="A",W14="A",W17="A"),"C",IF(COUNTIF(W13:W17,"A")>0,"P"," ")) | X18: =IF(AND(X13="A",X14="A",X17="A"),"C",IF(COUNTIF(X13:X17,"A")>0,"P"," ")) | Y18: =IF(AND(Y13="A",Y14="A",Y17="A"),"C",IF(COUNTIF(Y13:Y17,"A")>0,"P"," "))
A20: 1 | B20: Registration Papers
A21: 2 | B21: Girl Scout Council Dues
A22: 3 | B22: Service Unit Dues
A23: 4 | B23: Annual Fund
A24: 5 | B24: Health History
B25: Status: (P)artial or (C)omplete | D25: =IF(AND(D20="A",D21="A",D22="A",D23="A",D24="A"),"C",IF(COUNTIF(D20:D24,"A")>0,"P"," ")) | E25: =IF(AND(E20="A",E21="A",E22="A",E23="A",E24="A"),"C",IF(COUNTIF(E20:E24,"A")>0,"P"," ")) | F25: =IF(AND(F20="A",F21="A",F22="A",F23="A",F24="A"),"C",IF(COUNTIF(F20:F24,"A")>0,"P"," ")) | G25: =IF(AND(G20="A",G21="A",G22="A",G23="A",G24="A"),"C",IF(COUNTIF(G20:G24,"A")>0,"P"," ")) | H25: =IF(AND(H20="A",H21="A",H22="A",H23="A",H24="A"),"C",IF(COUNTIF(H20:H24,"A")>0,"P"," ")) | I25: =IF(AND(I20="A",I21="A",I22="A",I23="A",I24="A"),"C",IF(COUNTIF(I20:I24,"A")>0,"P"," ")) | J25: =IF(AND(J20="A",J21="A",J22="A",J23="A",J24="A"),"C",IF(COUNTIF(J20:J24,"A")>0,"P"," ")) | K25: =IF(AND(K20="A",K21="A",K22="A",K23="A",K24="A"),"C",IF(COUNTIF(K20:K24,"A")>0,"P"," ")) | ... R25: =IF(AND(R20="A",R21="A",R22="A",R23="A",R24="A"),"C",IF(COUNTIF(R20:R24,"A")>0,"P"," ")) | S25: =IF(AND(S20="A",S21="A",S24="A"),"C",IF(COUNTIF(S20:S24,"A")>0,"P"," ")) | T25: =IF(AND(T20="A",T21="A",T24="A"),"C",IF(COUNTIF(T20:T24,"A")>0,"P"," ")) | U25: =IF(AND(U20="A",U21="A",U24="A"),"C",IF(COUNTIF(U20:U24,"A")>0,"P"," ")) | V25: =IF(AND(V20="A",V21="A",V24="A"),"C",IF(COUNTIF(V20:V24,"A")>0,"P"," ")) | W25: =IF(AND(W20="A",W21="A",W24="A"),"C",IF(COUNTIF(W20:W24,"A")>0,"P"," ")) | X25: =IF(AND(X20="A",X21="A",X24="A"),"C",IF(COUNTIF(X20:X24,"A")>0,"P"," ")) | Y25: =IF(AND(Y20="A",Y21="A",Y24="A"),"C",IF(COUNTIF(Y20:Y24,"A")>0,"P"," "))

Sheet Dues
A1: Enter amount received | B1: ='ambassador 1'!$A$1 -> ambassador 1 | C1: ='ambassador 2'!$A$1 -> ambassador 2 | D1: ='ambassador 3'!$A$1 -> ambassador 3 | E1: ='ambassador 4'!$A$1 -> ambassador 4 | F1: ='ambassador 5'!$A$1 -> ambassador 5 | G1: ='ambassador 6'!$A$1 -> ambassador 6 | H1: ='ambassador 7'!$A$1 -> ambassador 7 | I1: ='ambassador 8'!$A$1 -> ambassador 8 | J1: ='ambassador 9'!$A$1 -> ambassador 9 | K1: ='ambassador 10'!$A$1 -> ambassador 10 | L1: ='ambassador 11'!$A$1 -> ambassador 11 | M1: ='ambassador 12'!$A$1 -> ambassador 12 | N1: ='ambassador 13'!$A$1 -> ambassador 13 | O1: ='ambassador 14'!$A$1 -> ambassador 14 | P1: ='ambassador 15'!$A$1 -> ambassador 15 | Q1: meeting totals
A4: Date
Q5: =SUM(B5:P5) -> 0
Q6: =SUM(B6:P6) -> 0
Q7: =SUM(B7:P7) -> 0
Q8: =SUM(B8:P8) -> 0
Q9: =SUM(B9:P9) -> 0
Q10: =SUM(B10:P10) -> 0
Q11: =SUM(B11:P11) -> 0
Q12: =SUM(B12:P12) -> 0
Q13: =SUM(B13:P13) -> 0
Q14: =SUM(B14:P14) -> 0
Q15: =SUM(B15:P15) -> 0
Q16: =SUM(B16:P16) -> 0
... Q24: =SUM(B24:P24) -> 0
A25: yearly total (per girl) | B25: =SUM(B5:B24) -> 0 | C25: =SUM(C5:C24) -> 0 | D25: =SUM(D5:D24) -> 0 | E25: =SUM(E5:E24) -> 0 | F25: =SUM(F5:F24) -> 0 | G25: =SUM(G5:G24) -> 0 | H25: =SUM(H5:H24) -> 0 | I25: =SUM(I5:I24) -> 0 | ... Q25: =SUM(Q5:Q24) -> 0
Q27: =SUM(B27:P27) -> 0
Q28: =SUM(B28:P28) -> 0
Q29: =SUM(B29:P29) -> 0
Q30: =SUM(B30:P30) -> 0
Q31: =SUM(B31:P31) -> 0
Q32: =SUM(B32:P32) -> 0
Q33: =SUM(B33:P33) -> 0
Q34: =SUM(B34:P34) -> 0
Q35: =SUM(B35:P35) -> 0
Q36: =SUM(B36:P36) -> 0
Q37: =SUM(B37:P37) -> 0
Q38: =SUM(B38:P38) -> 0
... Q46: =SUM(B46:P46) -> 0
A47: yearly total (per girl) | B47: =SUM(B27:B46) -> 0 | C47: =SUM(C27:C46) -> 0 | D47: =SUM(D27:D46) -> 0 | E47: =SUM(E27:E46) -> 0 | F47: =SUM(F27:F46) -> 0 | G47: =SUM(G27:G46) -> 0 | H47: =SUM(H27:H46) -> 0 | I47: =SUM(I27:I46) -> 0 | ... Q47: =SUM(Q27:Q46) -> 0
Q49: =SUM(B49:P49) -> 0
Q50: =SUM(B50:P50) -> 0
Q51: =SUM(B51:P51) -> 0
Q52: =SUM(B52:P52) -> 0
Q53: =SUM(B53:P53) -> 0
Q54: =SUM(B54:P54) -> 0
Q55: =SUM(B55:P55) -> 0
Q56: =SUM(B56:P56) -> 0
Q57: =SUM(B57:P57) -> 0
Q58: =SUM(B58:P58) -> 0
Q59: =SUM(B59:P59) -> 0
Q60: =SUM(B60:P60) -> 0
... Q68: =SUM(B68:P68) -> 0
A69: yearly total (per girl) | B69: =SUM(B49:B68) -> 0 | C69: =SUM(C49:C68) -> 0 | D69: =SUM(D49:D68) -> 0 | E69: =SUM(E49:E68) -> 0 | F69: =SUM(F49:F68) -> 0 | G69: =SUM(G49:G68) -> 0 | H69: =SUM(H49:H68) -> 0 | I69: =SUM(I49:I68) -> 0 | ... Q69: =SUM(Q49:Q68) -> 0

Sheet Attendance
A1: Attendance | C1: ='ambassador 1'!$A$1 -> ambassador 1 | D1: ='ambassador 2'!$A$1 -> ambassador 2 | E1: ='ambassador 3'!$A$1 -> ambassador 3 | F1: ='ambassador 4'!$A$1 -> ambassador 4 | G1: ='ambassador 5'!$A$1 -> ambassador 5 | H1: ='ambassador 6'!$A$1 -> ambassador 6 | I1: ='ambassador 7'!$A$1 -> ambassador 7 | J1: ='ambassador 8'!$A$1 -> ambassador 8 | K1: ='ambassador 9'!$A$1 -> ambassador 9 | L1: ='ambassador 10'!$A$1 -> ambassador 10 | M1: ='ambassador 11'!$A$1 -> ambassador 11 | N1: ='ambassador 12'!$A$1 -> ambassador 12 | O1: ='ambassador 13'!$A$1 -> ambassador 13 | P1: ='ambassador 14'!$A$1 -> ambassador 14 | Q1: ='ambassador 15'!$A$1 -> ambassador 15
A2: Enter A to indicated Attendance at the Event.
A4: Date | B4: Event Attended (Meeting, Field Trip, Day Camp, etc)

Sheet Badges
B1: Service Unit | C1: =Instructions!F3 -> 0 | D1: ='ambassador 1'!$A$1 -> ambassador 1 | E1: ='ambassador 2'!$A$1 -> ambassador 2 | F1: ='ambassador 3'!$A$1 -> ambassador 3 | G1: ='ambassador 4'!$A$1 -> ambassador 4 | H1: ='ambassador 5'!$A$1 -> ambassador 5 | I1: ='ambassador 6'!$A$1 -> ambassador 6 | J1: ='ambassador 7'!$A$1 -> ambassador 7 | K1: ='ambassador 8'!$A$1 -> ambassador 8 | L1: ='ambassador 9'!$A$1 -> ambassador 9 | M1: ='ambassador 10'!$A$1 -> ambassador 10 | N1: ='ambassador 11'!$A$1 -> ambassador 11 | O1: ='ambassador 12'!$A$1 -> ambassador 12 | P1: ='ambassador 13'!$A$1 -> ambassador 13 | Q1: ='ambassador 14'!$A$1 -> ambassador 14 | R1: ='ambassador 15'!$A$1 -> ambassador 15
B2: Troop | C2: =Instructions!F5 -> 0
A3: Enter A for credit
A5: Legacy
B6: Photography
B7: 1 | C7: Expore the power of photography
C8: Go to a photography exhibit
C9: Create a photography timeline.
C10: Make sticky-note comics
B11: 2 | C11: Focus on composition | D11: =IF(COUNTIF(D8:D10,"A")>=1,"C",IF(COUNTIF(D8:D10,"A")>0,"P"," ")) | E11: =IF(COUNTIF(E8:E10,"A")>=1,"C",IF(COUNTIF(E8:E10,"A")>0,"P"," ")) | F11: =IF(COUNTIF(F8:F10,"A")>=1,"C",IF(COUNTIF(F8:F10,"A")>0,"P"," ")) | G11: =IF(COUNTIF(G8:G10,"A")>=1,"C",IF(COUNTIF(G8:G10,"A")>0,"P"," ")) | H11: =IF(COUNTIF(H8:H10,"A")>=1,"C",IF(COUNTIF(H8:H10,"A")>0,"P"," ")) | I11: =IF(COUNTIF(I8:I10,"A")>=1,"C",IF(COUNTIF(I8:I10,"A")>0,"P"," ")) | J11: =IF(COUNTIF(J8:J10,"A")>=1,"C",IF(COUNTIF(J8:J10,"A")>0,"P"," ")) | K11: =IF(COUNTIF(K8:K10,"A")>=1,"C",IF(COUNTIF(K8:K10,"A")>0,"P"," ")) | ... R11: =IF(COUNTIF(R8:R10,"A")>=1,"C",IF(COUNTIF(R8:R10,"A")>0,"P"," "))
C12: Capture a day in the life
C13: Photograph weather patterns
C14: Take 5 photos form a different
B15: 3 | C15: Focus on light | D15: =IF(COUNTIF(D12:D14,"A")>=1,"C",IF(COUNTIF(D12:D14,"A")>0,"P"," ")) | E15: =IF(COUNTIF(E12:E14,"A")>=1,"C",IF(COUNTIF(E12:E14,"A")>0,"P"," ")) | F15: =IF(COUNTIF(F12:F14,"A")>=1,"C",IF(COUNTIF(F12:F14,"A")>0,"P"," ")) | G15: =IF(COUNTIF(G12:G14,"A")>=1,"C",IF(COUNTIF(G12:G14,"A")>0,"P"," ")) | H15: =IF(COUNTIF(H12:H14,"A")>=1,"C",IF(COUNTIF(H12:H14,"A")>0,"P"," ")) | I15: =IF(COUNTIF(I12:I14,"A")>=1,"C",IF(COUNTIF(I12:I14,"A")>0,"P"," ")) | J15: =IF(COUNTIF(J12:J14,"A")>=1,"C",IF(COUNTIF(J12:J14,"A")>0,"P"," ")) | K15: =IF(COUNTIF(K12:K14,"A")>=1,"C",IF(COUNTIF(K12:K14,"A")>0,"P"," ")) | ... R15: =IF(COUNTIF(R12:R14,"A")>=1,"C",IF(COUNTIF(R12:R14,"A")>0,"P"," "))
C16: Invite friends to a shoot day
C17: Capture the same person or object
C18: Grow your image
B19: 4 | C19: Focus on motion | D19: =IF(COUNTIF(D16:D18,"A")>=1,"C",IF(COUNTIF(D16:D18,"A")>0,"P"," ")) | E19: =IF(COUNTIF(E16:E18,"A")>=1,"C",IF(COUNTIF(E16:E18,"A")>0,"P"," ")) | F19: =IF(COUNTIF(F16:F18,"A")>=1,"C",IF(COUNTIF(F16:F18,"A")>0,"P"," ")) | G19: =IF(COUNTIF(G16:G18,"A")>=1,"C",IF(COUNTIF(G16:G18,"A")>0,"P"," ")) | H19: =IF(COUNTIF(H16:H18,"A")>=1,"C",IF(COUNTIF(H16:H18,"A")>0,"P"," ")) | I19: =IF(COUNTIF(I16:I18,"A")>=1,"C",IF(COUNTIF(I16:I18,"A")>0,"P"," ")) | J19: =IF(COUNTIF(J16:J18,"A")>=1,"C",IF(COUNTIF(J16:J18,"A")>0,"P"," ")) | K19: =IF(COUNTIF(K16:K18,"A")>=1,"C",IF(COUNTIF(K16:K18,"A")>0,"P"," ")) | ... R19: =IF(COUNTIF(R16:R18,"A")>=1,"C",IF(COUNTIF(R16:R18,"A")>0,"P"," "))
C20: Take photos of a group
C21: Take photos of faces in motion
C22: Take photos of objects in motion
B23: 5 | C23: Tell a story with photography | D23: =IF(COUNTIF(D20:D22,"A")>=1,"C",IF(COUNTIF(D20:D22,"A")>0,"P"," ")) | E23: =IF(COUNTIF(E20:E22,"A")>=1,"C",IF(COUNTIF(E20:E22,"A")>0,"P"," ")) | F23: =IF(COUNTIF(F20:F22,"A")>=1,"C",IF(COUNTIF(F20:F22,"A")>0,"P"," ")) | G23: =IF(COUNTIF(G20:G22,"A")>=1,"C",IF(COUNTIF(G20:G22,"A")>0,"P"," ")) | H23: =IF(COUNTIF(H20:H22,"A")>=1,"C",IF(COUNTIF(H20:H22,"A")>0,"P"," ")) | I23: =IF(COUNTIF(I20:I22,"A")>=1,"C",IF(COUNTIF(I20:I22,"A")>0,"P"," ")) | J23: =IF(COUNTIF(J20:J22,"A")>=1,"C",IF(COUNTIF(J20:J22,"A")>0,"P"," ")) | K23: =IF(COUNTIF(K20:K22,"A")>=1,"C",IF(COUNTIF(K20:K22,"A")>0,"P"," ")) | ... R23: =IF(COUNTIF(R20:R22,"A")>=1,"C",IF(COUNTIF(R20:R22,"A")>0,"P"," "))
C24: Stage a photo exhibit
C25: Make a digital slide show
C26: Create a photo album or scrapbook
D27: =IF(COUNTIF(D24:D26,"A")>=1,"C",IF(COUNTIF(D24:D26,"A")>0,"P"," ")) | E27: =IF(COUNTIF(E24:E26,"A")>=1,"C",IF(COUNTIF(E24:E26,"A")>0,"P"," ")) | F27: =IF(COUNTIF(F24:F26,"A")>=1,"C",IF(COUNTIF(F24:F26,"A")>0,"P"," ")) | G27: =IF(COUNTIF(G24:G26,"A")>=1,"C",IF(COUNTIF(G24:G26,"A")>0,"P"," ")) | H27: =IF(COUNTIF(H24:H26,"A")>=1,"C",IF(COUNTIF(H24:H26,"A")>0,"P"," ")) | I27: =IF(COUNTIF(I24:I26,"A")>=1,"C",IF(COUNTIF(I24:I26,"A")>0,"P"," ")) | J27: =IF(COUNTIF(J24:J26,"A")>=1,"C",IF(COUNTIF(J24:J26,"A")>0,"P"," ")) | K27: =IF(COUNTIF(K24:K26,"A")>=1,"C",IF(COUNTIF(K24:K26,"A")>0,"P"," ")) | ... R27: =IF(COUNTIF(R24:R26,"A")>=1,"C",IF(COUNTIF(R24:R26,"A")>0,"P"," "))
C28: Status: (P)artial or (C)omplete | D28: =IF(COUNTIF(D11:D27,"C")>4,"C",IF(COUNTIF(D11:D27,"C")>0,"P"," ")) | E28: =IF(COUNTIF(E11:E27,"C")>4,"C",IF(COUNTIF(E11:E27,"C")>0,"P"," ")) | F28: =IF(COUNTIF(F11:F27,"C")>4,"C",IF(COUNTIF(F11:F27,"C")>0,"P"," ")) | G28: =IF(COUNTIF(G11:G27,"C")>4,"C",IF(COUNTIF(G11:G27,"C")>0,"P"," ")) | H28: =IF(COUNTIF(H11:H27,"C")>4,"C",IF(COUNTIF(H11:H27,"C")>0,"P"," ")) | I28: =IF(COUNTIF(I11:I27,"C")>4,"C",IF(COUNTIF(I11:I27,"C")>0,"P"," ")) | J28: =IF(COUNTIF(J11:J27,"C")>4,"C",IF(COUNTIF(J11:J27,"C")>0,"P"," ")) | K28: =IF(COUNTIF(K11:K27,"C")>4,"C",IF(COUNTIF(K11:K27,"C")>0,"P"," ")) | ... R28: =IF(COUNTIF(R11:R27,"C")>4,"C",IF(COUNTIF(R11:R27,"C")>0,"P"," "))
B29: Coaching
B30: 1 | C30: Begin to outline your coaching strategy
C31: Talk to a great coach
C32: Watch three sports documentaries
C33: Attend a coaching clinic or seminar
B34: 2 | C34: Conduct a first assessment | D34: =IF(COUNTIF(D31:D33,"A")>=1,"C",IF(COUNTIF(D31:D33,"A")>0,"P"," ")) | E34: =IF(COUNTIF(E31:E33,"A")>=1,"C",IF(COUNTIF(E31:E33,"A")>0,"P"," ")) | F34: =IF(COUNTIF(F31:F33,"A")>=1,"C",IF(COUNTIF(F31:F33,"A")>0,"P"," ")) | G34: =IF(COUNTIF(G31:G33,"A")>=1,"C",IF(COUNTIF(G31:G33,"A")>0,"P"," ")) | H34: =IF(COUNTIF(H31:H33,"A")>=1,"C",IF(COUNTIF(H31:H33,"A")>0,"P"," ")) | I34: =IF(COUNTIF(I31:I33,"A")>=1,"C",IF(COUNTIF(I31:I33,"A")>0,"P"," ")) | J34: =IF(COUNTIF(J31:J33,"A")>=1,"C",IF(COUNTIF(J31:J33,"A")>0,"P"," ")) | K34: =IF(COUNTIF(K31:K33,"A")>=1,"C",IF(COUNTIF(K31:K33,"A")>0,"P"," ")) | ... R34: =IF(COUNTIF(R31:R33,"A")>=1,"C",IF(COUNTIF(R31:R33,"A")>0,"P"," "))
C35: Prepare individual questionaires
C36: Host an initial session
C37: Prepare a goal chart together
B38: 3 | C38: Design your coaching plan | D38: =IF(COUNTIF(D35:D37,"A")>=1,"C",IF(COUNTIF(D35:D37,"A")>0,"P"," ")) | E38: =IF(COUNTIF(E35:E37,"A")>=1,"C",IF(COUNTIF(E35:E37,"A")>0,"P"," ")) | F38: =IF(COUNTIF(F35:F37,"A")>=1,"C",IF(COUNTIF(F35:F37,"A")>0,"P"," ")) | G38: =IF(COUNTIF(G35:G37,"A")>=1,"C",IF(COUNTIF(G35:G37,"A")>0,"P"," ")) | H38: =IF(COUNTIF(H35:H37,"A")>=1,"C",IF(COUNTIF(H35:H37,"A")>0,"P"," ")) | I38: =IF(COUNTIF(I35:I37,"A")>=1,"C",IF(COUNTIF(I35:I37,"A")>0,"P"," ")) | J38: =IF(COUNTIF(J35:J37,"A")>=1,"C",IF(COUNTIF(J35:J37,"A")>0,"P"," ")) | K38: =IF(COUNTIF(K35:K37,"A")>=1,"C",IF(COUNTIF(K35:K37,"A")>0,"P"," ")) | ... R38: =IF(COUNTIF(R35:R37,"A")>=1,"C",IF(COUNTIF(R35:R37,"A")>0,"P"," "))
C39: Design a special warm-up
C40: Research and choose
C41: Open and close each session
B42: 4 | C42: Put your plan in action | D42: =IF(COUNTIF(D39:D41,"A")>=1,"C",IF(COUNTIF(D39:D41,"A")>0,"P"," ")) | E42: =IF(COUNTIF(E39:E41,"A")>=1,"C",IF(COUNTIF(E39:E41,"A")>0,"P"," ")) | F42: =IF(COUNTIF(F39:F41,"A")>=1,"C",IF(COUNTIF(F39:F41,"A")>0,"P"," ")) | G42: =IF(COUNTIF(G39:G41,"A")>=1,"C",IF(COUNTIF(G39:G41,"A")>0,"P"," ")) | H42: =IF(COUNTIF(H39:H41,"A")>=1,"C",IF(COUNTIF(H39:H41,"A")>0,"P"," ")) | I42: =IF(COUNTIF(I39:I41,"A")>=1,"C",IF(COUNTIF(I39:I41,"A")>0,"P"," ")) | J42: =IF(COUNTIF(J39:J41,"A")>=1,"C",IF(COUNTIF(J39:J41,"A")>0,"P"," ")) | K42: =IF(COUNTIF(K39:K41,"A")>=1,"C",IF(COUNTIF(K39:K41,"A")>0,"P"," ")) | ... R42: =IF(COUNTIF(R39:R41,"A")>=1,"C",IF(COUNTIF(R39:R41,"A")>0,"P"," "))
C43: Add a morale-boosting time-out
C44: Ask your players to coach you!
C45: Bring in another coah to watch
B46: 5 | C46: Attend the big event | D46: =IF(COUNTIF(D43:D45,"A")>=1,"C",IF(COUNTIF(D43:D45,"A")>0,"P"," ")) | E46: =IF(COUNTIF(E43:E45,"A")>=1,"C",IF(COUNTIF(E43:E45,"A")>0,"P"," ")) | F46: =IF(COUNTIF(F43:F45,"A")>=1,"C",IF(COUNTIF(F43:F45,"A")>0,"P"," ")) | G46: =IF(COUNTIF(G43:G45,"A")>=1,"C",IF(COUNTIF(G43:G45,"A")>0,"P"," ")) | H46: =IF(COUNTIF(H43:H45,"A")>=1,"C",IF(COUNTIF(H43:H45,"A")>0,"P"," ")) | I46: =IF(COUNTIF(I43:I45,"A")>=1,"C",IF(COUNTIF(I43:I45,"A")>0,"P"," ")) | J46: =IF(COUNTIF(J43:J45,"A")>=1,"C",IF(COUNTIF(J43:J45,"A")>0,"P"," ")) | K46: =IF(COUNTIF(K43:K45,"A")>=1,"C",IF(COUNTIF(K43:K45,"A")>0,"P"," ")) | ... R46: =IF(COUNTIF(R43:R45,"A")>=1,"C",IF(COUNTIF(R43:R45,"A")>0,"P"," "))
C47: Meet with your players for a relaxing
C48: Host a celebration
C49: Make a "trading card" for each athlete
D50: =IF(COUNTIF(D47:D49,"A")>=1,"C",IF(COUNTIF(D47:D49,"A")>0,"P"," ")) | E50: =IF(COUNTIF(E47:E49,"A")>=1,"C",IF(COUNTIF(E47:E49,"A")>0,"P"," ")) | F50: =IF(COUNTIF(F47:F49,"A")>=1,"C",IF(COUNTIF(F47:F49,"A")>0,"P"," ")) | G50: =IF(COUNTIF(G47:G49,"A")>=1,"C",IF(COUNTIF(G47:G49,"A")>0,"P"," ")) | H50: =IF(COUNTIF(H47:H49,"A")>=1,"C",IF(COUNTIF(H47:H49,"A")>0,"P"," ")) | I50: =IF(COUNTIF(I47:I49,"A")>=1,"C",IF(COUNTIF(I47:I49,"A")>0,"P"," ")) | J50: =IF(COUNTIF(J47:J49,"A")>=1,"C",IF(COUNTIF(J47:J49,"A")>0,"P"," ")) | K50: =IF(COUNTIF(K47:K49,"A")>=1,"C",IF(COUNTIF(K47:K49,"A")>0,"P"," ")) | ... R50: =IF(COUNTIF(R47:R49,"A")>=1,"C",IF(COUNTIF(R47:R49,"A")>0,"P"," "))
C51: Status: (P)artial or (C)omplete | D51: =IF(COUNTIF(D34:D50,"C")>4,"C",IF(COUNTIF(D34:D50,"C")>0,"P"," ")) | E51: =IF(COUNTIF(E34:E50,"C")>4,"C",IF(COUNTIF(E34:E50,"C")>0,"P"," ")) | F51: =IF(COUNTIF(F34:F50,"C")>4,"C",IF(COUNTIF(F34:F50,"C")>0,"P"," ")) | G51: =IF(COUNTIF(G34:G50,"C")>4,"C",IF(COUNTIF(G34:G50,"C")>0,"P"," ")) | H51: =IF(COUNTIF(H34:H50,"C")>4,"C",IF(COUNTIF(H34:H50,"C")>0,"P"," ")) | I51: =IF(COUNTIF(I34:I50,"C")>4,"C",IF(COUNTIF(I34:I50,"C")>0,"P"," ")) | J51: =IF(COUNTIF(J34:J50,"C")>4,"C",IF(COUNTIF(J34:J50,"C")>0,"P"," ")) | K51: =IF(COUNTIF(K34:K50,"C")>4,"C",IF(COUNTIF(K34:K50,"C")>0,"P"," ")) | ... R51: =IF(COUNTIF(R34:R50,"C")>4,"C",IF(COUNTIF(R34:R50,"C")>0,"P"," "))
B52: Public Policy
B53: 1 | C53: Find out how activitists advocate for change
C54: Interview an activist
C55: Watch a documentary or movie
C56: Read about women who change the
B57: 2 | C57: Engage as a global citizen | D57: =IF(COUNTIF(D54:D56,"A")>=1,"C",IF(COUNTIF(D54:D56,"A")>0,"P"," ")) | E57: =IF(COUNTIF(E54:E56,"A")>=1,"C",IF(COUNTIF(E54:E56,"A")>0,"P"," ")) | F57: =IF(COUNTIF(F54:F56,"A")>=1,"C",IF(COUNTIF(F54:F56,"A")>0,"P"," ")) | G57: =IF(COUNTIF(G54:G56,"A")>=1,"C",IF(COUNTIF(G54:G56,"A")>0,"P"," ")) | H57: =IF(COUNTIF(H54:H56,"A")>=1,"C",IF(COUNTIF(H54:H56,"A")>0,"P"," ")) | I57: =IF(COUNTIF(I54:I56,"A")>=1,"C",IF(COUNTIF(I54:I56,"A")>0,"P"," ")) | J57: =IF(COUNTIF(J54:J56,"A")>=1,"C",IF(COUNTIF(J54:J56,"A")>0,"P"," ")) | K57: =IF(COUNTIF(K54:K56,"A")>=1,"C",IF(COUNTIF(K54:K56,"A")>0,"P"," ")) | ... R57: =IF(COUNTIF(R54:R56,"A")>=1,"C",IF(COUNTIF(R54:R56,"A")>0,"P"," "))
C58: Compare laws
C59: Track a public-policy issue being
C60: Explore an international NGO
B61: 3 | C61: Dig into national or state public policy | D61: =IF(COUNTIF(D58:D60,"A")>=1,"C",IF(COUNTIF(D58:D60,"A")>0,"P"," ")) | E61: =IF(COUNTIF(E58:E60,"A")>=1,"C",IF(COUNTIF(E58:E60,"A")>0,"P"," ")) | F61: =IF(COUNTIF(F58:F60,"A")>=1,"C",IF(COUNTIF(F58:F60,"A")>0,"P"," ")) | G61: =IF(COUNTIF(G58:G60,"A")>=1,"C",IF(COUNTIF(G58:G60,"A")>0,"P"," ")) | H61: =IF(COUNTIF(H58:H60,"A")>=1,"C",IF(COUNTIF(H58:H60,"A")>0,"P"," ")) | I61: =IF(COUNTIF(I58:I60,"A")>=1,"C",IF(COUNTIF(I58:I60,"A")>0,"P"," ")) | J61: =IF(COUNTIF(J58:J60,"A")>=1,"C",IF(COUNTIF(J58:J60,"A")>0,"P"," ")) | K61: =IF(COUNTIF(K58:K60,"A")>=1,"C",IF(COUNTIF(K58:K60,"A")>0,"P"," ")) | ... R61: =IF(COUNTIF(R58:R60,"A")>=1,"C",IF(COUNTIF(R58:R60,"A")>0,"P"," "))
C62: Track your issue
C63: Talk to an interest gorup that promotes
C64: Compare three different states' positions
B65: 4 | C65: Explore local or community policy | D65: =IF(COUNTIF(D62:D64,"A")>=1,"C",IF(COUNTIF(D62:D64,"A")>0,"P"," ")) | E65: =IF(COUNTIF(E62:E64,"A")>=1,"C",IF(COUNTIF(E62:E64,"A")>0,"P"," ")) | F65: =IF(COUNTIF(F62:F64,"A")>=1,"C",IF(COUNTIF(F62:F64,"A")>0,"P"," ")) | G65: =IF(COUNTIF(G62:G64,"A")>=1,"C",IF(COUNTIF(G62:G64,"A")>0,"P"," ")) | H65: =IF(COUNTIF(H62:H64,"A")>=1,"C",IF(COUNTIF(H62:H64,"A")>0,"P"," ")) | I65: =IF(COUNTIF(I62:I64,"A")>=1,"C",IF(COUNTIF(I62:I64,"A")>0,"P"," ")) | J65: =IF(COUNTIF(J62:J64,"A")>=1,"C",IF(COUNTIF(J62:J64,"A")>0,"P"," ")) | K65: =IF(COUNTIF(K62:K64,"A")>=1,"C",IF(COUNTIF(K62:K64,"A")>0,"P"," ")) | ... R65: =IF(COUNTIF(R62:R64,"A")>=1,"C",IF(COUNTIF(R62:R64,"A")>0,"P"," "))
C66: Attend a meeting
C67: Compare different local positions
C68: Visit your local legislator's office
B69: 5 | C69: See public policy creation in action | D69: =IF(COUNTIF(D66:D68,"A")>=1,"C",IF(COUNTIF(D66:D68,"A")>0,"P"," ")) | E69: =IF(COUNTIF(E66:E68,"A")>=1,"C",IF(COUNTIF(E66:E68,"A")>0,"P"," ")) | F69: =IF(COUNTIF(F66:F68,"A")>=1,"C",IF(COUNTIF(F66:F68,"A")>0,"P"," ")) | G69: =IF(COUNTIF(G66:G68,"A")>=1,"C",IF(COUNTIF(G66:G68,"A")>0,"P"," ")) | H69: =IF(COUNTIF(H66:H68,"A")>=1,"C",IF(COUNTIF(H66:H68,"A")>0,"P"," ")) | I69: =IF(COUNTIF(I66:I68,"A")>=1,"C",IF(COUNTIF(I66:I68,"A")>0,"P"," ")) | J69: =IF(COUNTIF(J66:J68,"A")>=1,"C",IF(COUNTIF(J66:J68,"A")>0,"P"," ")) | K69: =IF(COUNTIF(K66:K68,"A")>=1,"C",IF(COUNTIF(K66:K68,"A")>0,"P"," ")) | ... R69: =IF(COUNTIF(R66:R68,"A")>=1,"C",IF(COUNTIF(R66:R68,"A")>0,"P"," "))
C70: Shadow a policy-maker
C71: Volunteer at an office
C72: Interview a policy-maker
D73: =IF(COUNTIF(D70:D72,"A")>=1,"C",IF(COUNTIF(D70:D72,"A")>0,"P"," ")) | E73: =IF(COUNTIF(E70:E72,"A")>=1,"C",IF(COUNTIF(E70:E72,"A")>0,"P"," ")) | F73: =IF(COUNTIF(F70:F72,"A")>=1,"C",IF(COUNTIF(F70:F72,"A")>0,"P"," ")) | G73: =IF(COUNTIF(G70:G72,"A")>=1,"C",IF(COUNTIF(G70:G72,"A")>0,"P"," ")) | H73: =IF(COUNTIF(H70:H72,"A")>=1,"C",IF(COUNTIF(H70:H72,"A")>0,"P"," ")) | I73: =IF(COUNTIF(I70:I72,"A")>=1,"C",IF(COUNTIF(I70:I72,"A")>0,"P"," ")) | J73: =IF(COUNTIF(J70:J72,"A")>=1,"C",IF(COUNTIF(J70:J72,"A")>0,"P"," ")) | K73: =IF(COUNTIF(K70:K72,"A")>=1,"C",IF(COUNTIF(K70:K72,"A")>0,"P"," ")) | ... R73: =IF(COUNTIF(R70:R72,"A")>=1,"C",IF(COUNTIF(R70:R72,"A")>0,"P"," "))
C74: Status: (P)artial or (C)omplete | D74: =IF(COUNTIF(D57:D73,"C")>4,"C",IF(COUNTIF(D57:D73,"C")>0,"P"," ")) | E74: =IF(COUNTIF(E57:E73,"C")>4,"C",IF(COUNTIF(E57:E73,"C")>0,"P"," ")) | F74: =IF(COUNTIF(F57:F73,"C")>4,"C",IF(COUNTIF(F57:F73,"C")>0,"P"," ")) | G74: =IF(COUNTIF(G57:G73,"C")>4,"C",IF(COUNTIF(G57:G73,"C")>0,"P"," ")) | H74: =IF(COUNTIF(H57:H73,"C")>4,"C",IF(COUNTIF(H57:H73,"C")>0,"P"," ")) | I74: =IF(COUNTIF(I57:I73,"C")>4,"C",IF(COUNTIF(I57:I73,"C")>0,"P"," ")) | J74: =IF(COUNTIF(J57:J73,"C")>4,"C",IF(COUNTIF(J57:J73,"C")>0,"P"," ")) | K74: =IF(COUNTIF(K57:K73,"C")>4,"C",IF(COUNTIF(K57:K73,"C")>0,"P"," ")) | ... R74: =IF(COUNTIF(R57:R73,"C")>4,"C",IF(COUNTIF(R57:R73,"C")>0,"P"," "))
B75: Dinner Party
B76: 1 | C76: Create your menu
C77: Interview a caterer, event planner, chef
C78: Collect recipes from cooking shows
C79: Build a men around your favorite
B80: 2 | C80: Make a budget and shopping list | D80: =IF(COUNTIF(D77:D79,"A")>=1,"C",IF(COUNTIF(D77:D79,"A")>0,"P"," ")) | E80: =IF(COUNTIF(E77:E79,"A")>=1,"C",IF(COUNTIF(E77:E79,"A")>0,"P"," ")) | F80: =IF(COUNTIF(F77:F79,"A")>=1,"C",IF(COUNTIF(F77:F79,"A")>0,"P"," ")) | G80: =IF(COUNTIF(G77:G79,"A")>=1,"C",IF(COUNTIF(G77:G79,"A")>0,"P"," ")) | H80: =IF(COUNTIF(H77:H79,"A")>=1,"C",IF(COUNTIF(H77:H79,"A")>0,"P"," ")) | I80: =IF(COUNTIF(I77:I79,"A")>=1,"C",IF(COUNTIF(I77:I79,"A")>0,"P"," ")) | J80: =IF(COUNTIF(J77:J79,"A")>=1,"C",IF(COUNTIF(J77:J79,"A")>0,"P"," ")) | K80: =IF(COUNTIF(K77:K79,"A")>=1,"C",IF(COUNTIF(K77:K79,"A")>0,"P"," ")) | ... R80: =IF(COUNTIF(R77:R79,"A")>=1,"C",IF(COUNTIF(R77:R79,"A")>0,"P"," "))
C81: Camparison shop
C82: Consult with a professional chef
C83: Learn about alternative ways to shop
B84: 3 | C84: Practice timing your courses | D84: =IF(COUNTIF(D81:D83,"A")>=1,"C",IF(COUNTIF(D81:D83,"A")>0,"P"," ")) | E84: =IF(COUNTIF(E81:E83,"A")>=1,"C",IF(COUNTIF(E81:E83,"A")>0,"P"," ")) | F84: =IF(COUNTIF(F81:F83,"A")>=1,"C",IF(COUNTIF(F81:F83,"A")>0,"P"," ")) | G84: =IF(COUNTIF(G81:G83,"A")>=1,"C",IF(COUNTIF(G81:G83,"A")>0,"P"," ")) | H84: =IF(COUNTIF(H81:H83,"A")>=1,"C",IF(COUNTIF(H81:H83,"A")>0,"P"," ")) | I84: =IF(COUNTIF(I81:I83,"A")>=1,"C",IF(COUNTIF(I81:I83,"A")>0,"P"," ")) | J84: =IF(COUNTIF(J81:J83,"A")>=1,"C",IF(COUNTIF(J81:J83,"A")>0,"P"," ")) | K84: =IF(COUNTIF(K81:K83,"A")>=1,"C",IF(COUNTIF(K81:K83,"A")>0,"P"," ")) | ... R84: =IF(COUNTIF(R81:R83,"A")>=1,"C",IF(COUNTIF(R81:R83,"A")>0,"P"," "))
C85: Get tips fromo food professionals
C86: Make a menu timeline
C87: Prepare a test meal for family or friends
B88: 4 | C88: Explore imaginative ways to present food | D88: =IF(COUNTIF(D85:D87,"A")>=1,"C",IF(COUNTIF(D85:D87,"A")>0,"P"," ")) | E88: =IF(COUNTIF(E85:E87,"A")>=1,"C",IF(COUNTIF(E85:E87,"A")>0,"P"," ")) | F88: =IF(COUNTIF(F85:F87,"A")>=1,"C",IF(COUNTIF(F85:F87,"A")>0,"P"," ")) | G88: =IF(COUNTIF(G85:G87,"A")>=1,"C",IF(COUNTIF(G85:G87,"A")>0,"P"," ")) | H88: =IF(COUNTIF(H85:H87,"A")>=1,"C",IF(COUNTIF(H85:H87,"A")>0,"P"," ")) | I88: =IF(COUNTIF(I85:I87,"A")>=1,"C",IF(COUNTIF(I85:I87,"A")>0,"P"," ")) | J88: =IF(COUNTIF(J85:J87,"A")>=1,"C",IF(COUNTIF(J85:J87,"A")>0,"P"," ")) | K88: =IF(COUNTIF(K85:K87,"A")>=1,"C",IF(COUNTIF(K85:K87,"A")>0,"P"," ")) | ... R88: =IF(COUNTIF(R85:R87,"A")>=1,"C",IF(COUNTIF(R85:R87,"A")>0,"P"," "))
C89: Expreiment with garnishes
C90: Present food in interesting shapes
C91: Use serving ware in unusual ways
B92: 5 | C92: Host your party | D92: =IF(COUNTIF(D89:D91,"A")>=1,"C",IF(COUNTIF(D89:D91,"A")>0,"P"," ")) | E92: =IF(COUNTIF(E89:E91,"A")>=1,"C",IF(COUNTIF(E89:E91,"A")>0,"P"," ")) | F92: =IF(COUNTIF(F89:F91,"A")>=1,"C",IF(COUNTIF(F89:F91,"A")>0,"P"," ")) | G92: =IF(COUNTIF(G89:G91,"A")>=1,"C",IF(COUNTIF(G89:G91,"A")>0,"P"," ")) | H92: =IF(COUNTIF(H89:H91,"A")>=1,"C",IF(COUNTIF(H89:H91,"A")>0,"P"," ")) | I92: =IF(COUNTIF(I89:I91,"A")>=1,"C",IF(COUNTIF(I89:I91,"A")>0,"P"," ")) | J92: =IF(COUNTIF(J89:J91,"A")>=1,"C",IF(COUNTIF(J89:J91,"A")>0,"P"," ")) | K92: =IF(COUNTIF(K89:K91,"A")>=1,"C",IF(COUNTIF(K89:K91,"A")>0,"P"," ")) | ... R92: =IF(COUNTIF(R89:R91,"A")>=1,"C",IF(COUNTIF(R89:R91,"A")>0,"P"," "))
C93: Decorate according to your menu theme
C94: Celebrate a special occasion
C95: Use food and fun to forge new friendships
D96: =IF(COUNTIF(D93:D95,"A")>=1,"C",IF(COUNTIF(D93:D95,"A")>0,"P"," ")) | E96: =IF(COUNTIF(E93:E95,"A")>=1,"C",IF(COUNTIF(E93:E95,"A")>0,"P"," ")) | F96: =IF(COUNTIF(F93:F95,"A")>=1,"C",IF(COUNTIF(F93:F95,"A")>0,"P"," ")) | G96: =IF(COUNTIF(G93:G95,"A")>=1,"C",IF(COUNTIF(G93:G95,"A")>0,"P"," ")) | H96: =IF(COUNTIF(H93:H95,"A")>=1,"C",IF(COUNTIF(H93:H95,"A")>0,"P"," ")) | I96: =IF(COUNTIF(I93:I95,"A")>=1,"C",IF(COUNTIF(I93:I95,"A")>0,"P"," ")) | J96: =IF(COUNTIF(J93:J95,"A")>=1,"C",IF(COUNTIF(J93:J95,"A")>0,"P"," ")) | K96: =IF(COUNTIF(K93:K95,"A")>=1,"C",IF(COUNTIF(K93:K95,"A")>0,"P"," ")) | ... R96: =IF(COUNTIF(R93:R95,"A")>=1,"C",IF(COUNTIF(R93:R95,"A")>0,"P"," "))
C97: Status: (P)artial or (C)omplete | D97: =IF(COUNTIF(D80:D96,"C")>4,"C",IF(COUNTIF(D80:D96,"C")>0,"P"," ")) | E97: =IF(COUNTIF(E80:E96,"C")>4,"C",IF(COUNTIF(E80:E96,"C")>0,"P"," ")) | F97: =IF(COUNTIF(F80:F96,"C")>4,"C",IF(COUNTIF(F80:F96,"C")>0,"P"," ")) | G97: =IF(COUNTIF(G80:G96,"C")>4,"C",IF(COUNTIF(G80:G96,"C")>0,"P"," ")) | H97: =IF(COUNTIF(H80:H96,"C")>4,"C",IF(COUNTIF(H80:H96,"C")>0,"P"," ")) | I97: =IF(COUNTIF(I80:I96,"C")>4,"C",IF(COUNTIF(I80:I96,"C")>0,"P"," ")) | J97: =IF(COUNTIF(J80:J96,"C")>4,"C",IF(COUNTIF(J80:J96,"C")>0,"P"," ")) | K97: =IF(COUNTIF(K80:K96,"C")>4,"C",IF(COUNTIF(K80:K96,"C")>0,"P"," ")) | ... R97: =IF(COUNTIF(R80:R96,"C")>4,"C",IF(COUNTIF(R80:R96,"C")>0,"P"," "))
B98: Ambassador First Aid
B99: 1 | C99: Learn how to deal with medical emergencies in the winderness
C100: Backcountry
C101: Open water
...

Sheet Journey
A1: Ambassador Journey Awards Ambassador Journey Awards | C1: Service Unit | D1: =[1]Instructions!F3 -> 0 | E1: ='ambassador 1'!$A$1 -> ambassador 1 | F1: ='ambassador 2'!$A$1 -> ambassador 2 | G1: ='ambassador 3'!$A$1 -> ambassador 3 | H1: ='ambassador 4'!$A$1 -> ambassador 4 | I1: ='ambassador 5'!$A$1 -> ambassador 5 | J1: ='ambassador 6'!$A$1 -> ambassador 6 | K1: ='ambassador 7'!$A$1 -> ambassador 7 | L1: ='ambassador 8'!$A$1 -> ambassador 8 | M1: ='ambassador 9'!$A$1 -> ambassador 9 | N1: ='ambassador 10'!$A$1 -> ambassador 10 | O1: ='ambassador 11'!$A$1 -> ambassador 11 | P1: ='ambassador 12'!$A$1 -> ambassador 12 | Q1: ='ambassador 13'!$A$1 -> ambassador 13 | R1: ='ambassador 14'!$A$1 -> ambassador 14 | S1: ='ambassador 15'!$A$1 -> ambassador 15 | T1: Ambassador Journey Awards Ambassador Journey Awards
C2: Troop | D2: =[1]Instructions!F5 -> 0
B3: Enter A for credit
B5: It's Your World -- Change It!
B6: Your Voice, Your World: The Power of Advocacy
C7: The Girl Scout Advocate Award
C8: 1 | D8: Eight steps to advocacy
C9: 2 | D9: Explore
C10: 3 | D10: Engage
D11: Status: (P)artial or (C)omplete | E11: =IF(COUNTIF(E8:E10,"A")=3,"C",IF(COUNTIF(E8:E10,"A")>0,"P"," ")) | F11: =IF(COUNTIF(F8:F10,"A")=3,"C",IF(COUNTIF(F8:F10,"A")>0,"P"," ")) | G11: =IF(COUNTIF(G8:G10,"A")=3,"C",IF(COUNTIF(G8:G10,"A")>0,"P"," ")) | H11: =IF(COUNTIF(H8:H10,"A")=3,"C",IF(COUNTIF(H8:H10,"A")>0,"P"," ")) | I11: =IF(COUNTIF(I8:I10,"A")=3,"C",IF(COUNTIF(I8:I10,"A")>0,"P"," ")) | J11: =IF(COUNTIF(J8:J10,"A")=3,"C",IF(COUNTIF(J8:J10,"A")>0,"P"," ")) | K11: =IF(COUNTIF(K8:K10,"A")=3,"C",IF(COUNTIF(K8:K10,"A")>0,"P"," ")) | L11: =IF(COUNTIF(L8:L10,"A")=3,"C",IF(COUNTIF(L8:L10,"A")>0,"P"," ")) | ... S11: =IF(COUNTIF(S8:S10,"A")=3,"C",IF(COUNTIF(S8:S10,"A")>0,"P"," "))
B13: It's Your Planet -- Love It!
B14: JUSTICE
C15: Sage Award
C16: 1 | D16: LOOK HIGH, LOOK WIDE
C17: 2 | D17: DO the MATH
C18: 3 | D18: Be HAWK-EYED
C19: 4 | D19: Take the SCIENTIFIC View
C20: 5 | D20: DECIPHER Decisions
C21: 6 | D21: Write Your Equation & PRESENT It
D22: Status: (P)artial or (C)omplete | E22: =IF(COUNTIF(E16:E21,"A")=6,"C",IF(COUNTIF(E16:E21,"A")>0,"P"," ")) | F22: =IF(COUNTIF(F16:F21,"A")=6,"C",IF(COUNTIF(F16:F21,"A")>0,"P"," ")) | G22: =IF(COUNTIF(G16:G21,"A")=6,"C",IF(COUNTIF(G16:G21,"A")>0,"P"," ")) | H22: =IF(COUNTIF(H16:H21,"A")=6,"C",IF(COUNTIF(H16:H21,"A")>0,"P"," ")) | I22: =IF(COUNTIF(I16:I21,"A")=6,"C",IF(COUNTIF(I16:I21,"A")>0,"P"," ")) | J22: =IF(COUNTIF(J16:J21,"A")=6,"C",IF(COUNTIF(J16:J21,"A")>0,"P"," ")) | K22: =IF(COUNTIF(K16:K21,"A")=6,"C",IF(COUNTIF(K16:K21,"A")>0,"P"," ")) | L22: =IF(COUNTIF(L16:L21,"A")=6,"C",IF(COUNTIF(L16:L21,"A")>0,"P"," ")) | ... S22: =IF(COUNTIF(S16:S21,"A")=6,"C",IF(COUNTIF(S16:S21,"A")>0,"P"," "))
B24: It's Your Story -- Tell It!
B25: BLISS: Live it! Give It!
C26: Dream Maker Award
C27: 1 | D27: Meet Successful Dreamers
C28: 2 | D28: Seek and Select a Dreamer(s)
C29: 3 | D29: Define the Dream
C30: 4 | D30: Give It! Gift It!
D31: Status: (P)artial or (C)omplete | E31: =IF(COUNTIF(E27:E30,"A")=4,"C",IF(COUNTIF(E27:E30,"A")>0,"P"," ")) | F31: =IF(COUNTIF(F27:F30,"A")=4,"C",IF(COUNTIF(F27:F30,"A")>0,"P"," ")) | G31: =IF(COUNTIF(G27:G30,"A")=4,"C",IF(COUNTIF(G27:G30,"A")>0,"P"," ")) | H31: =IF(COUNTIF(H27:H30,"A")=4,"C",IF(COUNTIF(H27:H30,"A")>0,"P"," ")) | I31: =IF(COUNTIF(I27:I30,"A")=4,"C",IF(COUNTIF(I27:I30,"A")>0,"P"," ")) | J31: =IF(COUNTIF(J27:J30,"A")=4,"C",IF(COUNTIF(J27:J30,"A")>0,"P"," ")) | K31: =IF(COUNTIF(K27:K30,"A")=4,"C",IF(COUNTIF(K27:K30,"A")>0,"P"," ")) | L31: =IF(COUNTIF(L27:L30,"A")=4,"C",IF(COUNTIF(L27:L30,"A")>0,"P"," ")) | ... S31: =IF(COUNTIF(S27:S30,"A")=4,"C",IF(COUNTIF(S27:S30,"A")>0,"P"," "))

Sheet Council Own
B1: Service Unit: | C1: =Instructions!F3 -> 0 | D1: ='ambassador 1'!$A$1 -> ambassador 1 | E1: ='ambassador 2'!$A$1 -> ambassador 2 | F1: ='ambassador 3'!$A$1 -> ambassador 3 | G1: ='ambassador 4'!$A$1 -> ambassador 4 | H1: ='ambassador 5'!$A$1 -> ambassador 5 | I1: ='ambassador 6'!$A$1 -> ambassador 6 | J1: ='ambassador 7'!$A$1 -> ambassador 7 | K1: ='ambassador 8'!$A$1 -> ambassador 8 | L1: ='ambassador 9'!$A$1 -> ambassador 9 | M1: ='ambassador 10'!$A$1 -> ambassador 10 | N1: ='ambassador 11'!$A$1 -> ambassador 11 | O1: ='ambassador 12'!$A$1 -> ambassador 12 | P1: ='ambassador 13'!$A$1 -> ambassador 13 | Q1: ='ambassador 14'!$A$1 -> ambassador 14 | R1: ='ambassador 15'!$A$1 -> ambassador 15
B2: Troop: | C2: =Instructions!F5 -> 0
A4: Enter A for credit
A5: Council's Own
B6: <<List Badge Here>> | D6: Every step has three choices. Do ONE choice to complete each step.
B7: 1 | C7: <List Requirement Here> | S7: These I modeled after all the others. If you can attain a picture, you may paste it in the space to the left of the name. You will enter the name of the badge, and all the requirements under the name. I've left the comments open so that you may enter the specific requirements here. Everything will transfer through to all the other necessary sheets. The status portion is set the same at 1 step for each requirements to complete. You may change if you know how, otherwise, just enter the A's if they're done.
C8: <List Requirement Here>
C9: <List Requirement Here>
C10: <List Requirement Here>
B11: 2 | C11: <List Requirement Here> | D11: =IF(COUNTIF(D8:D10,"A")>=1,"C",IF(COUNTIF(D8:D10,"A")>0,"P"," ")) | E11: =IF(COUNTIF(E8:E10,"A")>=1,"C",IF(COUNTIF(E8:E10,"A")>0,"P"," ")) | F11: =IF(COUNTIF(F8:F10,"A")>=1,"C",IF(COUNTIF(F8:F10,"A")>0,"P"," ")) | G11: =IF(COUNTIF(G8:G10,"A")>=1,"C",IF(COUNTIF(G8:G10,"A")>0,"P"," ")) | H11: =IF(COUNTIF(H8:H10,"A")>=1,"C",IF(COUNTIF(H8:H10,"A")>0,"P"," ")) | I11: =IF(COUNTIF(I8:I10,"A")>=1,"C",IF(COUNTIF(I8:I10,"A")>0,"P"," ")) | J11: =IF(COUNTIF(J8:J10,"A")>=1,"C",IF(COUNTIF(J8:J10,"A")>0,"P"," ")) | K11: =IF(COUNTIF(K8:K10,"A")>=1,"C",IF(COUNTIF(K8:K10,"A")>0,"P"," ")) | ... R11: =IF(COUNTIF(R8:R10,"A")>=1,"C",IF(COUNTIF(R8:R10,"A")>0,"P"," "))
C12: <List Requirement Here>
C13: <List Requirement Here>
C14: <List Requirement Here>
B15: 3 | C15: <List Requirement Here> | D15: =IF(COUNTIF(D12:D14,"A")>=1,"C",IF(COUNTIF(D12:D14,"A")>0,"P"," ")) | E15: =IF(COUNTIF(E12:E14,"A")>=1,"C",IF(COUNTIF(E12:E14,"A")>0,"P"," ")) | F15: =IF(COUNTIF(F12:F14,"A")>=1,"C",IF(COUNTIF(F12:F14,"A")>0,"P"," ")) | G15: =IF(COUNTIF(G12:G14,"A")>=1,"C",IF(COUNTIF(G12:G14,"A")>0,"P"," ")) | H15: =IF(COUNTIF(H12:H14,"A")>=1,"C",IF(COUNTIF(H12:H14,"A")>0,"P"," ")) | I15: =IF(COUNTIF(I12:I14,"A")>=1,"C",IF(COUNTIF(I12:I14,"A")>0,"P"," ")) | J15: =IF(COUNTIF(J12:J14,"A")>=1,"C",IF(COUNTIF(J12:J14,"A")>0,"P"," ")) | K15: =IF(COUNTIF(K12:K14,"A")>=1,"C",IF(COUNTIF(K12:K14,"A")>0,"P"," ")) | ... R15: =IF(COUNTIF(R12:R14,"A")>=1,"C",IF(COUNTIF(R12:R14,"A")>0,"P"," "))
C16: <List Requirement Here>
C17: <List Requirement Here>
C18: <List Requirement Here>
B19: 4 | C19: <List Requirement Here> | D19: =IF(COUNTIF(D16:D18,"A")>=1,"C",IF(COUNTIF(D16:D18,"A")>0,"P"," ")) | E19: =IF(COUNTIF(E16:E18,"A")>=1,"C",IF(COUNTIF(E16:E18,"A")>0,"P"," ")) | F19: =IF(COUNTIF(F16:F18,"A")>=1,"C",IF(COUNTIF(F16:F18,"A")>0,"P"," ")) | G19: =IF(COUNTIF(G16:G18,"A")>=1,"C",IF(COUNTIF(G16:G18,"A")>0,"P"," ")) | H19: =IF(COUNTIF(H16:H18,"A")>=1,"C",IF(COUNTIF(H16:H18,"A")>0,"P"," ")) | I19: =IF(COUNTIF(I16:I18,"A")>=1,"C",IF(COUNTIF(I16:I18,"A")>0,"P"," ")) | J19: =IF(COUNTIF(J16:J18,"A")>=1,"C",IF(COUNTIF(J16:J18,"A")>0,"P"," ")) | K19: =IF(COUNTIF(K16:K18,"A")>=1,"C",IF(COUNTIF(K16:K18,"A")>0,"P"," ")) | ... R19: =IF(COUNTIF(R16:R18,"A")>=1,"C",IF(COUNTIF(R16:R18,"A")>0,"P"," "))
C20: <List Requirement Here>
C21: <List Requirement Here>
C22: <List Requirement Here>
B23: 5 | C23: <List Requirement Here> | D23: =IF(COUNTIF(D20:D22,"A")>=1,"C",IF(COUNTIF(D20:D22,"A")>0,"P"," ")) | E23: =IF(COUNTIF(E20:E22,"A")>=1,"C",IF(COUNTIF(E20:E22,"A")>0,"P"," ")) | F23: =IF(COUNTIF(F20:F22,"A")>=1,"C",IF(COUNTIF(F20:F22,"A")>0,"P"," ")) | G23: =IF(COUNTIF(G20:G22,"A")>=1,"C",IF(COUNTIF(G20:G22,"A")>0,"P"," ")) | H23: =IF(COUNTIF(H20:H22,"A")>=1,"C",IF(COUNTIF(H20:H22,"A")>0,"P"," ")) | I23: =IF(COUNTIF(I20:I22,"A")>=1,"C",IF(COUNTIF(I20:I22,"A")>0,"P"," ")) | J23: =IF(COUNTIF(J20:J22,"A")>=1,"C",IF(COUNTIF(J20:J22,"A")>0,"P"," ")) | K23: =IF(COUNTIF(K20:K22,"A")>=1,"C",IF(COUNTIF(K20:K22,"A")>0,"P"," ")) | ... R23: =IF(COUNTIF(R20:R22,"A")>=1,"C",IF(COUNTIF(R20:R22,"A")>0,"P"," "))
C24: <List Requirement Here>
C25: <List Requirement Here>
C26: <List Requirement Here>
D27: =IF(COUNTIF(D24:D26,"A")>=1,"C",IF(COUNTIF(D24:D26,"A")>0,"P"," ")) | E27: =IF(COUNTIF(E24:E26,"A")>=1,"C",IF(COUNTIF(E24:E26,"A")>0,"P"," ")) | F27: =IF(COUNTIF(F24:F26,"A")>=1,"C",IF(COUNTIF(F24:F26,"A")>0,"P"," ")) | G27: =IF(COUNTIF(G24:G26,"A")>=1,"C",IF(COUNTIF(G24:G26,"A")>0,"P"," ")) | H27: =IF(COUNTIF(H24:H26,"A")>=1,"C",IF(COUNTIF(H24:H26,"A")>0,"P"," ")) | I27: =IF(COUNTIF(I24:I26,"A")>=1,"C",IF(COUNTIF(I24:I26,"A")>0,"P"," ")) | J27: =IF(COUNTIF(J24:J26,"A")>=1,"C",IF(COUNTIF(J24:J26,"A")>0,"P"," ")) | K27: =IF(COUNTIF(K24:K26,"A")>=1,"C",IF(COUNTIF(K24:K26,"A")>0,"P"," ")) | ... R27: =IF(COUNTIF(R24:R26,"A")>=1,"C",IF(COUNTIF(R24:R26,"A")>0,"P"," "))
C28: Status: (P)artial or (C)omplete | D28: =IF(COUNTIF(D11:D27,"C")>4,"C",IF(COUNTIF(D11:D27,"C")>0,"P"," ")) | E28: =IF(COUNTIF(E11:E27,"C")>4,"C",IF(COUNTIF(E11:E27,"C")>0,"P"," ")) | F28: =IF(COUNTIF(F11:F27,"C")>4,"C",IF(COUNTIF(F11:F27,"C")>0,"P"," ")) | G28: =IF(COUNTIF(G11:G27,"C")>4,"C",IF(COUNTIF(G11:G27,"C")>0,"P"," ")) | H28: =IF(COUNTIF(H11:H27,"C")>4,"C",IF(COUNTIF(H11:H27,"C")>0,"P"," ")) | I28: =IF(COUNTIF(I11:I27,"C")>4,"C",IF(COUNTIF(I11:I27,"C")>0,"P"," ")) | J28: =IF(COUNTIF(J11:J27,"C")>4,"C",IF(COUNTIF(J11:J27,"C")>0,"P"," ")) | K28: =IF(COUNTIF(K11:K27,"C")>4,"C",IF(COUNTIF(K11:K27,"C")>0,"P"," ")) | ... R28: =IF(COUNTIF(R11:R27,"C")>4,"C",IF(COUNTIF(R11:R27,"C")>0,"P"," "))
B30: <<List Badge Here>>
B31: 1 | C31: <List Requirement Here>
C32: <List Requirement Here>
C33: <List Requirement Here>
C34: <List Requirement Here>
B35: 2 | C35: <List Requirement Here> | D35: =IF(COUNTIF(D32:D34,"A")>=1,"C",IF(COUNTIF(D32:D34,"A")>0,"P"," ")) | E35: =IF(COUNTIF(E32:E34,"A")>=1,"C",IF(COUNTIF(E32:E34,"A")>0,"P"," ")) | F35: =IF(COUNTIF(F32:F34,"A")>=1,"C",IF(COUNTIF(F32:F34,"A")>0,"P"," ")) | G35: =IF(COUNTIF(G32:G34,"A")>=1,"C",IF(COUNTIF(G32:G34,"A")>0,"P"," ")) | H35: =IF(COUNTIF(H32:H34,"A")>=1,"C",IF(COUNTIF(H32:H34,"A")>0,"P"," ")) | I35: =IF(COUNTIF(I32:I34,"A")>=1,"C",IF(COUNTIF(I32:I34,"A")>0,"P"," ")) | J35: =IF(COUNTIF(J32:J34,"A")>=1,"C",IF(COUNTIF(J32:J34,"A")>0,"P"," ")) | K35: =IF(COUNTIF(K32:K34,"A")>=1,"C",IF(COUNTIF(K32:K34,"A")>0,"P"," ")) | ... R35: =IF(COUNTIF(R32:R34,"A")>=1,"C",IF(COUNTIF(R32:R34,"A")>0,"P"," "))
C36: <List Requirement Here>
C37: <List Requirement Here>
C38: <List Requirement Here>
B39: 3 | C39: <List Requirement Here> | D39: =IF(COUNTIF(D36:D38,"A")>=1,"C",IF(COUNTIF(D36:D38,"A")>0,"P"," ")) | E39: =IF(COUNTIF(E36:E38,"A")>=1,"C",IF(COUNTIF(E36:E38,"A")>0,"P"," ")) | F39: =IF(COUNTIF(F36:F38,"A")>=1,"C",IF(COUNTIF(F36:F38,"A")>0,"P"," ")) | G39: =IF(COUNTIF(G36:G38,"A")>=1,"C",IF(COUNTIF(G36:G38,"A")>0,"P"," ")) | H39: =IF(COUNTIF(H36:H38,"A")>=1,"C",IF(COUNTIF(H36:H38,"A")>0,"P"," ")) | I39: =IF(COUNTIF(I36:I38,"A")>=1,"C",IF(COUNTIF(I36:I38,"A")>0,"P"," ")) | J39: =IF(COUNTIF(J36:J38,"A")>=1,"C",IF(COUNTIF(J36:J38,"A")>0,"P"," ")) | K39: =IF(COUNTIF(K36:K38,"A")>=1,"C",IF(COUNTIF(K36:K38,"A")>0,"P"," ")) | ... R39: =IF(COUNTIF(R36:R38,"A")>=1,"C",IF(COUNTIF(R36:R38,"A")>0,"P"," "))
C40: <List Requirement Here>
C41: <List Requirement Here>
C42: <List Requirement Here>
B43: 4 | C43: <List Requirement Here> | D43: =IF(COUNTIF(D40:D42,"A")>=1,"C",IF(COUNTIF(D40:D42,"A")>0,"P"," ")) | E43: =IF(COUNTIF(E40:E42,"A")>=1,"C",IF(COUNTIF(E40:E42,"A")>0,"P"," ")) | F43: =IF(COUNTIF(F40:F42,"A")>=1,"C",IF(COUNTIF(F40:F42,"A")>0,"P"," ")) | G43: =IF(COUNTIF(G40:G42,"A")>=1,"C",IF(COUNTIF(G40:G42,"A")>0,"P"," ")) | H43: =IF(COUNTIF(H40:H42,"A")>=1,"C",IF(COUNTIF(H40:H42,"A")>0,"P"," ")) | I43: =IF(COUNTIF(I40:I42,"A")>=1,"C",IF(COUNTIF(I40:I42,"A")>0,"P"," ")) | J43: =IF(COUNTIF(J40:J42,"A")>=1,"C",IF(COUNTIF(J40:J42,"A")>0,"P"," ")) | K43: =IF(COUNTIF(K40:K42,"A")>=1,"C",IF(COUNTIF(K40:K42,"A")>0,"P"," ")) | ... R43: =IF(COUNTIF(R40:R42,"A")>=1,"C",IF(COUNTIF(R40:R42,"A")>0,"P"," "))
C44: <List Requirement Here>
C45: <List Requirement Here>
C46: <List Requirement Here>
B47: 5 | C47: <List Requirement Here> | D47: =IF(COUNTIF(D44:D46,"A")>=1,"C",IF(COUNTIF(D44:D46,"A")>0,"P"," ")) | E47: =IF(COUNTIF(E44:E46,"A")>=1,"C",IF(COUNTIF(E44:E46,"A")>0,"P"," ")) | F47: =IF(COUNTIF(F44:F46,"A")>=1,"C",IF(COUNTIF(F44:F46,"A")>0,"P"," ")) | G47: =IF(COUNTIF(G44:G46,"A")>=1,"C",IF(COUNTIF(G44:G46,"A")>0,"P"," ")) | H47: =IF(COUNTIF(H44:H46,"A")>=1,"C",IF(COUNTIF(H44:H46,"A")>0,"P"," ")) | I47: =IF(COUNTIF(I44:I46,"A")>=1,"C",IF(COUNTIF(I44:I46,"A")>0,"P"," ")) | J47: =IF(COUNTIF(J44:J46,"A")>=1,"C",IF(COUNTIF(J44:J46,"A")>0,"P"," ")) | K47: =IF(COUNTIF(K44:K46,"A")>=1,"C",IF(COUNTIF(K44:K46,"A")>0,"P"," ")) | ... R47: =IF(COUNTIF(R44:R46,"A")>=1,"C",IF(COUNTIF(R44:R46,"A")>0,"P"," "))
C48: <List Requirement Here>
C49: <List Requirement Here>
C50: <List Requirement Here>
D51: =IF(COUNTIF(D48:D50,"A")>=1,"C",IF(COUNTIF(D48:D50,"A")>0,"P"," ")) | E51: =IF(COUNTIF(E48:E50,"A")>=1,"C",IF(COUNTIF(E48:E50,"A")>0,"P"," ")) | F51: =IF(COUNTIF(F48:F50,"A")>=1,"C",IF(COUNTIF(F48:F50,"A")>0,"P"," ")) | G51: =IF(COUNTIF(G48:G50,"A")>=1,"C",IF(COUNTIF(G48:G50,"A")>0,"P"," ")) | H51: =IF(COUNTIF(H48:H50,"A")>=1,"C",IF(COUNTIF(H48:H50,"A")>0,"P"," ")) | I51: =IF(COUNTIF(I48:I50,"A")>=1,"C",IF(COUNTIF(I48:I50,"A")>0,"P"," ")) | J51: =IF(COUNTIF(J48:J50,"A")>=1,"C",IF(COUNTIF(J48:J50,"A")>0,"P"," ")) | K51: =IF(COUNTIF(K48:K50,"A")>=1,"C",IF(COUNTIF(K48:K50,"A")>0,"P"," ")) | ... R51: =IF(COUNTIF(R48:R50,"A")>=1,"C",IF(COUNTIF(R48:R50,"A")>0,"P"," "))
C52: Status: (P)artial or (C)omplete | D52: =IF(COUNTIF(D35:D51,"C")>4,"C",IF(COUNTIF(D35:D51,"C")>0,"P"," ")) | E52: =IF(COUNTIF(E35:E51,"C")>4,"C",IF(COUNTIF(E35:E51,"C")>0,"P"," ")) | F52: =IF(COUNTIF(F35:F51,"C")>4,"C",IF(COUNTIF(F35:F51,"C")>0,"P"," ")) | G52: =IF(COUNTIF(G35:G51,"C")>4,"C",IF(COUNTIF(G35:G51,"C")>0,"P"," ")) | H52: =IF(COUNTIF(H35:H51,"C")>4,"C",IF(COUNTIF(H35:H51,"C")>0,"P"," ")) | I52: =IF(COUNTIF(I35:I51,"C")>4,"C",IF(COUNTIF(I35:I51,"C")>0,"P"," ")) | J52: =IF(COUNTIF(J35:J51,"C")>4,"C",IF(COUNTIF(J35:J51,"C")>0,"P"," ")) | K52: =IF(COUNTIF(K35:K51,"C")>4,"C",IF(COUNTIF(K35:K51,"C")>0,"P"," ")) | ... R52: =IF(COUNTIF(R35:R51,"C")>4,"C",IF(COUNTIF(R35:R51,"C")>0,"P"," "))
B54: <<List Badge Here>>
B55: 1 | C55: <List Requirement Here>
C56: <List Requirement Here>
C57: <List Requirement Here>
C58: <List Requirement Here>
B59: 2 | C59: <List Requirement Here> | D59: =IF(COUNTIF(D56:D58,"A")>=1,"C",IF(COUNTIF(D56:D58,"A")>0,"P"," ")) | E59: =IF(COUNTIF(E56:E58,"A")>=1,"C",IF(COUNTIF(E56:E58,"A")>0,"P"," ")) | F59: =IF(COUNTIF(F56:F58,"A")>=1,"C",IF(COUNTIF(F56:F58,"A")>0,"P"," ")) | G59: =IF(COUNTIF(G56:G58,"A")>=1,"C",IF(COUNTIF(G56:G58,"A")>0,"P"," ")) | H59: =IF(COUNTIF(H56:H58,"A")>=1,"C",IF(COUNTIF(H56:H58,"A")>0,"P"," ")) | I59: =IF(COUNTIF(I56:I58,"A")>=1,"C",IF(COUNTIF(I56:I58,"A")>0,"P"," ")) | J59: =IF(COUNTIF(J56:J58,"A")>=1,"C",IF(COUNTIF(J56:J58,"A")>0,"P"," ")) | K59: =IF(COUNTIF(K56:K58,"A")>=1,"C",IF(COUNTIF(K56:K58,"A")>0,"P"," ")) | ... R59: =IF(COUNTIF(R56:R58,"A")>=1,"C",IF(COUNTIF(R56:R58,"A")>0,"P"," "))
C60: <List Requirement Here>
C61: <List Requirement Here>
C62: <List Requirement Here>
B63: 3 | C63: <List Requirement Here> | D63: =IF(COUNTIF(D60:D62,"A")>=1,"C",IF(COUNTIF(D60:D62,"A")>0,"P"," ")) | E63: =IF(COUNTIF(E60:E62,"A")>=1,"C",IF(COUNTIF(E60:E62,"A")>0,"P"," ")) | F63: =IF(COUNTIF(F60:F62,"A")>=1,"C",IF(COUNTIF(F60:F62,"A")>0,"P"," ")) | G63: =IF(COUNTIF(G60:G62,"A")>=1,"C",IF(COUNTIF(G60:G62,"A")>0,"P"," ")) | H63: =IF(COUNTIF(H60:H62,"A")>=1,"C",IF(COUNTIF(H60:H62,"A")>0,"P"," ")) | I63: =IF(COUNTIF(I60:I62,"A")>=1,"C",IF(COUNTIF(I60:I62,"A")>0,"P"," ")) | J63: =IF(COUNTIF(J60:J62,"A")>=1,"C",IF(COUNTIF(J60:J62,"A")>0,"P"," ")) | K63: =IF(COUNTIF(K60:K62,"A")>=1,"C",IF(COUNTIF(K60:K62,"A")>0,"P"," ")) | ... R63: =IF(COUNTIF(R60:R62,"A")>=1,"C",IF(COUNTIF(R60:R62,"A")>0,"P"," "))
C64: <List Requirement Here>
C65: <List Requirement Here>
C66: <List Requirement Here>
B67: 4 | C67: <List Requirement Here> | D67: =IF(COUNTIF(D64:D66,"A")>=1,"C",IF(COUNTIF(D64:D66,"A")>0,"P"," ")) | E67: =IF(COUNTIF(E64:E66,"A")>=1,"C",IF(COUNTIF(E64:E66,"A")>0,"P"," ")) | F67: =IF(COUNTIF(F64:F66,"A")>=1,"C",IF(COUNTIF(F64:F66,"A")>0,"P"," ")) | G67: =IF(COUNTIF(G64:G66,"A")>=1,"C",IF(COUNTIF(G64:G66,"A")>0,"P"," ")) | H67: =IF(COUNTIF(H64:H66,"A")>=1,"C",IF(COUNTIF(H64:H66,"A")>0,"P"," ")) | I67: =IF(COUNTIF(I64:I66,"A")>=1,"C",IF(COUNTIF(I64:I66,"A")>0,"P"," ")) | J67: =IF(COUNTIF(J64:J66,"A")>=1,"C",IF(COUNTIF(J64:J66,"A")>0,"P"," ")) | K67: =IF(COUNTIF(K64:K66,"A")>=1,"C",IF(COUNTIF(K64:K66,"A")>0,"P"," ")) | ... R67: =IF(COUNTIF(R64:R66,"A")>=1,"C",IF(COUNTIF(R64:R66,"A")>0,"P"," "))
C68: <List Requirement Here>
C69: <List Requirement Here>
C70: <List Requirement Here>
B71: 5 | C71: <List Requirement Here> | D71: =IF(COUNTIF(D68:D70,"A")>=1,"C",IF(COUNTIF(D68:D70,"A")>0,"P"," ")) | E71: =IF(COUNTIF(E68:E70,"A")>=1,"C",IF(COUNTIF(E68:E70,"A")>0,"P"," ")) | F71: =IF(COUNTIF(F68:F70,"A")>=1,"C",IF(COUNTIF(F68:F70,"A")>0,"P"," ")) | G71: =IF(COUNTIF(G68:G70,"A")>=1,"C",IF(COUNTIF(G68:G70,"A")>0,"P"," ")) | H71: =IF(COUNTIF(H68:H70,"A")>=1,"C",IF(COUNTIF(H68:H70,"A")>0,"P"," ")) | I71: =IF(COUNTIF(I68:I70,"A")>=1,"C",IF(COUNTIF(I68:I70,"A")>0,"P"," ")) | J71: =IF(COUNTIF(J68:J70,"A")>=1,"C",IF(COUNTIF(J68:J70,"A")>0,"P"," ")) | K71: =IF(COUNTIF(K68:K70,"A")>=1,"C",IF(COUNTIF(K68:K70,"A")>0,"P"," ")) | ... R71: =IF(COUNTIF(R68:R70,"A")>=1,"C",IF(COUNTIF(R68:R70,"A")>0,"P"," "))
C72: <List Requirement Here>
C73: <List Requirement Here>
C74: <List Requirement Here>
D75: =IF(COUNTIF(D72:D74,"A")>=1,"C",IF(COUNTIF(D72:D74,"A")>0,"P"," ")) | E75: =IF(COUNTIF(E72:E74,"A")>=1,"C",IF(COUNTIF(E72:E74,"A")>0,"P"," ")) | F75: =IF(COUNTIF(F72:F74,"A")>=1,"C",IF(COUNTIF(F72:F74,"A")>0,"P"," ")) | G75: =IF(COUNTIF(G72:G74,"A")>=1,"C",IF(COUNTIF(G72:G74,"A")>0,"P"," ")) | H75: =IF(COUNTIF(H72:H74,"A")>=1,"C",IF(COUNTIF(H72:H74,"A")>0,"P"," ")) | I75: =IF(COUNTIF(I72:I74,"A")>=1,"C",IF(COUNTIF(I72:I74,"A")>0,"P"," ")) | J75: =IF(COUNTIF(J72:J74,"A")>=1,"C",IF(COUNTIF(J72:J74,"A")>0,"P"," ")) | K75: =IF(COUNTIF(K72:K74,"A")>=1,"C",IF(COUNTIF(K72:K74,"A")>0,"P"," ")) | ... R75: =IF(COUNTIF(R72:R74,"A")>=1,"C",IF(COUNTIF(R72:R74,"A")>0,"P"," "))
C76: Status: (P)artial or (C)omplete | D76: =IF(COUNTIF(D59:D75,"C")>4,"C",IF(COUNTIF(D59:D75,"C")>0,"P"," ")) | E76: =IF(COUNTIF(E59:E75,"C")>4,"C",IF(COUNTIF(E59:E75,"C")>0,"P"," ")) | F76: =IF(COUNTIF(F59:F75,"C")>4,"C",IF(COUNTIF(F59:F75,"C")>0,"P"," ")) | G76: =IF(COUNTIF(G59:G75,"C")>4,"C",IF(COUNTIF(G59:G75,"C")>0,"P"," ")) | H76: =IF(COUNTIF(H59:H75,"C")>4,"C",IF(COUNTIF(H59:H75,"C")>0,"P"," ")) | I76: =IF(COUNTIF(I59:I75,"C")>4,"C",IF(COUNTIF(I59:I75,"C")>0,"P"," ")) | J76: =IF(COUNTIF(J59:J75,"C")>4,"C",IF(COUNTIF(J59:J75,"C")>0,"P"," ")) | K76: =IF(COUNTIF(K59:K75,"C")>4,"C",IF(COUNTIF(K59:K75,"C")>0,"P"," ")) | ... R76: =IF(COUNTIF(R59:R75,"C")>4,"C",IF(COUNTIF(R59:R75,"C")>0,"P"," "))
B78: <<List Badge Here>>
B79: 1 | C79: <List Requirement Here>
C80: <List Requirement Here>
C81: <List Requirement Here>
C82: <List Requirement Here>
B83: 2 | C83: <List Requirement Here> | D83: =IF(COUNTIF(D80:D82,"A")>=1,"C",IF(COUNTIF(D80:D82,"A")>0,"P"," ")) | E83: =IF(COUNTIF(E80:E82,"A")>=1,"C",IF(COUNTIF(E80:E82,"A")>0,"P"," ")) | F83: =IF(COUNTIF(F80:F82,"A")>=1,"C",IF(COUNTIF(F80:F82,"A")>0,"P"," ")) | G83: =IF(COUNTIF(G80:G82,"A")>=1,"C",IF(COUNTIF(G80:G82,"A")>0,"P"," ")) | H83: =IF(COUNTIF(H80:H82,"A")>=1,"C",IF(COUNTIF(H80:H82,"A")>0,"P"," ")) | I83: =IF(COUNTIF(I80:I82,"A")>=1,"C",IF(COUNTIF(I80:I82,"A")>0,"P"," ")) | J83: =IF(COUNTIF(J80:J82,"A")>=1,"C",IF(COUNTIF(J80:J82,"A")>0,"P"," ")) | K83: =IF(COUNTIF(K80:K82,"A")>=1,"C",IF(COUNTIF(K80:K82,"A")>0,"P"," ")) | ... R83: =IF(COUNTIF(R80:R82,"A")>=1,"C",IF(COUNTIF(R80:R82,"A")>0,"P"," "))
C84: <List Requirement Here>
C85: <List Requirement Here>
C86: <List Requirement Here>
B87: 3 | C87: <List Requirement Here> | D87: =IF(COUNTIF(D84:D86,"A")>=1,"C",IF(COUNTIF(D84:D86,"A")>0,"P"," ")) | E87: =IF(COUNTIF(E84:E86,"A")>=1,"C",IF(COUNTIF(E84:E86,"A")>0,"P"," ")) | F87: =IF(COUNTIF(F84:F86,"A")>=1,"C",IF(COUNTIF(F84:F86,"A")>0,"P"," ")) | G87: =IF(COUNTIF(G84:G86,"A")>=1,"C",IF(COUNTIF(G84:G86,"A")>0,"P"," ")) | H87: =IF(COUNTIF(H84:H86,"A")>=1,"C",IF(COUNTIF(H84:H86,"A")>0,"P"," ")) | I87: =IF(COUNTIF(I84:I86,"A")>=1,"C",IF(COUNTIF(I84:I86,"A")>0,"P"," ")) | J87: =IF(COUNTIF(J84:J86,"A")>=1,"C",IF(COUNTIF(J84:J86,"A")>0,"P"," ")) | K87: =IF(COUNTIF(K84:K86,"A")>=1,"C",IF(COUNTIF(K84:K86,"A")>0,"P"," ")) | ... R87: =IF(COUNTIF(R84:R86,"A")>=1,"C",IF(COUNTIF(R84:R86,"A")>0,"P"," "))
C88: <List Requirement Here>
C89: <List Requirement Here>
C90: <List Requirement Here>
B91: 4 | C91: <List Requirement Here> | D91: =IF(COUNTIF(D88:D90,"A")>=1,"C",IF(COUNTIF(D88:D90,"A")>0,"P"," ")) | E91: =IF(COUNTIF(E88:E90,"A")>=1,"C",IF(COUNTIF(E88:E90,"A")>0,"P"," ")) | F91: =IF(COUNTIF(F88:F90,"A")>=1,"C",IF(COUNTIF(F88:F90,"A")>0,"P"," ")) | G91: =IF(COUNTIF(G88:G90,"A")>=1,"C",IF(COUNTIF(G88:G90,"A")>0,"P"," ")) | H91: =IF(COUNTIF(H88:H90,"A")>=1,"C",IF(COUNTIF(H88:H90,"A")>0,"P"," ")) | I91: =IF(COUNTIF(I88:I90,"A")>=1,"C",IF(COUNTIF(I88:I90,"A")>0,"P"," ")) | J91: =IF(COUNTIF(J88:J90,"A")>=1,"C",IF(COUNTIF(J88:J90,"A")>0,"P"," ")) | K91: =IF(COUNTIF(K88:K90,"A")>=1,"C",IF(COUNTIF(K88:K90,"A")>0,"P"," ")) | ... R91: =IF(COUNTIF(R88:R90,"A")>=1,"C",IF(COUNTIF(R88:R90,"A")>0,"P"," "))
C92: <List Requirement Here>
C93: <List Requirement Here>
C94: <List Requirement Here>
B95: 5 | C95: <List Requirement Here> | D95: =IF(COUNTIF(D92:D94,"A")>=1,"C",IF(COUNTIF(D92:D94,"A")>0,"P"," ")) | E95: =IF(COUNTIF(E92:E94,"A")>=1,"C",IF(COUNTIF(E92:E94,"A")>0,"P"," ")) | F95: =IF(COUNTIF(F92:F94,"A")>=1,"C",IF(COUNTIF(F92:F94,"A")>0,"P"," ")) | G95: =IF(COUNTIF(G92:G94,"A")>=1,"C",IF(COUNTIF(G92:G94,"A")>0,"P"," ")) | H95: =IF(COUNTIF(H92:H94,"A")>=1,"C",IF(COUNTIF(H92:H94,"A")>0,"P"," ")) | I95: =IF(COUNTIF(I92:I94,"A")>=1,"C",IF(COUNTIF(I92:I94,"A")>0,"P"," ")) | J95: =IF(COUNTIF(J92:J94,"A")>=1,"C",IF(COUNTIF(J92:J94,"A")>0,"P"," ")) | K95: =IF(COUNTIF(K92:K94,"A")>=1,"C",IF(COUNTIF(K92:K94,"A")>0,"P"," ")) | ... R95: =IF(COUNTIF(R92:R94,"A")>=1,"C",IF(COUNTIF(R92:R94,"A")>0,"P"," "))
C96: <List Requirement Here>
C97: <List Requirement Here>
C98: <List Requirement Here>
D99: =IF(COUNTIF(D96:D98,"A")>=1,"C",IF(COUNTIF(D96:D98,"A")>0,"P"," ")) | E99: =IF(COUNTIF(E96:E98,"A")>=1,"C",IF(COUNTIF(E96:E98,"A")>0,"P"," ")) | F99: =IF(COUNTIF(F96:F98,"A")>=1,"C",IF(COUNTIF(F96:F98,"A")>0,"P"," ")) | G99: =IF(COUNTIF(G96:G98,"A")>=1,"C",IF(COUNTIF(G96:G98,"A")>0,"P"," ")) | H99: =IF(COUNTIF(H96:H98,"A")>=1,"C",IF(COUNTIF(H96:H98,"A")>0,"P"," ")) | I99: =IF(COUNTIF(I96:I98,"A")>=1,"C",IF(COUNTIF(I96:I98,"A")>0,"P"," ")) | J99: =IF(COUNTIF(J96:J98,"A")>=1,"C",IF(COUNTIF(J96:J98,"A")>0,"P"," ")) | K99: =IF(COUNTIF(K96:K98,"A")>=1,"C",IF(COUNTIF(K96:K98,"A")>0,"P"," ")) | ... R99: =IF(COUNTIF(R96:R98,"A")>=1,"C",IF(COUNTIF(R96:R98,"A")>0,"P"," "))
C100: Status: (P)artial or (C)omplete | D100: =IF(COUNTIF(D83:D99,"C")>4,"C",IF(COUNTIF(D83:D99,"C")>0,"P"," ")) | E100: =IF(COUNTIF(E83:E99,"C")>4,"C",IF(COUNTIF(E83:E99,"C")>0,"P"," ")) | F100: =IF(COUNTIF(F83:F99,"C")>4,"C",IF(COUNTIF(F83:F99,"C")>0,"P"," ")) | G100: =IF(COUNTIF(G83:G99,"C")>4,"C",IF(COUNTIF(G83:G99,"C")>0,"P"," ")) | H100: =IF(COUNTIF(H83:H99,"C")>4,"C",IF(COUNTIF(H83:H99,"C")>0,"P"," ")) | I100: =IF(COUNTIF(I83:I99,"C")>4,"C",IF(COUNTIF(I83:I99,"C")>0,"P"," ")) | J100: =IF(COUNTIF(J83:J99,"C")>4,"C",IF(COUNTIF(J83:J99,"C")>0,"P"," ")) | K100: =IF(COUNTIF(K83:K99,"C")>4,"C",IF(COUNTIF(K83:K99,"C")>0,"P"," ")) | ... R100: =IF(COUNTIF(R83:R99,"C")>4,"C",IF(COUNTIF(R83:R99,"C")>0,"P"," "))
B102: <<List Badge Here>>
B103: 1 | C103: <List Requirement Here>
C104: <List Requirement Here>
C105: <List Requirement Here>
...

Sheet Age-Level
B1: Service Unit: | C1: =Instructions!F3 -> 0 | D1: ='ambassador 1'!$A$1 -> ambassador 1 | E1: ='ambassador 2'!$A$1 -> ambassador 2 | F1: ='ambassador 3'!$A$1 -> ambassador 3 | G1: ='ambassador 4'!$A$1 -> ambassador 4 | H1: ='ambassador 5'!$A$1 -> ambassador 5 | I1: ='ambassador 6'!$A$1 -> ambassador 6 | J1: ='ambassador 7'!$A$1 -> ambassador 7 | K1: ='ambassador 8'!$A$1 -> ambassador 8 | L1: ='ambassador 9'!$A$1 -> ambassador 9 | M1: ='ambassador 10'!$A$1 -> ambassador 10 | N1: ='ambassador 11'!$A$1 -> ambassador 11 | O1: ='ambassador 12'!$A$1 -> ambassador 12 | P1: ='ambassador 13'!$A$1 -> ambassador 13 | Q1: ='ambassador 14'!$A$1 -> ambassador 14 | R1: ='ambassador 15'!$A$1 -> ambassador 15
B2: Troop: | C2: =Instructions!F5 -> 0
A4: Enter A for credit
B5: Gold Torch Award
B6: 1 | C6: Complete one Ambassador Leadership
B7: 2 | C7: Serve for one full term in a leadership
C8: Status: (P)artial or (C)omplete | D8: =IF(COUNTIF(D6:D7,"A")=2,"C",IF(COUNTIF(D6:D7,"A")>0,"P"," ")) | E8: =IF(COUNTIF(E6:E7,"A")=2,"C",IF(COUNTIF(E6:E7,"A")>0,"P"," ")) | F8: =IF(COUNTIF(F6:F7,"A")=2,"C",IF(COUNTIF(F6:F7,"A")>0,"P"," ")) | G8: =IF(COUNTIF(G6:G7,"A")=2,"C",IF(COUNTIF(G6:G7,"A")>0,"P"," ")) | H8: =IF(COUNTIF(H6:H7,"A")=2,"C",IF(COUNTIF(H6:H7,"A")>0,"P"," ")) | I8: =IF(COUNTIF(I6:I7,"A")=2,"C",IF(COUNTIF(I6:I7,"A")>0,"P"," ")) | J8: =IF(COUNTIF(J6:J7,"A")=2,"C",IF(COUNTIF(J6:J7,"A")>0,"P"," ")) | K8: =IF(COUNTIF(K6:K7,"A")=2,"C",IF(COUNTIF(K6:K7,"A")>0,"P"," ")) | ... R8: =IF(COUNTIF(R6:R7,"A")=2,"C",IF(COUNTIF(R6:R7,"A")>0,"P"," "))
B9: Ambassador Community Service bar
B10: 1 | C10: Choose an organizaton and complete
C11: Status: (P)artial or (C)omplete | D11: =IF(COUNTIF(D10,"A")=1,"C",IF(COUNTIF(D10,"A")>0,"P"," ")) | E11: =IF(COUNTIF(E10,"A")=1,"C",IF(COUNTIF(E10,"A")>0,"P"," ")) | F11: =IF(COUNTIF(F10,"A")=1,"C",IF(COUNTIF(F10,"A")>0,"P"," ")) | G11: =IF(COUNTIF(G10,"A")=1,"C",IF(COUNTIF(G10,"A")>0,"P"," ")) | H11: =IF(COUNTIF(H10,"A")=1,"C",IF(COUNTIF(H10,"A")>0,"P"," ")) | I11: =IF(COUNTIF(I10,"A")=1,"C",IF(COUNTIF(I10,"A")>0,"P"," ")) | J11: =IF(COUNTIF(J10,"A")=1,"C",IF(COUNTIF(J10,"A")>0,"P"," ")) | K11: =IF(COUNTIF(K10,"A")=1,"C",IF(COUNTIF(K10,"A")>0,"P"," ")) | ... R11: =IF(COUNTIF(R10,"A")=1,"C",IF(COUNTIF(R10,"A")>0,"P"," "))
B12: Ambassador Service to Girl Scouting bar
B13: 1 | C13: Choose an organizaton and complete
C14: Status: (P)artial or (C)omplete | D14: =IF(COUNTIF(D13,"A")=1,"C",IF(COUNTIF(D13,"A")>0,"P"," ")) | E14: =IF(COUNTIF(E13,"A")=1,"C",IF(COUNTIF(E13,"A")>0,"P"," ")) | F14: =IF(COUNTIF(F13,"A")=1,"C",IF(COUNTIF(F13,"A")>0,"P"," ")) | G14: =IF(COUNTIF(G13,"A")=1,"C",IF(COUNTIF(G13,"A")>0,"P"," ")) | H14: =IF(COUNTIF(H13,"A")=1,"C",IF(COUNTIF(H13,"A")>0,"P"," ")) | I14: =IF(COUNTIF(I13,"A")=1,"C",IF(COUNTIF(I13,"A")>0,"P"," ")) | J14: =IF(COUNTIF(J13,"A")=1,"C",IF(COUNTIF(J13,"A")>0,"P"," ")) | K14: =IF(COUNTIF(K13,"A")=1,"C",IF(COUNTIF(K13,"A")>0,"P"," ")) | ... R14: =IF(COUNTIF(R13,"A")=1,"C",IF(COUNTIF(R13,"A")>0,"P"," "))
B15: Ambassador Volunteer in Training
B16: 1 | C16: Find a Mentor
B17: 2 | C17: Complete a council-designed
B18: 3 | C18: Create and implement a thoughtful
C19: Status: (P)artial or (C)omplete | D19: =IF(COUNTIF(D16:D18,"A")=3,"C",IF(COUNTIF(D16:D18,"A")>0,"P"," ")) | E19: =IF(COUNTIF(E16:E18,"A")=3,"C",IF(COUNTIF(E16:E18,"A")>0,"P"," ")) | F19: =IF(COUNTIF(F16:F18,"A")=3,"C",IF(COUNTIF(F16:F18,"A")>0,"P"," ")) | G19: =IF(COUNTIF(G16:G18,"A")=3,"C",IF(COUNTIF(G16:G18,"A")>0,"P"," ")) | H19: =IF(COUNTIF(H16:H18,"A")=3,"C",IF(COUNTIF(H16:H18,"A")>0,"P"," ")) | I19: =IF(COUNTIF(I16:I18,"A")=3,"C",IF(COUNTIF(I16:I18,"A")>0,"P"," ")) | J19: =IF(COUNTIF(J16:J18,"A")=3,"C",IF(COUNTIF(J16:J18,"A")>0,"P"," ")) | K19: =IF(COUNTIF(K16:K18,"A")=3,"C",IF(COUNTIF(K16:K18,"A")>0,"P"," ")) | ... R19: =IF(COUNTIF(R16:R18,"A")=3,"C",IF(COUNTIF(R16:R18,"A")>0,"P"," "))
B20: Journey Summit Pin
C21: Journey Summit Pin | D21: =IF(COUNTIF(Journey!D30:'Journey'!D66,"B")=3,"C",IF(COUNTIF(Journey!D30:'Journey'!D66,"B")>0,"P"," ")) | E21: =IF(COUNTIF(Journey!E30:'Journey'!E66,"B")=3,"C",IF(COUNTIF(Journey!E30:'Journey'!E66,"B")>0,"P"," ")) | F21: =IF(COUNTIF(Journey!F30:'Journey'!F66,"B")=3,"C",IF(COUNTIF(Journey!F30:'Journey'!F66,"B")>0,"P"," ")) | G21: =IF(COUNTIF(Journey!G30:'Journey'!G66,"B")=3,"C",IF(COUNTIF(Journey!G30:'Journey'!G66,"B")>0,"P"," ")) | H21: =IF(COUNTIF(Journey!H30:'Journey'!H66,"B")=3,"C",IF(COUNTIF(Journey!H30:'Journey'!H66,"B")>0,"P"," ")) | I21: =IF(COUNTIF(Journey!I30:'Journey'!I66,"B")=3,"C",IF(COUNTIF(Journey!I30:'Journey'!I66,"B")>0,"P"," ")) | J21: =IF(COUNTIF(Journey!J30:'Journey'!J66,"B")=3,"C",IF(COUNTIF(Journey!J30:'Journey'!J66,"B")>0,"P"," ")) | K21: =IF(COUNTIF(Journey!K30:'Journey'!K66,"B")=3,"C",IF(COUNTIF(Journey!K30:'Journey'!K66,"B")>0,"P"," ")) | ... R21: =IF(COUNTIF(Journey!R30:'Journey'!R66,"B")=3,"C",IF(COUNTIF(Journey!R30:'Journey'!R66,"B")>0,"P"," "))
B22: Cookies | D22: Cookies
C23: Cookie Rally (Year 1)
C24: Cookie Sales (Year 1)
C25: Cookie Pin (Year 1)
C26: Cookie Rally (Year 2)
C27: Cookie Sales (Year 2)
C28: Cookie Pin (Year 2)
B29: Fall Sales
C30: Fall Sales (Year 1)
C31: Fall Sales (Year 2)
B32: Thinking Day | D32: World Thinking Day
C33: Thinking Day (Year 1)
C34: Thinking Day (Year 2)
B35: Global Action award | D35: Global Action Award
C36: Global Action Award
B37: International Friendship Recognition pin
C38: International Friendship Recognition
B39: Investiture & Rededication Patches
C40: Investiture
C41: Rededication (1st year)
C42: Rededication (2nd year)
B43: My Promise, My Faith (Year 1)
B44: 1 | C44: Choose one line from the Law
B45: 2 | C45: Find a woman in your community
B46: 3 | C46: Gather three inspirational quotes
B47: 4 | C47: Make something to remind you
B48: 5 | C48: Make a commitment to live what
C49: Status: (P)artial or (C)omplete | D49: =IF(COUNTIF(D44:D48,"A")>4,"C",IF(COUNTIF(D44:D48,"A")>0,"P"," ")) | E49: =IF(COUNTIF(E44:E48,"A")>4,"C",IF(COUNTIF(E44:E48,"A")>0,"P"," ")) | F49: =IF(COUNTIF(F44:F48,"A")>4,"C",IF(COUNTIF(F44:F48,"A")>0,"P"," ")) | G49: =IF(COUNTIF(G44:G48,"A")>4,"C",IF(COUNTIF(G44:G48,"A")>0,"P"," ")) | H49: =IF(COUNTIF(H44:H48,"A")>4,"C",IF(COUNTIF(H44:H48,"A")>0,"P"," ")) | I49: =IF(COUNTIF(I44:I48,"A")>4,"C",IF(COUNTIF(I44:I48,"A")>0,"P"," ")) | J49: =IF(COUNTIF(J44:J48,"A")>4,"C",IF(COUNTIF(J44:J48,"A")>0,"P"," ")) | K49: =IF(COUNTIF(K44:K48,"A")>4,"C",IF(COUNTIF(K44:K48,"A")>0,"P"," ")) | ... R49: =IF(COUNTIF(R44:R48,"A")>4,"C",IF(COUNTIF(R44:R48,"A")>0,"P"," "))
B50: My Promise, My Faith (Year 2)
B51: 1 | C51: Choose one line from the Law
B52: 2 | C52: Find a woman in your community
B53: 3 | C53: Gather three inspirational quotes
B54: 4 | C54: Make something to remind you
B55: 5 | C55: Make a commitment to live what
C56: Status: (P)artial or (C)omplete | D56: =IF(COUNTIF(D51:D55,"A")>4,"C",IF(COUNTIF(D51:D55,"A")>0,"P"," ")) | E56: =IF(COUNTIF(E51:E55,"A")>4,"C",IF(COUNTIF(E51:E55,"A")>0,"P"," ")) | F56: =IF(COUNTIF(F51:F55,"A")>4,"C",IF(COUNTIF(F51:F55,"A")>0,"P"," ")) | G56: =IF(COUNTIF(G51:G55,"A")>4,"C",IF(COUNTIF(G51:G55,"A")>0,"P"," ")) | H56: =IF(COUNTIF(H51:H55,"A")>4,"C",IF(COUNTIF(H51:H55,"A")>0,"P"," ")) | I56: =IF(COUNTIF(I51:I55,"A")>4,"C",IF(COUNTIF(I51:I55,"A")>0,"P"," ")) | J56: =IF(COUNTIF(J51:J55,"A")>4,"C",IF(COUNTIF(J51:J55,"A")>0,"P"," ")) | K56: =IF(COUNTIF(K51:K55,"A")>4,"C",IF(COUNTIF(K51:K55,"A")>0,"P"," ")) | ... R56: =IF(COUNTIF(R51:R55,"A")>4,"C",IF(COUNTIF(R51:R55,"A")>0,"P"," "))
B57: Safety Award | D57: (do all five)
B58: 1 | C58: Learn how to make a room safe for a
B59: 2 | C59: Find out about water safety
B60: 3 | C60: Teach a Daisy or Brownie what to do if
B61: 4 | C61: With your family, make sure you have
B62: 5 | C62: Discuss bullying with your Girl Scout
C63: Status: (P)artial or (C)omplete | D63: =IF(COUNTIF(D58:D62,"A")=5,"C",IF(COUNTIF(D58:D62,"A")>0,"P"," ")) | E63: =IF(COUNTIF(E58:E62,"A")=5,"C",IF(COUNTIF(E58:E62,"A")>0,"P"," ")) | F63: =IF(COUNTIF(F58:F62,"A")=5,"C",IF(COUNTIF(F58:F62,"A")>0,"P"," ")) | G63: =IF(COUNTIF(G58:G62,"A")=5,"C",IF(COUNTIF(G58:G62,"A")>0,"P"," ")) | H63: =IF(COUNTIF(H58:H62,"A")=5,"C",IF(COUNTIF(H58:H62,"A")>0,"P"," ")) | I63: =IF(COUNTIF(I58:I62,"A")=5,"C",IF(COUNTIF(I58:I62,"A")>0,"P"," ")) | J63: =IF(COUNTIF(J58:J62,"A")=5,"C",IF(COUNTIF(J58:J62,"A")>0,"P"," ")) | K63: =IF(COUNTIF(K58:K62,"A")=5,"C",IF(COUNTIF(K58:K62,"A")>0,"P"," ")) | ... R63: =IF(COUNTIF(R58:R62,"A")=5,"C",IF(COUNTIF(R58:R62,"A")>0,"P"," "))

Sheet Bridging
B1: Service Unit | C1: =Instructions!F3 -> 0 | D1: ='ambassador 1'!$A$1 -> ambassador 1 | E1: ='ambassador 2'!$A$1 -> ambassador 2 | F1: ='ambassador 3'!$A$1 -> ambassador 3 | G1: ='ambassador 4'!$A$1 -> ambassador 4 | H1: ='ambassador 5'!$A$1 -> ambassador 5 | I1: ='ambassador 6'!$A$1 -> ambassador 6 | J1: ='ambassador 7'!$A$1 -> ambassador 7 | K1: ='ambassador 8'!$A$1 -> ambassador 8 | L1: ='ambassador 9'!$A$1 -> ambassador 9 | M1: ='ambassador 10'!$A$1 -> ambassador 10 | N1: ='ambassador 11'!$A$1 -> ambassador 11 | O1: ='ambassador 12'!$A$1 -> ambassador 12 | P1: ='ambassador 13'!$A$1 -> ambassador 13 | Q1: ='ambassador 14'!$A$1 -> ambassador 14 | R1: ='ambassador 15'!$A$1 -> ambassador 15
B2: Troop | C2: =Instructions!F5 -> 0
A4: Enter A for credit
B6: Pass It On!
B7: 1 | C7: Share favorite things you did on a
B8: 2 | C8: Share with a group of Seniors your
B9: 3 | C9: Inspire younger girls by helping them
D10: =IF(COUNTIF(D7:D9,"A")>=1,"C",IF(COUNTIF(D7:D9,"A")>0,"P"," ")) | E10: =IF(COUNTIF(E7:E9,"A")>=1,"C",IF(COUNTIF(E7:E9,"A")>0,"P"," ")) | F10: =IF(COUNTIF(F7:F9,"A")>=1,"C",IF(COUNTIF(F7:F9,"A")>0,"P"," ")) | G10: =IF(COUNTIF(G7:G9,"A")>=1,"C",IF(COUNTIF(G7:G9,"A")>0,"P"," ")) | H10: =IF(COUNTIF(H7:H9,"A")>=1,"C",IF(COUNTIF(H7:H9,"A")>0,"P"," ")) | I10: =IF(COUNTIF(I7:I9,"A")>=1,"C",IF(COUNTIF(I7:I9,"A")>0,"P"," ")) | J10: =IF(COUNTIF(J7:J9,"A")>=1,"C",IF(COUNTIF(J7:J9,"A")>0,"P"," ")) | K10: =IF(COUNTIF(K7:K9,"A")>=1,"C",IF(COUNTIF(K7:K9,"A")>0,"P"," ")) | ... R10: =IF(COUNTIF(R7:R9,"A")>=1,"C",IF(COUNTIF(R7:R9,"A")>0,"P"," "))
B11: Look Ahead!
B12: 1 | C12: Get together with a Girl Scout adult.
B13: 2 | C13: Hold an appriciation breakfast of lunch
B14: 3 | C14: Create a slide show of your best
D15: =IF(COUNTIF(D12:D14,"A")>=1,"C",IF(COUNTIF(D12:D14,"A")>0,"P"," ")) | E15: =IF(COUNTIF(E12:E14,"A")>=1,"C",IF(COUNTIF(E12:E14,"A")>0,"P"," ")) | F15: =IF(COUNTIF(F12:F14,"A")>=1,"C",IF(COUNTIF(F12:F14,"A")>0,"P"," ")) | G15: =IF(COUNTIF(G12:G14,"A")>=1,"C",IF(COUNTIF(G12:G14,"A")>0,"P"," ")) | H15: =IF(COUNTIF(H12:H14,"A")>=1,"C",IF(COUNTIF(H12:H14,"A")>0,"P"," ")) | I15: =IF(COUNTIF(I12:I14,"A")>=1,"C",IF(COUNTIF(I12:I14,"A")>0,"P"," ")) | J15: =IF(COUNTIF(J12:J14,"A")>=1,"C",IF(COUNTIF(J12:J14,"A")>0,"P"," ")) | K15: =IF(COUNTIF(K12:K14,"A")>=1,"C",IF(COUNTIF(K12:K14,"A")>0,"P"," ")) | ... R15: =IF(COUNTIF(R12:R14,"A")>=1,"C",IF(COUNTIF(R12:R14,"A")>0,"P"," "))
C16: Plan a Ceremony
D17: =IF(COUNTIF(D16:D16,"A")=1,"C",IF(COUNTIF(D16:D16,"A")>0,"P"," ")) | E17: =IF(COUNTIF(E16:E16,"A")=1,"C",IF(COUNTIF(E16:E16,"A")>0,"P"," ")) | F17: =IF(COUNTIF(F16:F16,"A")=1,"C",IF(COUNTIF(F16:F16,"A")>0,"P"," ")) | G17: =IF(COUNTIF(G16:G16,"A")=1,"C",IF(COUNTIF(G16:G16,"A")>0,"P"," ")) | H17: =IF(COUNTIF(H16:H16,"A")=1,"C",IF(COUNTIF(H16:H16,"A")>0,"P"," ")) | I17: =IF(COUNTIF(I16:I16,"A")=1,"C",IF(COUNTIF(I16:I16,"A")>0,"P"," ")) | J17: =IF(COUNTIF(J16:J16,"A")=1,"C",IF(COUNTIF(J16:J16,"A")>0,"P"," ")) | K17: =IF(COUNTIF(K16:K16,"A")=1,"C",IF(COUNTIF(K16:K16,"A")>0,"P"," ")) | ... R17: =IF(COUNTIF(R16:R16,"A")=1,"C",IF(COUNTIF(R16:R16,"A")>0,"P"," "))
C18: Status: (P)artial or (C)omplete | D18: =IF(COUNTIF(D7:D17,"C")=3,"C",IF(COUNTIF(D7:D17,"C")>0,"P"," ")) | E18: =IF(COUNTIF(E7:E17,"C")=3,"C",IF(COUNTIF(E7:E17,"C")>0,"P"," ")) | F18: =IF(COUNTIF(F7:F17,"C")=3,"C",IF(COUNTIF(F7:F17,"C")>0,"P"," ")) | G18: =IF(COUNTIF(G7:G17,"C")=3,"C",IF(COUNTIF(G7:G17,"C")>0,"P"," ")) | H18: =IF(COUNTIF(H7:H17,"C")=3,"C",IF(COUNTIF(H7:H17,"C")>0,"P"," ")) | I18: =IF(COUNTIF(I7:I17,"C")=3,"C",IF(COUNTIF(I7:I17,"C")>0,"P"," ")) | J18: =IF(COUNTIF(J7:J17,"C")=3,"C",IF(COUNTIF(J7:J17,"C")>0,"P"," ")) | K18: =IF(COUNTIF(K7:K17,"C")=3,"C",IF(COUNTIF(K7:K17,"C")>0,"P"," ")) | ... R18: =IF(COUNTIF(R7:R17,"C")=3,"C",IF(COUNTIF(R7:R17,"C")>0,"P"," "))

Sheet Gold
A1: Gold Award Project Gold Award Project Gold Award Project | B1: Service Unit: | D1: =[1]Instructions!E3 -> 0 | E1: ='ambassador 1'!$A$1 -> ambassador 1 | F1: ='ambassador 2'!$A$1 -> ambassador 2 | G1: ='ambassador 3'!$A$1 -> ambassador 3 | H1: ='ambassador 4'!$A$1 -> ambassador 4 | I1: ='ambassador 5'!$A$1 -> ambassador 5 | J1: ='ambassador 6'!$A$1 -> ambassador 6 | K1: ='ambassador 7'!$A$1 -> ambassador 7 | L1: ='ambassador 8'!$A$1 -> ambassador 8 | M1: ='ambassador 9'!$A$1 -> ambassador 9 | N1: ='ambassador 10'!$A$1 -> ambassador 10 | O1: ='ambassador 11'!$A$1 -> ambassador 11 | P1: ='ambassador 12'!$A$1 -> ambassador 12 | Q1: ='ambassador 13'!$A$1 -> ambassador 13 | R1: ='ambassador 14'!$A$1 -> ambassador 14 | S1: ='ambassador 15'!$A$1 -> ambassador 15 | T1: Gold Award Project Gold Award Project Gold Award Project
B2: Troop: | D2: =[1]Instructions!E5 -> 0
B3: Enter A for credit
B5: For Girls 14-18
C6: 1 | D6: Choose an issue
C7: 2 | D7: Investigate
C8: 3 | D8: Get help
C9: 4 | D9: Create a plan
C10: 5 | D10: Present your plan and get feedback
C11: 6 | D11: Take action
C12: 7 | D12: Educate and inspire

Sheet Fun Patches
B1: Service Unit: | C1: =Instructions!F3 -> 0 | D1: ='ambassador 1'!$A$1 -> ambassador 1 | E1: ='ambassador 2'!$A$1 -> ambassador 2 | F1: ='ambassador 3'!$A$1 -> ambassador 3 | G1: ='ambassador 4'!$A$1 -> ambassador 4 | H1: ='ambassador 5'!$A$1 -> ambassador 5 | I1: ='ambassador 6'!$A$1 -> ambassador 6 | J1: ='ambassador 7'!$A$1 -> ambassador 7 | K1: ='ambassador 8'!$A$1 -> ambassador 8 | L1: ='ambassador 9'!$A$1 -> ambassador 9 | M1: ='ambassador 10'!$A$1 -> ambassador 10 | N1: ='ambassador 11'!$A$1 -> ambassador 11 | O1: ='ambassador 12'!$A$1 -> ambassador 12 | P1: ='ambassador 13'!$A$1 -> ambassador 13 | Q1: ='ambassador 14'!$A$1 -> ambassador 14 | R1: ='ambassador 15'!$A$1 -> ambassador 15
B2: Troop: | C2: =Instructions!F5 -> 0
A4: Enter A for credit
C5: <LIST PATCH HERE>
C6: <LIST PATCH HERE>
C7: <LIST PATCH HERE>
C8: <LIST PATCH HERE>
C9: <LIST PATCH HERE>
C10: <LIST PATCH HERE>
C11: <LIST PATCH HERE>
C12: <LIST PATCH HERE>
C13: <LIST PATCH HERE>
C14: <LIST PATCH HERE>
C15: <LIST PATCH HERE>
C16: <LIST PATCH HERE>
... C38: <LIST PATCH HERE>

Sheet Summary
A1: Summary Page | B1: ='ambassador 1'!$A$1 -> ambassador 1 | D1: ='ambassador 2'!$A$1 -> ambassador 2 | F1: ='ambassador 3'!$A$1 -> ambassador 3 | H1: ='ambassador 4'!$A$1 -> ambassador 4 | J1: ='ambassador 5'!$A$1 -> ambassador 5 | L1: ='ambassador 6'!$A$1 -> ambassador 6 | N1: ='ambassador 7'!$A$1 -> ambassador 7 | P1: ='ambassador 8'!$A$1 -> ambassador 8 | R1: ='ambassador 9'!$A$1 -> ambassador 9 | T1: ='ambassador 10'!$A$1 -> ambassador 10 | V1: ='ambassador 11'!$A$1 -> ambassador 11 | X1: ='ambassador 12'!$A$1 -> ambassador 12 | Z1: ='ambassador 13'!$A$1 -> ambassador 13 | AB1: ='ambassador 14'!$A$1 -> ambassador 14 | AD1: ='ambassador 15'!$A$1 -> ambassador 15
A2: Enter Y for yes when you have presented the award | B2: Earned | C2: Awarded | D2: Earned | E2: Awarded | F2: Earned | G2: Awarded | H2: Earned | I2: Awarded | J2: Earned | K2: Awarded | L2: Earned | M2: Awarded | N2: Earned | O2: Awarded | P2: Earned | Q2: Awarded | R2: Earned | S2: Awarded | T2: Earned | U2: Awarded | V2: Earned | W2: Awarded | X2: Earned | Y2: Awarded | Z2: Earned | AA2: Awarded | AB2: Earned | AC2: Awarded | AD2: Earned | AE2: Awarded
A3: =Badges!A5 -> Legacy
A4: =Badges!B6 -> Photography | B4: =IF(Badges!D28="C","E","") | D4: =IF(Badges!E28="C","E","") | F4: =IF(Badges!F28="C","E","") | H4: =IF(Badges!G28="C","E","") | J4: =IF(Badges!H28="C","E","") | L4: =IF(Badges!I28="C","E","") | N4: =IF(Badges!J28="C","E","") | P4: =IF(Badges!K28="C","E","") | R4: =IF(Badges!L28="C","E","") | T4: =IF(Badges!M28="C","E","") | V4: =IF(Badges!N28="C","E","") | X4: =IF(Badges!O28="C","E","") | Z4: =IF(Badges!P28="C","E","") | AB4: =IF(Badges!Q28="C","E","") | AD4: =IF(Badges!R28="C","E","")
A5: =Badges!B29 -> Coaching | B5: =IF(Badges!D51="C","E","") | D5: =IF(Badges!E51="C","E","") | F5: =IF(Badges!F51="C","E","") | H5: =IF(Badges!G51="C","E","") | J5: =IF(Badges!H51="C","E","") | L5: =IF(Badges!I51="C","E","") | N5: =IF(Badges!J51="C","E","") | P5: =IF(Badges!K51="C","E","") | R5: =IF(Badges!L51="C","E","") | T5: =IF(Badges!M51="C","E","") | V5: =IF(Badges!N51="C","E","") | X5: =IF(Badges!O51="C","E","") | Z5: =IF(Badges!P51="C","E","") | AB5: =IF(Badges!Q51="C","E","") | AD5: =IF(Badges!R51="C","E","")
A6: =Badges!B52 -> Public Policy | B6: =IF(Badges!D74="C","E","") | D6: =IF(Badges!E74="C","E","") | F6: =IF(Badges!F74="C","E","") | H6: =IF(Badges!G74="C","E","") | J6: =IF(Badges!H74="C","E","") | L6: =IF(Badges!I74="C","E","") | N6: =IF(Badges!J74="C","E","") | P6: =IF(Badges!K74="C","E","") | R6: =IF(Badges!L74="C","E","") | T6: =IF(Badges!M74="C","E","") | V6: =IF(Badges!N74="C","E","") | X6: =IF(Badges!O74="C","E","") | Z6: =IF(Badges!P74="C","E","") | AB6: =IF(Badges!Q74="C","E","") | AD6: =IF(Badges!R74="C","E","")
A7: =Badges!B75 -> Dinner Party | B7: =IF(Badges!D97="C","E","") | D7: =IF(Badges!E97="C","E","") | F7: =IF(Badges!F97="C","E","") | H7: =IF(Badges!G97="C","E","") | J7: =IF(Badges!H97="C","E","") | L7: =IF(Badges!I97="C","E","") | N7: =IF(Badges!J97="C","E","") | P7: =IF(Badges!K97="C","E","") | R7: =IF(Badges!L97="C","E","") | T7: =IF(Badges!M97="C","E","") | V7: =IF(Badges!N97="C","E","") | X7: =IF(Badges!O97="C","E","") | Z7: =IF(Badges!P97="C","E","") | AB7: =IF(Badges!Q97="C","E","") | AD7: =IF(Badges!R97="C","E","")
A8: =Badges!B98 -> Ambassador First Aid | B8: =IF(Badges!D120="C","E","") | D8: =IF(Badges!E120="C","E","") | F8: =IF(Badges!F120="C","E","") | H8: =IF(Badges!G120="C","E","") | J8: =IF(Badges!H120="C","E","") | L8: =IF(Badges!I120="C","E","") | N8: =IF(Badges!J120="C","E","") | P8: =IF(Badges!K120="C","E","") | R8: =IF(Badges!L120="C","E","") | T8: =IF(Badges!M120="C","E","") | V8: =IF(Badges!N120="C","E","") | X8: =IF(Badges!O120="C","E","") | Z8: =IF(Badges!P120="C","E","") | AB8: =IF(Badges!Q120="C","E","") | AD8: =IF(Badges!R120="C","E","")
A9: =Badges!B121 -> Ambassador Girl Scout Way | B9: =IF(Badges!D143="C","E","") | D9: =IF(Badges!E143="C","E","") | F9: =IF(Badges!F143="C","E","") | H9: =IF(Badges!G143="C","E","") | J9: =IF(Badges!H143="C","E","") | L9: =IF(Badges!I143="C","E","") | N9: =IF(Badges!J143="C","E","") | P9: =IF(Badges!K143="C","E","") | R9: =IF(Badges!L143="C","E","") | T9: =IF(Badges!M143="C","E","") | V9: =IF(Badges!N143="C","E","") | X9: =IF(Badges!O143="C","E","") | Z9: =IF(Badges!P143="C","E","") | AB9: =IF(Badges!Q143="C","E","") | AD9: =IF(Badges!R143="C","E","")
A10: =Badges!B144 -> Water | B10: =IF(Badges!D166="C","E","") | D10: =IF(Badges!E166="C","E","") | F10: =IF(Badges!F166="C","E","") | H10: =IF(Badges!G166="C","E","") | J10: =IF(Badges!H166="C","E","") | L10: =IF(Badges!I166="C","E","") | N10: =IF(Badges!J166="C","E","") | P10: =IF(Badges!K166="C","E","") | R10: =IF(Badges!L166="C","E","") | T10: =IF(Badges!M166="C","E","") | V10: =IF(Badges!N166="C","E","") | X10: =IF(Badges!O166="C","E","") | Z10: =IF(Badges!P166="C","E","") | AB10: =IF(Badges!Q166="C","E","") | AD10: =IF(Badges!R166="C","E","")
A11: =Badges!A167 -> Financial Literacy
A12: =Badges!B168 -> On My Own | B12: =IF(Badges!D190="C","E","") | D12: =IF(Badges!E190="C","E","") | F12: =IF(Badges!F190="C","E","") | H12: =IF(Badges!G190="C","E","") | J12: =IF(Badges!H190="C","E","") | L12: =IF(Badges!I190="C","E","") | N12: =IF(Badges!J190="C","E","") | P12: =IF(Badges!K190="C","E","") | R12: =IF(Badges!L190="C","E","") | T12: =IF(Badges!M190="C","E","") | V12: =IF(Badges!N190="C","E","") | X12: =IF(Badges!O190="C","E","") | Z12: =IF(Badges!P190="C","E","") | AB12: =IF(Badges!Q190="C","E","") | AD12: =IF(Badges!R190="C","E","")
A13: =Badges!B191 -> Good Credit | B13: =IF(Badges!D213="C","E","") | D13: =IF(Badges!E213="C","E","") | F13: =IF(Badges!F213="C","E","") | H13: =IF(Badges!G213="C","E","") | J13: =IF(Badges!H213="C","E","") | L13: =IF(Badges!I213="C","E","") | N13: =IF(Badges!J213="C","E","") | P13: =IF(Badges!K213="C","E","") | R13: =IF(Badges!L213="C","E","") | T13: =IF(Badges!M213="C","E","") | V13: =IF(Badges!N213="C","E","") | X13: =IF(Badges!O213="C","E","") | Z13: =IF(Badges!P213="C","E","") | AB13: =IF(Badges!Q213="C","E","") | AD13: =IF(Badges!R213="C","E","")
A14: =Badges!A214 -> Cookie Business
A15: =Badges!B215 -> Research and Development | B15: =IF(Badges!D227="C","E","") | D15: =IF(Badges!E227="C","E","") | F15: =IF(Badges!F227="C","E","") | H15: =IF(Badges!G227="C","E","") | J15: =IF(Badges!H227="C","E","") | L15: =IF(Badges!I227="C","E","") | N15: =IF(Badges!J227="C","E","") | P15: =IF(Badges!K227="C","E","") | R15: =IF(Badges!L227="C","E","") | T15: =IF(Badges!M227="C","E","") | V15: =IF(Badges!N227="C","E","") | X15: =IF(Badges!O227="C","E","") | Z15: =IF(Badges!P227="C","E","") | AB15: =IF(Badges!Q227="C","E","") | AD15: =IF(Badges!R227="C","E","")
A16: =Badges!B228 -> P & L | B16: =IF(Badges!D240="C","E","") | D16: =IF(Badges!E240="C","E","") | F16: =IF(Badges!F240="C","E","") | H16: =IF(Badges!G240="C","E","") | J16: =IF(Badges!H240="C","E","") | L16: =IF(Badges!I240="C","E","") | N16: =IF(Badges!J240="C","E","") | P16: =IF(Badges!K240="C","E","") | R16: =IF(Badges!L240="C","E","") | T16: =IF(Badges!M240="C","E","") | V16: =IF(Badges!N240="C","E","") | X16: =IF(Badges!O240="C","E","") | Z16: =IF(Badges!P240="C","E","") | AB16: =IF(Badges!Q240="C","E","") | AD16: =IF(Badges!R240="C","E","")
A17: Journey Awards
A18: =Journey!B6 -> Your Voice, Your World: The Power of Advocacy | B18: =Journey!E11 | D18: =Journey!F11 | F18: =Journey!G11 | H18: =Journey!H11 | J18: =Journey!I11 | L18: =Journey!J11 | N18: =Journey!K11 | P18: =Journey!L11 | R18: =Journey!M11 | T18: =Journey!N11 | V18: =Journey!O11 | X18: =Journey!P11 | Z18: =Journey!Q11 | AB18: =Journey!R11 | AD18: =Journey!S11
A19: =Journey!B14 -> JUSTICE | B19: =Journey!E22 | D19: =Journey!F22 | F19: =Journey!G22 | H19: =Journey!H22 | J19: =Journey!I22 | L19: =Journey!J22 | N19: =Journey!K22 | P19: =Journey!L22 | R19: =Journey!M22 | T19: =Journey!N22 | V19: =Journey!O22 | X19: =Journey!P22 | Z19: =Journey!Q22 | AB19: =Journey!R22 | AD19: =Journey!S22
A20: =Journey!B25 -> BLISS: Live it! Give It! | B20: =Journey!E31 | D20: =Journey!F31 | F20: =Journey!G31 | H20: =Journey!H31 | J20: =Journey!I31 | L20: =Journey!J31 | N20: =Journey!K31 | P20: =Journey!L31 | R20: =Journey!M31 | T20: =Journey!N31 | V20: =Journey!O31 | X20: =Journey!P31 | Z20: =Journey!Q31 | AB20: =Journey!R31 | AD20: =Journey!S31
A21: ='Council Own'!A5:R5 -> Council's Own
A22: ='Council Own'!B6 -> <<List Badge Here>> | B22: =IF('Council Own'!D28="C","E","") | D22: =IF('Council Own'!E28="C","E","") | F22: =IF('Council Own'!F28="C","E","") | H22: =IF('Council Own'!G28="C","E","") | J22: =IF('Council Own'!H28="C","E","") | L22: =IF('Council Own'!I28="C","E","") | N22: =IF('Council Own'!J28="C","E","") | P22: =IF('Council Own'!K28="C","E","") | R22: =IF('Council Own'!L28="C","E","") | T22: =IF('Council Own'!M28="C","E","") | V22: =IF('Council Own'!N28="C","E","") | X22: =IF('Council Own'!O28="C","E","") | Z22: =IF('Council Own'!P28="C","E","") | AB22: =IF('Council Own'!Q28="C","E","") | AD22: =IF('Council Own'!R28="C","E","")
A23: ='Council Own'!B30 -> <<List Badge Here>> | B23: =IF('Council Own'!D52="C","E","") | D23: =IF('Council Own'!E52="C","E","") | F23: =IF('Council Own'!F52="C","E","") | H23: =IF('Council Own'!G52="C","E","") | J23: =IF('Council Own'!H52="C","E","") | L23: =IF('Council Own'!I52="C","E","") | N23: =IF('Council Own'!J52="C","E","") | P23: =IF('Council Own'!K52="C","E","") | R23: =IF('Council Own'!L52="C","E","") | T23: =IF('Council Own'!M52="C","E","") | V23: =IF('Council Own'!N52="C","E","") | X23: =IF('Council Own'!O52="C","E","") | Z23: =IF('Council Own'!P52="C","E","") | AB23: =IF('Council Own'!Q52="C","E","") | AD23: =IF('Council Own'!R52="C","E","")
A24: ='Council Own'!B54 -> <<List Badge Here>> | B24: =IF('Council Own'!D76="C","E","") | D24: =IF('Council Own'!E76="C","E","") | F24: =IF('Council Own'!F76="C","E","") | H24: =IF('Council Own'!G76="C","E","") | J24: =IF('Council Own'!H76="C","E","") | L24: =IF('Council Own'!I76="C","E","") | N24: =IF('Council Own'!J76="C","E","") | P24: =IF('Council Own'!K76="C","E","") | R24: =IF('Council Own'!L76="C","E","") | T24: =IF('Council Own'!M76="C","E","") | V24: =IF('Council Own'!N76="C","E","") | X24: =IF('Council Own'!O76="C","E","") | Z24: =IF('Council Own'!P76="C","E","") | AB24: =IF('Council Own'!Q76="C","E","") | AD24: =IF('Council Own'!R76="C","E","")
A25: ='Council Own'!B78 -> <<List Badge Here>> | B25: =IF('Council Own'!D100="C","E","") | D25: =IF('Council Own'!E100="C","E","") | F25: =IF('Council Own'!F100="C","E","") | H25: =IF('Council Own'!G100="C","E","") | J25: =IF('Council Own'!H100="C","E","") | L25: =IF('Council Own'!I100="C","E","") | N25: =IF('Council Own'!J100="C","E","") | P25: =IF('Council Own'!K100="C","E","") | R25: =IF('Council Own'!L100="C","E","") | T25: =IF('Council Own'!M100="C","E","") | V25: =IF('Council Own'!N100="C","E","") | X25: =IF('Council Own'!O100="C","E","") | Z25: =IF('Council Own'!P100="C","E","") | AB25: =IF('Council Own'!Q100="C","E","") | AD25: =IF('Council Own'!R100="C","E","")
A26: ='Council Own'!B102 -> <<List Badge Here>> | B26: =IF('Council Own'!D124="C","E","") | D26: =IF('Council Own'!E124="C","E","") | F26: =IF('Council Own'!F124="C","E","") | H26: =IF('Council Own'!G124="C","E","") | J26: =IF('Council Own'!H124="C","E","") | L26: =IF('Council Own'!I124="C","E","") | N26: =IF('Council Own'!J124="C","E","") | P26: =IF('Council Own'!K124="C","E","") | R26: =IF('Council Own'!L124="C","E","") | T26: =IF('Council Own'!M124="C","E","") | V26: =IF('Council Own'!N124="C","E","") | X26: =IF('Council Own'!O124="C","E","") | Z26: =IF('Council Own'!P124="C","E","") | AB26: =IF('Council Own'!Q124="C","E","") | AD26: =IF('Council Own'!R124="C","E","")
A27: ='Council Own'!B126 -> <<List Badge Here>> | B27: =IF('Council Own'!D148="C","E","") | D27: =IF('Council Own'!E148="C","E","") | F27: =IF('Council Own'!F148="C","E","") | H27: =IF('Council Own'!G148="C","E","") | J27: =IF('Council Own'!H148="C","E","") | L27: =IF('Council Own'!I148="C","E","") | N27: =IF('Council Own'!J148="C","E","") | P27: =IF('Council Own'!K148="C","E","") | R27: =IF('Council Own'!L148="C","E","") | T27: =IF('Council Own'!M148="C","E","") | V27: =IF('Council Own'!N148="C","E","") | X27: =IF('Council Own'!O148="C","E","") | Z27: =IF('Council Own'!P148="C","E","") | AB27: =IF('Council Own'!Q148="C","E","") | AD27: =IF('Council Own'!R148="C","E","")
A28: Age-Level Awards
A29: ='Age-Level'!B5 -> Gold Torch Award | B29: =IF('Age-Level'!D8="C","E","") | D29: =IF('Age-Level'!E8="C","E","") | F29: =IF('Age-Level'!F8="C","E","") | H29: =IF('Age-Level'!G8="C","E","") | J29: =IF('Age-Level'!H8="C","E","") | L29: =IF('Age-Level'!I8="C","E","") | N29: =IF('Age-Level'!J8="C","E","") | P29: =IF('Age-Level'!K8="C","E","") | R29: =IF('Age-Level'!L8="C","E","") | T29: =IF('Age-Level'!M8="C","E","") | V29: =IF('Age-Level'!N8="C","E","") | X29: =IF('Age-Level'!O8="C","E","") | Z29: =IF('Age-Level'!P8="C","E","") | AB29: =IF('Age-Level'!Q8="C","E","") | AD29: =IF('Age-Level'!R8="C","E","")
A30: ='Age-Level'!$B$9 -> Ambassador Community Service bar | B30: =IF('Age-Level'!D11="C","E","") | D30: =IF('Age-Level'!E11="C","E","") | F30: =IF('Age-Level'!F11="C","E","") | H30: =IF('Age-Level'!G11="C","E","") | J30: =IF('Age-Level'!H11="C","E","") | L30: =IF('Age-Level'!I23="20","E","") | N30: =IF('Age-Level'!J23="20","E","") | P30: =IF('Age-Level'!K23="20","E","") | R30: =IF('Age-Level'!L23="20","E","") | T30: =IF('Age-Level'!M23="20","E","") | V30: =IF('Age-Level'!N23="20","E","") | X30: =IF('Age-Level'!O23="20","E","") | Z30: =IF('Age-Level'!P23="20","E","") | AB30: =IF('Age-Level'!Q23="20","E","") | AD30: =IF('Age-Level'!R23="20","E","")
A31: ='Age-Level'!$B$12 -> Ambassador Service to Girl Scouting bar | B31: =IF('Age-Level'!D14="C","E","") | D31: =IF('Age-Level'!E14="C","E","") | F31: =IF('Age-Level'!F14="C","E","") | H31: =IF('Age-Level'!G14="C","E","") | J31: =IF('Age-Level'!H14="C","E","") | L31: =IF('Age-Level'!I24="A","E","") | N31: =IF('Age-Level'!J24="A","E","") | P31: =IF('Age-Level'!K24="A","E","") | R31: =IF('Age-Level'!L24="A","E","") | T31: =IF('Age-Level'!M24="A","E","") | V31: =IF('Age-Level'!N24="A","E","") | X31: =IF('Age-Level'!O24="A","E","") | Z31: =IF('Age-Level'!P24="A","E","") | AB31: =IF('Age-Level'!Q24="A","E","") | AD31: =IF('Age-Level'!R24="A","E","")
A32: ='Age-Level'!$B$15 -> Ambassador Volunteer in Training | B32: =IF('Age-Level'!D19="A","E","") | D32: =IF('Age-Level'!E19="A","E","") | F32: =IF('Age-Level'!F19="A","E","") | H32: =IF('Age-Level'!G19="A","E","") | J32: =IF('Age-Level'!H19="A","E","") | L32: =IF('Age-Level'!I19="A","E","") | N32: =IF('Age-Level'!J19="A","E","") | P32: =IF('Age-Level'!K19="A","E","") | R32: =IF('Age-Level'!L19="A","E","") | T32: =IF('Age-Level'!M19="A","E","") | V32: =IF('Age-Level'!N19="A","E","") | X32: =IF('Age-Level'!O19="A","E","") | Z32: =IF('Age-Level'!P19="A","E","") | AB32: =IF('Age-Level'!Q19="A","E","") | AD32: =IF('Age-Level'!R19="A","E","")
A33: ='Age-Level'!$B$20 -> Journey Summit Pin | B33: =IF('Age-Level'!D21="C","E","") | D33: =IF('Age-Level'!E21="C","E","") | F33: =IF('Age-Level'!F21="C","E","") | H33: =IF('Age-Level'!G21="C","E","") | J33: =IF('Age-Level'!H21="C","E","") | L33: =IF('Age-Level'!I21="C","E","") | N33: =IF('Age-Level'!J21="C","E","") | P33: =IF('Age-Level'!K21="C","E","") | R33: =IF('Age-Level'!L21="C","E","") | T33: =IF('Age-Level'!M21="C","E","") | V33: =IF('Age-Level'!N21="C","E","") | X33: =IF('Age-Level'!O21="C","E","") | Z33: =IF('Age-Level'!P21="C","E","") | AB33: =IF('Age-Level'!Q21="C","E","") | AD33: =IF('Age-Level'!R21="C","E","")
A34: ='Age-Level'!C23 -> Cookie Rally (Year 1) | B34: =IF('Age-Level'!D23="A","E","") | D34: =IF('Age-Level'!E23="A","E","") | F34: =IF('Age-Level'!F23="A","E","") | H34: =IF('Age-Level'!G23="A","E","") | J34: =IF('Age-Level'!H23="A","E","") | L34: =IF('Age-Level'!I23="A","E","") | N34: =IF('Age-Level'!J23="A","E","") | P34: =IF('Age-Level'!K23="A","E","") | R34: =IF('Age-Level'!L23="A","E","") | T34: =IF('Age-Level'!M23="A","E","") | V34: =IF('Age-Level'!N23="A","E","") | X34: =IF('Age-Level'!O23="A","E","") | Z34: =IF('Age-Level'!P23="A","E","") | AB34: =IF('Age-Level'!Q23="A","E","") | AD34: =IF('Age-Level'!R23="A","E","")
A35: ='Age-Level'!C24 -> Cookie Sales (Year 1) | B35: =IF('Age-Level'!D24="A","E","") | D35: =IF('Age-Level'!E24="A","E","") | F35: =IF('Age-Level'!F24="A","E","") | H35: =IF('Age-Level'!G24="A","E","") | J35: =IF('Age-Level'!H24="A","E","") | L35: =IF('Age-Level'!I24="A","E","") | N35: =IF('Age-Level'!J24="A","E","") | P35: =IF('Age-Level'!K24="A","E","") | R35: =IF('Age-Level'!L24="A","E","") | T35: =IF('Age-Level'!M24="A","E","") | V35: =IF('Age-Level'!N24="A","E","") | X35: =IF('Age-Level'!O24="A","E","") | Z35: =IF('Age-Level'!P24="A","E","") | AB35: =IF('Age-Level'!Q24="A","E","") | AD35: =IF('Age-Level'!R24="A","E","")
A36: ='Age-Level'!C25 -> Cookie Pin (Year 1) | B36: =IF('Age-Level'!D25="A","E","") | D36: =IF('Age-Level'!E25="A","E","") | F36: =IF('Age-Level'!F25="A","E","") | H36: =IF('Age-Level'!G25="A","E","") | J36: =IF('Age-Level'!H25="A","E","") | L36: =IF('Age-Level'!I25="A","E","") | N36: =IF('Age-Level'!J25="A","E","") | P36: =IF('Age-Level'!K25="A","E","") | R36: =IF('Age-Level'!L25="A","E","") | T36: =IF('Age-Level'!M25="A","E","") | V36: =IF('Age-Level'!N25="A","E","") | X36: =IF('Age-Level'!O25="A","E","") | Z36: =IF('Age-Level'!P25="A","E","") | AB36: =IF('Age-Level'!Q25="A","E","") | AD36: =IF('Age-Level'!R25="A","E","")
A37: ='Age-Level'!C26 -> Cookie Rally (Year 2) | B37: =IF('Age-Level'!D26="A","E","") | D37: =IF('Age-Level'!E26="A","E","") | F37: =IF('Age-Level'!F26="A","E","") | H37: =IF('Age-Level'!G26="A","E","") | J37: =IF('Age-Level'!H26="A","E","") | L37: =IF('Age-Level'!I26="A","E","") | N37: =IF('Age-Level'!J26="A","E","") | P37: =IF('Age-Level'!K26="A","E","") | R37: =IF('Age-Level'!L26="A","E","") | T37: =IF('Age-Level'!M26="A","E","") | V37: =IF('Age-Level'!N26="A","E","") | X37: =IF('Age-Level'!O26="A","E","") | Z37: =IF('Age-Level'!P26="A","E","") | AB37: =IF('Age-Level'!Q26="A","E","") | AD37: =IF('Age-Level'!R26="A","E","")
A38: ='Age-Level'!C27 -> Cookie Sales (Year 2) | B38: =IF('Age-Level'!D27="A","E","") | D38: =IF('Age-Level'!E27="A","E","") | F38: =IF('Age-Level'!F27="A","E","") | H38: =IF('Age-Level'!G27="A","E","") | J38: =IF('Age-Level'!H27="A","E","") | L38: =IF('Age-Level'!I27="A","E","") | N38: =IF('Age-Level'!J27="A","E","") | P38: =IF('Age-Level'!K27="A","E","") | R38: =IF('Age-Level'!L27="A","E","") | T38: =IF('Age-Level'!M27="A","E","") | V38: =IF('Age-Level'!N27="A","E","") | X38: =IF('Age-Level'!O27="A","E","") | Z38: =IF('Age-Level'!P27="A","E","") | AB38: =IF('Age-Level'!Q27="A","E","") | AD38: =IF('Age-Level'!R27="A","E","")
A39: ='Age-Level'!C28 -> Cookie Pin (Year 2) | B39: =IF('Age-Level'!D28="A","E","") | D39: =IF('Age-Level'!E28="A","E","") | F39: =IF('Age-Level'!F28="A","E","") | H39: =IF('Age-Level'!G28="A","E","") | J39: =IF('Age-Level'!H28="A","E","") | L39: =IF('Age-Level'!I28="A","E","") | N39: =IF('Age-Level'!J28="A","E","") | P39: =IF('Age-Level'!K28="A","E","") | R39: =IF('Age-Level'!L28="A","E","") | T39: =IF('Age-Level'!M28="A","E","") | V39: =IF('Age-Level'!N28="A","E","") | X39: =IF('Age-Level'!O28="A","E","") | Z39: =IF('Age-Level'!P28="A","E","") | AB39: =IF('Age-Level'!Q28="A","E","") | AD39: =IF('Age-Level'!R28="A","E","")
A40: ='Age-Level'!C30 -> Fall Sales (Year 1) | B40: =IF('Age-Level'!D30="A","E","") | D40: =IF('Age-Level'!E30="A","E","") | F40: =IF('Age-Level'!F30="A","E","") | H40: =IF('Age-Level'!G30="A","E","") | J40: =IF('Age-Level'!H30="A","E","") | L40: =IF('Age-Level'!I30="A","E","") | N40: =IF('Age-Level'!J30="A","E","") | P40: =IF('Age-Level'!K30="A","E","") | R40: =IF('Age-Level'!L30="A","E","") | T40: =IF('Age-Level'!M30="A","E","") | V40: =IF('Age-Level'!N30="A","E","") | X40: =IF('Age-Level'!O30="A","E","") | Z40: =IF('Age-Level'!P30="A","E","") | AB40: =IF('Age-Level'!Q30="A","E","") | AD40: =IF('Age-Level'!R30="A","E","")
A41: ='Age-Level'!C31 -> Fall Sales (Year 2) | B41: =IF('Age-Level'!D31="A","E","") | D41: =IF('Age-Level'!E31="A","E","") | F41: =IF('Age-Level'!F31="A","E","") | H41: =IF('Age-Level'!G31="A","E","") | J41: =IF('Age-Level'!H31="A","E","") | L41: =IF('Age-Level'!I31="A","E","") | N41: =IF('Age-Level'!J31="A","E","") | P41: =IF('Age-Level'!K31="A","E","") | R41: =IF('Age-Level'!L31="A","E","") | T41: =IF('Age-Level'!M31="A","E","") | V41: =IF('Age-Level'!N31="A","E","") | X41: =IF('Age-Level'!O31="A","E","") | Z41: =IF('Age-Level'!P31="A","E","") | AB41: =IF('Age-Level'!Q31="A","E","") | AD41: =IF('Age-Level'!R31="A","E","")
A42: ='Age-Level'!C33 -> Thinking Day (Year 1) | B42: =IF('Age-Level'!D33="A","E","") | D42: =IF('Age-Level'!E33="A","E","") | F42: =IF('Age-Level'!F33="A","E","") | H42: =IF('Age-Level'!G33="A","E","") | J42: =IF('Age-Level'!H33="A","E","") | L42: =IF('Age-Level'!I33="A","E","") | N42: =IF('Age-Level'!J33="A","E","") | P42: =IF('Age-Level'!K33="A","E","") | R42: =IF('Age-Level'!L33="A","E","") | T42: =IF('Age-Level'!M33="A","E","") | V42: =IF('Age-Level'!N33="A","E","") | X42: =IF('Age-Level'!O33="A","E","") | Z42: =IF('Age-Level'!P33="A","E","") | AB42: =IF('Age-Level'!Q33="A","E","") | AD42: =IF('Age-Level'!R33="A","E","")
A43: ='Age-Level'!C34 -> Thinking Day (Year 2) | B43: =IF('Age-Level'!D34="A","E","") | D43: =IF('Age-Level'!E34="A","E","") | F43: =IF('Age-Level'!F34="A","E","") | H43: =IF('Age-Level'!G34="A","E","") | J43: =IF('Age-Level'!H34="A","E","") | L43: =IF('Age-Level'!I34="A","E","") | N43: =IF('Age-Level'!J34="A","E","") | P43: =IF('Age-Level'!K34="A","E","") | R43: =IF('Age-Level'!L34="A","E","") | T43: =IF('Age-Level'!M34="A","E","") | V43: =IF('Age-Level'!N34="A","E","") | X43: =IF('Age-Level'!O34="A","E","") | Z43: =IF('Age-Level'!P34="A","E","") | AB43: =IF('Age-Level'!Q34="A","E","") | AD43: =IF('Age-Level'!R34="A","E","")
A44: ='Age-Level'!C36 -> Global Action Award | B44: =IF('Age-Level'!D36="A","E","") | D44: =IF('Age-Level'!E36="A","E","") | F44: =IF('Age-Level'!F36="A","E","") | H44: =IF('Age-Level'!G36="A","E","") | J44: =IF('Age-Level'!H36="A","E","") | L44: =IF('Age-Level'!I36="A","E","") | N44: =IF('Age-Level'!J36="A","E","") | P44: =IF('Age-Level'!K36="A","E","") | R44: =IF('Age-Level'!L36="A","E","") | T44: =IF('Age-Level'!M36="A","E","") | V44: =IF('Age-Level'!N36="A","E","") | X44: =IF('Age-Level'!O36="A","E","") | Z44: =IF('Age-Level'!P36="A","E","") | AB44: =IF('Age-Level'!Q36="A","E","") | AD44: =IF('Age-Level'!R36="A","E","")
A45: ='Age-Level'!C38 -> International Friendship Recognition | B45: =IF('Age-Level'!D38="A","E","") | D45: =IF('Age-Level'!E38="A","E","") | F45: =IF('Age-Level'!F38="A","E","") | H45: =IF('Age-Level'!G38="A","E","") | J45: =IF('Age-Level'!H38="A","E","") | L45: =IF('Age-Level'!I38="A","E","") | N45: =IF('Age-Level'!J38="A","E","") | P45: =IF('Age-Level'!K38="A","E","") | R45: =IF('Age-Level'!L38="A","E","") | T45: =IF('Age-Level'!M38="A","E","") | V45: =IF('Age-Level'!N38="A","E","") | X45: =IF('Age-Level'!O38="A","E","") | Z45: =IF('Age-Level'!P38="A","E","") | AB45: =IF('Age-Level'!Q38="A","E","") | AD45: =IF('Age-Level'!R38="A","E","")
A46: ='Age-Level'!C40 -> Investiture | B46: =IF('Age-Level'!D40="A","E","") | D46: =IF('Age-Level'!E40="A","E","") | F46: =IF('Age-Level'!F40="A","E","") | H46: =IF('Age-Level'!G40="A","E","") | J46: =IF('Age-Level'!H40="A","E","") | L46: =IF('Age-Level'!I40="A","E","") | N46: =IF('Age-Level'!J40="A","E","") | P46: =IF('Age-Level'!K40="A","E","") | R46: =IF('Age-Level'!L40="A","E","") | T46: =IF('Age-Level'!M40="A","E","") | V46: =IF('Age-Level'!N40="A","E","") | X46: =IF('Age-Level'!O40="A","E","") | Z46: =IF('Age-Level'!P40="A","E","") | AB46: =IF('Age-Level'!Q40="A","E","") | AD46: =IF('Age-Level'!R40="A","E","")
A47: ='Age-Level'!C41 -> Rededication (1st year) | B47: =IF('Age-Level'!D41="A","E","") | D47: =IF('Age-Level'!E41="A","E","") | F47: =IF('Age-Level'!F41="A","E","") | H47: =IF('Age-Level'!G41="A","E","") | J47: =IF('Age-Level'!H41="A","E","") | L47: =IF('Age-Level'!I41="A","E","") | N47: =IF('Age-Level'!J41="A","E","") | P47: =IF('Age-Level'!K41="A","E","") | R47: =IF('Age-Level'!L41="A","E","") | T47: =IF('Age-Level'!M41="A","E","") | V47: =IF('Age-Level'!N41="A","E","") | X47: =IF('Age-Level'!O41="A","E","") | Z47: =IF('Age-Level'!P41="A","E","") | AB47: =IF('Age-Level'!Q41="A","E","") | AD47: =IF('Age-Level'!R41="A","E","")
A48: ='Age-Level'!C42 -> Rededication (2nd year) | B48: =IF('Age-Level'!D42="A","E","") | D48: =IF('Age-Level'!E42="A","E","") | F48: =IF('Age-Level'!F42="A","E","") | H48: =IF('Age-Level'!G42="A","E","") | J48: =IF('Age-Level'!H42="A","E","") | L48: =IF('Age-Level'!I42="A","E","") | N48: =IF('Age-Level'!J42="A","E","") | P48: =IF('Age-Level'!K42="A","E","") | R48: =IF('Age-Level'!L42="A","E","") | T48: =IF('Age-Level'!M42="A","E","") | V48: =IF('Age-Level'!N42="A","E","") | X48: =IF('Age-Level'!O42="A","E","") | Z48: =IF('Age-Level'!P42="A","E","") | AB48: =IF('Age-Level'!Q42="A","E","") | AD48: =IF('Age-Level'!R42="A","E","")
A49: ='Age-Level'!B43 -> My Promise, My Faith (Year 1) | B49: =IF('Age-Level'!D49="A","E","") | D49: =IF('Age-Level'!E49="A","E","") | F49: =IF('Age-Level'!F49="A","E","") | H49: =IF('Age-Level'!G49="A","E","") | J49: =IF('Age-Level'!H49="A","E","") | L49: =IF('Age-Level'!I49="A","E","") | N49: =IF('Age-Level'!J49="A","E","") | P49: =IF('Age-Level'!K49="A","E","") | R49: =IF('Age-Level'!L49="A","E","") | T49: =IF('Age-Level'!M49="A","E","") | V49: =IF('Age-Level'!N49="A","E","") | X49: =IF('Age-Level'!O49="A","E","") | Z49: =IF('Age-Level'!P49="A","E","") | AB49: =IF('Age-Level'!Q49="A","E","") | AD49: =IF('Age-Level'!R49="A","E","")
A50: ='Age-Level'!B50 -> My Promise, My Faith (Year 2) | B50: =IF('Age-Level'!D56="A","E","") | D50: =IF('Age-Level'!E56="A","E","") | F50: =IF('Age-Level'!F56="A","E","") | H50: =IF('Age-Level'!G56="A","E","") | J50: =IF('Age-Level'!H56="A","E","") | L50: =IF('Age-Level'!I56="A","E","") | N50: =IF('Age-Level'!J56="A","E","") | P50: =IF('Age-Level'!K56="A","E","") | R50: =IF('Age-Level'!L56="A","E","") | T50: =IF('Age-Level'!M56="A","E","") | V50: =IF('Age-Level'!N56="A","E","") | X50: =IF('Age-Level'!O56="A","E","") | Z50: =IF('Age-Level'!P56="A","E","") | AB50: =IF('Age-Level'!Q56="A","E","") | AD50: =IF('Age-Level'!R56="A","E","")
A51: ='Age-Level'!B57 -> Safety Award | B51: =IF('Age-Level'!D63="A","E","") | D51: =IF('Age-Level'!E63="A","E","") | F51: =IF('Age-Level'!F63="A","E","") | H51: =IF('Age-Level'!G63="A","E","") | J51: =IF('Age-Level'!H63="A","E","") | L51: =IF('Age-Level'!I63="A","E","") | N51: =IF('Age-Level'!J63="A","E","") | P51: =IF('Age-Level'!K63="A","E","") | R51: =IF('Age-Level'!L63="A","E","") | T51: =IF('Age-Level'!M63="A","E","") | V51: =IF('Age-Level'!N63="A","E","") | X51: =IF('Age-Level'!O63="A","E","") | Z51: =IF('Age-Level'!P63="A","E","") | AB51: =IF('Age-Level'!Q63="A","E","") | AD51: =IF('Age-Level'!R63="A","E","")
A52: Bridging to Adults | B52: =IF(Bridging!D18="C","E","") | D52: =IF(Bridging!E18="C","E","") | F52: =IF(Bridging!F18="C","E","") | H52: =IF(Bridging!J18="C","E","") | J52: =IF(Bridging!H18="C","E","") | L52: =IF(Bridging!I18="C","E","") | N52: =IF(Bridging!J18="C","E","") | P52: =IF(Bridging!K18="C","E","") | R52: =IF(Bridging!L18="C","E","") | T52: =IF(Bridging!M18="C","E","") | V52: =IF(Bridging!N18="C","E","") | X52: =IF(Bridging!O18="C","E","") | Z52: =IF(Bridging!P18="C","E","") | AB52: =IF(Bridging!Q18="C","E","") | AD52: =IF(Bridging!R18="C","E","")
A53: Fun Patches
A54: ='Fun Patches'!C5 -> <LIST PATCH HERE> | B54: =IF('Fun Patches'!D5="A","E","") | D54: =IF('Fun Patches'!E5="A","E","") | F54: =IF('Fun Patches'!F5="A","E","") | H54: =IF('Fun Patches'!G5="A","E","") | J54: =IF('Fun Patches'!H5="A","E","") | L54: =IF('Fun Patches'!I5="A","E","") | N54: =IF('Fun Patches'!J5="A","E","") | P54: =IF('Fun Patches'!K5="A","E","") | R54: =IF('Fun Patches'!L5="A","E","") | T54: =IF('Fun Patches'!M5="A","E","") | V54: =IF('Fun Patches'!N5="A","E","") | X54: =IF('Fun Patches'!O5="A","E","") | Z54: =IF('Fun Patches'!P5="A","E","") | AB54: =IF('Fun Patches'!Q5="A","E","") | AD54: =IF('Fun Patches'!R5="A","E","")
A55: ='Fun Patches'!C6 -> <LIST PATCH HERE> | B55: =IF('Fun Patches'!D6="A","E","") | D55: =IF('Fun Patches'!E6="A","E","") | F55: =IF('Fun Patches'!F6="A","E","") | H55: =IF('Fun Patches'!G6="A","E","") | J55: =IF('Fun Patches'!H6="A","E","") | L55: =IF('Fun Patches'!I6="A","E","") | N55: =IF('Fun Patches'!J6="A","E","") | P55: =IF('Fun Patches'!K6="A","E","") | R55: =IF('Fun Patches'!L6="A","E","") | T55: =IF('Fun Patches'!M6="A","E","") | V55: =IF('Fun Patches'!N6="A","E","") | X55: =IF('Fun Patches'!O6="A","E","") | Z55: =IF('Fun Patches'!P6="A","E","") | AB55: =IF('Fun Patches'!Q6="A","E","") | AD55: =IF('Fun Patches'!R6="A","E","")
A56: ='Fun Patches'!C7 -> <LIST PATCH HERE> | B56: =IF('Fun Patches'!D7="A","E","") | D56: =IF('Fun Patches'!E7="A","E","") | F56: =IF('Fun Patches'!F7="A","E","") | H56: =IF('Fun Patches'!G7="A","E","") | J56: =IF('Fun Patches'!H7="A","E","") | L56: =IF('Fun Patches'!I7="A","E","") | N56: =IF('Fun Patches'!J7="A","E","") | P56: =IF('Fun Patches'!K7="A","E","") | R56: =IF('Fun Patches'!L7="A","E","") | T56: =IF('Fun Patches'!M7="A","E","") | V56: =IF('Fun Patches'!N7="A","E","") | X56: =IF('Fun Patches'!O7="A","E","") | Z56: =IF('Fun Patches'!P7="A","E","") | AB56: =IF('Fun Patches'!Q7="A","E","") | AD56: =IF('Fun Patches'!R7="A","E","")
A57: ='Fun Patches'!C8 -> <LIST PATCH HERE> | B57: =IF('Fun Patches'!D8="A","E","") | D57: =IF('Fun Patches'!E8="A","E","") | F57: =IF('Fun Patches'!F8="A","E","") | H57: =IF('Fun Patches'!G8="A","E","") | J57: =IF('Fun Patches'!H8="A","E","") | L57: =IF('Fun Patches'!I8="A","E","") | N57: =IF('Fun Patches'!J8="A","E","") | P57: =IF('Fun Patches'!K8="A","E","") | R57: =IF('Fun Patches'!L8="A","E","") | T57: =IF('Fun Patches'!M8="A","E","") | V57: =IF('Fun Patches'!N8="A","E","") | X57: =IF('Fun Patches'!O8="A","E","") | Z57: =IF('Fun Patches'!P8="A","E","") | AB57: =IF('Fun Patches'!Q8="A","E","") | AD57: =IF('Fun Patches'!R8="A","E","")
A58: ='Fun Patches'!C9 -> <LIST PATCH HERE> | B58: =IF('Fun Patches'!D9="A","E","") | D58: =IF('Fun Patches'!E9="A","E","") | F58: =IF('Fun Patches'!F9="A","E","") | H58: =IF('Fun Patches'!G9="A","E","") | J58: =IF('Fun Patches'!H9="A","E","") | L58: =IF('Fun Patches'!I9="A","E","") | N58: =IF('Fun Patches'!J9="A","E","") | P58: =IF('Fun Patches'!K9="A","E","") | R58: =IF('Fun Patches'!L9="A","E","") | T58: =IF('Fun Patches'!M9="A","E","") | V58: =IF('Fun Patches'!N9="A","E","") | X58: =IF('Fun Patches'!O9="A","E","") | Z58: =IF('Fun Patches'!P9="A","E","") | AB58: =IF('Fun Patches'!Q9="A","E","") | AD58: =IF('Fun Patches'!R9="A","E","")
A59: ='Fun Patches'!C10 -> <LIST PATCH HERE> | B59: =IF('Fun Patches'!D10="A","E","") | D59: =IF('Fun Patches'!E10="A","E","") | F59: =IF('Fun Patches'!F10="A","E","") | H59: =IF('Fun Patches'!G10="A","E","") | J59: =IF('Fun Patches'!H10="A","E","") | L59: =IF('Fun Patches'!I10="A","E","") | N59: =IF('Fun Patches'!J10="A","E","") | P59: =IF('Fun Patches'!K10="A","E","") | R59: =IF('Fun Patches'!L10="A","E","") | T59: =IF('Fun Patches'!M10="A","E","") | V59: =IF('Fun Patches'!N10="A","E","") | X59: =IF('Fun Patches'!O10="A","E","") | Z59: =IF('Fun Patches'!P10="A","E","") | AB59: =IF('Fun Patches'!Q10="A","E","") | AD59: =IF('Fun Patches'!R10="A","E","")
A60: ='Fun Patches'!C11 -> <LIST PATCH HERE> | B60: =IF('Fun Patches'!D11="A","E","") | D60: =IF('Fun Patches'!E11="A","E","") | F60: =IF('Fun Patches'!F11="A","E","") | H60: =IF('Fun Patches'!G11="A","E","") | J60: =IF('Fun Patches'!H11="A","E","") | L60: =IF('Fun Patches'!I11="A","E","") | N60: =IF('Fun Patches'!J11="A","E","") | P60: =IF('Fun Patches'!K11="A","E","") | R60: =IF('Fun Patches'!L11="A","E","") | T60: =IF('Fun Patches'!M11="A","E","") | V60: =IF('Fun Patches'!N11="A","E","") | X60: =IF('Fun Patches'!O11="A","E","") | Z60: =IF('Fun Patches'!P11="A","E","") | AB60: =IF('Fun Patches'!Q11="A","E","") | AD60: =IF('Fun Patches'!R11="A","E","")
A61: ='Fun Patches'!C12 -> <LIST PATCH HERE> | B61: =IF('Fun Patches'!D12="A","E","") | D61: =IF('Fun Patches'!E12="A","E","") | F61: =IF('Fun Patches'!F12="A","E","") | H61: =IF('Fun Patches'!G12="A","E","") | J61: =IF('Fun Patches'!H12="A","E","") | L61: =IF('Fun Patches'!I12="A","E","") | N61: =IF('Fun Patches'!J12="A","E","") | P61: =IF('Fun Patches'!K12="A","E","") | R61: =IF('Fun Patches'!L12="A","E","") | T61: =IF('Fun Patches'!M12="A","E","") | V61: =IF('Fun Patches'!N12="A","E","") | X61: =IF('Fun Patches'!O12="A","E","") | Z61: =IF('Fun Patches'!P12="A","E","") | AB61: =IF('Fun Patches'!Q12="A","E","") | AD61: =IF('Fun Patches'!R12="A","E","")
A62: ='Fun Patches'!C13 -> <LIST PATCH HERE> | B62: =IF('Fun Patches'!D13="A","E","") | D62: =IF('Fun Patches'!E13="A","E","") | F62: =IF('Fun Patches'!F13="A","E","") | H62: =IF('Fun Patches'!G13="A","E","") | J62: =IF('Fun Patches'!H13="A","E","") | L62: =IF('Fun Patches'!I13="A","E","") | N62: =IF('Fun Patches'!J13="A","E","") | P62: =IF('Fun Patches'!K13="A","E","") | R62: =IF('Fun Patches'!L13="A","E","") | T62: =IF('Fun Patches'!M13="A","E","") | V62: =IF('Fun Patches'!N13="A","E","") | X62: =IF('Fun Patches'!O13="A","E","") | Z62: =IF('Fun Patches'!P13="A","E","") | AB62: =IF('Fun Patches'!Q13="A","E","") | AD62: =IF('Fun Patches'!R13="A","E","")
A63: ='Fun Patches'!C14 -> <LIST PATCH HERE> | B63: =IF('Fun Patches'!D14="A","E","") | D63: =IF('Fun Patches'!E14="A","E","") | F63: =IF('Fun Patches'!F14="A","E","") | H63: =IF('Fun Patches'!G14="A","E","") | J63: =IF('Fun Patches'!H14="A","E","") | L63: =IF('Fun Patches'!I14="A","E","") | N63: =IF('Fun Patches'!J14="A","E","") | P63: =IF('Fun Patches'!K14="A","E","") | R63: =IF('Fun Patches'!L14="A","E","") | T63: =IF('Fun Patches'!M14="A","E","") | V63: =IF('Fun Patches'!N14="A","E","") | X63: =IF('Fun Patches'!O14="A","E","") | Z63: =IF('Fun Patches'!P14="A","E","") | AB63: =IF('Fun Patches'!Q14="A","E","") | AD63: =IF('Fun Patches'!R14="A","E","")
A64: ='Fun Patches'!C15 -> <LIST PATCH HERE> | B64: =IF('Fun Patches'!D15="A","E","") | D64: =IF('Fun Patches'!E15="A","E","") | F64: =IF('Fun Patches'!F15="A","E","") | H64: =IF('Fun Patches'!G15="A","E","") | J64: =IF('Fun Patches'!H15="A","E","") | L64: =IF('Fun Patches'!I15="A","E","") | N64: =IF('Fun Patches'!J15="A","E","") | P64: =IF('Fun Patches'!K15="A","E","") | R64: =IF('Fun Patches'!L15="A","E","") | T64: =IF('Fun Patches'!M15="A","E","") | V64: =IF('Fun Patches'!N15="A","E","") | X64: =IF('Fun Patches'!O15="A","E","") | Z64: =IF('Fun Patches'!P15="A","E","") | AB64: =IF('Fun Patches'!Q15="A","E","") | AD64: =IF('Fun Patches'!R15="A","E","")
A65: ='Fun Patches'!C16 -> <LIST PATCH HERE> | B65: =IF('Fun Patches'!D16="A","E","") | D65: =IF('Fun Patches'!E16="A","E","") | F65: =IF('Fun Patches'!F16="A","E","") | H65: =IF('Fun Patches'!G16="A","E","") | J65: =IF('Fun Patches'!H16="A","E","") | L65: =IF('Fun Patches'!I16="A","E","") | N65: =IF('Fun Patches'!J16="A","E","") | P65: =IF('Fun Patches'!K16="A","E","") | R65: =IF('Fun Patches'!L16="A","E","") | T65: =IF('Fun Patches'!M16="A","E","") | V65: =IF('Fun Patches'!N16="A","E","") | X65: =IF('Fun Patches'!O16="A","E","") | Z65: =IF('Fun Patches'!P16="A","E","") | AB65: =IF('Fun Patches'!Q16="A","E","") | AD65: =IF('Fun Patches'!R16="A","E","")
... A87: ='Fun Patches'!C38 -> <LIST PATCH HERE> | B87: =IF('Fun Patches'!D38="A","E","") | D87: =IF('Fun Patches'!E38="A","E","") | F87: =IF('Fun Patches'!F38="A","E","") | H87: =IF('Fun Patches'!G38="A","E","") | J87: =IF('Fun Patches'!H38="A","E","") | L87: =IF('Fun Patches'!I38="A","E","") | N87: =IF('Fun Patches'!J38="A","E","") | P87: =IF('Fun Patches'!K38="A","E","") | R87: =IF('Fun Patches'!L38="A","E","") | T87: =IF('Fun Patches'!M38="A","E","") | V87: =IF('Fun Patches'!N38="A","E","") | X87: =IF('Fun Patches'!O38="A","E","") | Z87: =IF('Fun Patches'!P38="A","E","") | AB87: =IF('Fun Patches'!Q38="A","E","") | AD87: =IF('Fun Patches'!R38="A","E","")

Sheet Order
A1: Patches | B1: Quantity | D1: Patches | E1: Quantity
A2: =Summary!A3 -> Legacy | D2: Age-Level Awards (cont'd)
A3: =Summary!A4 -> Photography | B3: =IF((COUNTIF(Summary!B4:AE4,"E")-COUNTIF(Summary!B4:AE4,"Y")>0),(COUNTIF(Summary!B4:AE4,"E")-COUNTIF(Summary!B4:AE4,"Y")),"") | D3: =Summary!A44 -> Global Action Award | E3: =IF((COUNTIF(Summary!B44:AE44,"E")-COUNTIF(Summary!B44:AE44,"Y")>0),(COUNTIF(Summary!B44:AE44,"E")-COUNTIF(Summary!B44:AE44,"Y")),"")
A4: =Summary!A5 -> Coaching | B4: =IF((COUNTIF(Summary!B5:AE5,"E")-COUNTIF(Summary!B5:AE5,"Y")>0),(COUNTIF(Summary!B5:AE5,"E")-COUNTIF(Summary!B5:AE5,"Y")),"") | D4: =Summary!A45 -> International Friendship Recognition | E4: =IF((COUNTIF(Summary!B45:AE45,"E")-COUNTIF(Summary!B45:AE45,"Y")>0),(COUNTIF(Summary!B45:AE45,"E")-COUNTIF(Summary!B45:AE45,"Y")),"")
A5: =Summary!A6 -> Public Policy | B5: =IF((COUNTIF(Summary!B6:AE6,"E")-COUNTIF(Summary!B6:AE6,"Y")>0),(COUNTIF(Summary!B6:AE6,"E")-COUNTIF(Summary!B6:AE6,"Y")),"") | D5: =Summary!A46 -> Investiture | E5: =IF((COUNTIF(Summary!B46:AE46,"E")-COUNTIF(Summary!B46:AE46,"Y")>0),(COUNTIF(Summary!B46:AE46,"E")-COUNTIF(Summary!B46:AE46,"Y")),"")
A6: =Summary!A7 -> Dinner Party | B6: =IF((COUNTIF(Summary!B7:AE7,"E")-COUNTIF(Summary!B7:AE7,"Y")>0),(COUNTIF(Summary!B7:AE7,"E")-COUNTIF(Summary!B7:AE7,"Y")),"") | D6: =Summary!A47 -> Rededication (1st year) | E6: =IF((COUNTIF(Summary!B47:AE47,"E")-COUNTIF(Summary!B47:AE47,"Y")>0),(COUNTIF(Summary!B47:AE47,"E")-COUNTIF(Summary!B47:AE47,"Y")),"")
A7: =Summary!A8 -> Ambassador First Aid | B7: =IF((COUNTIF(Summary!B8:AE8,"E")-COUNTIF(Summary!B8:AE8,"Y")>0),(COUNTIF(Summary!B8:AE8,"E")-COUNTIF(Summary!B8:AE8,"Y")),"") | D7: =Summary!A48 -> Rededication (2nd year) | E7: =IF((COUNTIF(Summary!B48:AE48,"E")-COUNTIF(Summary!B48:AE48,"Y")>0),(COUNTIF(Summary!B48:AE48,"E")-COUNTIF(Summary!B48:AE48,"Y")),"")
A8: =Summary!A9 -> Ambassador Girl Scout Way | B8: =IF((COUNTIF(Summary!B9:AE9,"E")-COUNTIF(Summary!B9:AE9,"Y")>0),(COUNTIF(Summary!B9:AE9,"E")-COUNTIF(Summary!B9:AE9,"Y")),"") | D8: =Summary!A49 -> My Promise, My Faith (Year 1) | E8: =IF((COUNTIF(Summary!B49:AE49,"E")-COUNTIF(Summary!B49:AE49,"Y")>0),(COUNTIF(Summary!B49:AE49,"E")-COUNTIF(Summary!B49:AE49,"Y")),"")
A9: =Summary!A10 -> Water | B9: =IF((COUNTIF(Summary!B10:AE10,"E")-COUNTIF(Summary!B10:AE10,"Y")>0),(COUNTIF(Summary!B10:AE10,"E")-COUNTIF(Summary!B10:AE10,"Y")),"") | D9: =Summary!A50 -> My Promise, My Faith (Year 2) | E9: =IF((COUNTIF(Summary!B50:AE50,"E")-COUNTIF(Summary!B50:AE50,"Y")>0),(COUNTIF(Summary!B50:AE50,"E")-COUNTIF(Summary!B50:AE50,"Y")),"")
A10: =Summary!A11 -> Financial Literacy | D10: =Summary!A51 -> Safety Award | E10: =IF((COUNTIF(Summary!B51:AE51,"E")-COUNTIF(Summary!B51:AE51,"Y")>0),(COUNTIF(Summary!B51:AE51,"E")-COUNTIF(Summary!B51:AE51,"Y")),"")
A11: =Summary!A12 -> On My Own | B11: =IF((COUNTIF(Summary!B12:AE12,"E")-COUNTIF(Summary!B12:AE12,"Y")>0),(COUNTIF(Summary!B12:AE12,"E")-COUNTIF(Summary!B12:AE12,"Y")),"") | D11: =Summary!A52 -> Bridging to Adults | E11: =IF((COUNTIF(Summary!B52:AE52,"E")-COUNTIF(Summary!B52:AE52,"Y")>0),(COUNTIF(Summary!B52:AE52,"E")-COUNTIF(Summary!B52:AE52,"Y")),"")
A12: =Summary!A13 -> Good Credit | B12: =IF((COUNTIF(Summary!B13:AE13,"E")-COUNTIF(Summary!B13:AE13,"Y")>0),(COUNTIF(Summary!B13:AE13,"E")-COUNTIF(Summary!B13:AE13,"Y")),"") | D12: Fun Patches
A13: =Summary!A14 -> Cookie Business | D13: =Summary!A54 -> <LIST PATCH HERE> | E13: =IF((COUNTIF(Summary!B54:AE54,"E")-COUNTIF(Summary!B54:AE54,"Y")>0),(COUNTIF(Summary!B54:AE54,"E")-COUNTIF(Summary!B54:AE54,"Y")),"")
A14: =Summary!A15 -> Research and Development | B14: =IF((COUNTIF(Summary!B15:AE15,"E")-COUNTIF(Summary!B15:AE15,"Y")>0),(COUNTIF(Summary!B15:AE15,"E")-COUNTIF(Summary!B15:AE15,"Y")),"") | D14: =Summary!A55 -> <LIST PATCH HERE> | E14: =IF((COUNTIF(Summary!B55:AE55,"E")-COUNTIF(Summary!B55:AE55,"Y")>0),(COUNTIF(Summary!B55:AE55,"E")-COUNTIF(Summary!B55:AE55,"Y")),"")
A15: =Summary!A16 -> P & L | B15: =IF((COUNTIF(Summary!B16:AE16,"E")-COUNTIF(Summary!B16:AE16,"Y")>0),(COUNTIF(Summary!B16:AE16,"E")-COUNTIF(Summary!B16:AE16,"Y")),"") | D15: =Summary!A56 -> <LIST PATCH HERE> | E15: =IF((COUNTIF(Summary!B56:AE56,"E")-COUNTIF(Summary!B56:AE56,"Y")>0),(COUNTIF(Summary!B56:AE56,"E")-COUNTIF(Summary!B56:AE56,"Y")),"")
A16: Journey Awards | D16: =Summary!A57 -> <LIST PATCH HERE> | E16: =IF((COUNTIF(Summary!B57:AE57,"E")-COUNTIF(Summary!B57:AE57,"Y")>0),(COUNTIF(Summary!B57:AE57,"E")-COUNTIF(Summary!B57:AE57,"Y")),"")
A17: =Summary!A19 -> JUSTICE | B17: =IF((COUNTIF(Summary!B18:AE18,"E")-COUNTIF(Summary!B18:AE18,"Y")>0),(COUNTIF(Summary!B18:AE18,"E")-COUNTIF(Summary!B18:AE18,"Y")),"") | D17: =Summary!A58 -> <LIST PATCH HERE> | E17: =IF((COUNTIF(Summary!B58:AE58,"E")-COUNTIF(Summary!B58:AE58,"Y")>0),(COUNTIF(Summary!B58:AE58,"E")-COUNTIF(Summary!B58:AE58,"Y")),"")
A18: =Summary!A20 -> BLISS: Live it! Give It! | B18: =IF((COUNTIF(Summary!B19:AE19,"E")-COUNTIF(Summary!B19:AE19,"Y")>0),(COUNTIF(Summary!B19:AE19,"E")-COUNTIF(Summary!B19:AE19,"Y")),"") | D18: =Summary!A59 -> <LIST PATCH HERE> | E18: =IF((COUNTIF(Summary!B59:AE59,"E")-COUNTIF(Summary!B59:AE59,"Y")>0),(COUNTIF(Summary!B59:AE59,"E")-COUNTIF(Summary!B59:AE59,"Y")),"")
A19: =Summary!A21 -> Council's Own | B19: =IF((COUNTIF(Summary!B20:AE20,"E")-COUNTIF(Summary!B20:AE20,"Y")>0),(COUNTIF(Summary!B20:AE20,"E")-COUNTIF(Summary!B20:AE20,"Y")),"") | D19: =Summary!A60 -> <LIST PATCH HERE> | E19: =IF((COUNTIF(Summary!B60:AE60,"E")-COUNTIF(Summary!B60:AE60,"Y")>0),(COUNTIF(Summary!B60:AE60,"E")-COUNTIF(Summary!B60:AE60,"Y")),"")
A20: =Summary!A21 -> Council's Own | D20: =Summary!A61 -> <LIST PATCH HERE> | E20: =IF((COUNTIF(Summary!B61:AE61,"E")-COUNTIF(Summary!B61:AE61,"Y")>0),(COUNTIF(Summary!B61:AE61,"E")-COUNTIF(Summary!B61:AE61,"Y")),"")
A21: =Summary!A22 -> <<List Badge Here>> | B21: =IF((COUNTIF(Summary!B22:AE22,"E")-COUNTIF(Summary!B22:AE22,"Y")>0),(COUNTIF(Summary!B22:AE22,"E")-COUNTIF(Summary!B22:AE22,"Y")),"") | D21: =Summary!A62 -> <LIST PATCH HERE> | E21: =IF((COUNTIF(Summary!B62:AE62,"E")-COUNTIF(Summary!B62:AE62,"Y")>0),(COUNTIF(Summary!B62:AE62,"E")-COUNTIF(Summary!B62:AE62,"Y")),"")
A22: =Summary!A23 -> <<List Badge Here>> | B22: =IF((COUNTIF(Summary!B23:AE23,"E")-COUNTIF(Summary!B23:AE23,"Y")>0),(COUNTIF(Summary!B23:AE23,"E")-COUNTIF(Summary!B23:AE23,"Y")),"") | D22: =Summary!A63 -> <LIST PATCH HERE> | E22: =IF((COUNTIF(Summary!B63:AE63,"E")-COUNTIF(Summary!B63:AE63,"Y")>0),(COUNTIF(Summary!B63:AE63,"E")-COUNTIF(Summary!B63:AE63,"Y")),"")
A23: =Summary!A24 -> <<List Badge Here>> | B23: =IF((COUNTIF(Summary!B24:AE24,"E")-COUNTIF(Summary!B24:AE24,"Y")>0),(COUNTIF(Summary!B24:AE24,"E")-COUNTIF(Summary!B24:AE24,"Y")),"") | D23: =Summary!A64 -> <LIST PATCH HERE> | E23: =IF((COUNTIF(Summary!B64:AE64,"E")-COUNTIF(Summary!B64:AE64,"Y")>0),(COUNTIF(Summary!B64:AE64,"E")-COUNTIF(Summary!B64:AE64,"Y")),"")
A24: =Summary!A25 -> <<List Badge Here>> | B24: =IF((COUNTIF(Summary!B25:AE25,"E")-COUNTIF(Summary!B25:AE25,"Y")>0),(COUNTIF(Summary!B25:AE25,"E")-COUNTIF(Summary!B25:AE25,"Y")),"") | D24: =Summary!A65 -> <LIST PATCH HERE> | E24: =IF((COUNTIF(Summary!B65:AE65,"E")-COUNTIF(Summary!B65:AE65,"Y")>0),(COUNTIF(Summary!B65:AE65,"E")-COUNTIF(Summary!B65:AE65,"Y")),"")
A25: =Summary!A26 -> <<List Badge Here>> | B25: =IF((COUNTIF(Summary!B26:AE26,"E")-COUNTIF(Summary!B26:AE26,"Y")>0),(COUNTIF(Summary!B26:AE26,"E")-COUNTIF(Summary!B26:AE26,"Y")),"") | D25: =Summary!A66 -> <LIST PATCH HERE> | E25: =IF((COUNTIF(Summary!B66:AE66,"E")-COUNTIF(Summary!B66:AE66,"Y")>0),(COUNTIF(Summary!B66:AE66,"E")-COUNTIF(Summary!B66:AE66,"Y")),"")
A26: =Summary!A27 -> <<List Badge Here>> | B26: =IF((COUNTIF(Summary!B27:AE27,"E")-COUNTIF(Summary!B27:AE27,"Y")>0),(COUNTIF(Summary!B27:AE27,"E")-COUNTIF(Summary!B27:AE27,"Y")),"") | D26: =Summary!A67 -> <LIST PATCH HERE> | E26: =IF((COUNTIF(Summary!B67:AE67,"E")-COUNTIF(Summary!B67:AE67,"Y")>0),(COUNTIF(Summary!B67:AE67,"E")-COUNTIF(Summary!B67:AE67,"Y")),"")
A27: =Summary!A28 -> Age-Level Awards | D27: =Summary!A68 -> <LIST PATCH HERE> | E27: =IF((COUNTIF(Summary!B68:AE68,"E")-COUNTIF(Summary!B68:AE68,"Y")>0),(COUNTIF(Summary!B68:AE68,"E")-COUNTIF(Summary!B68:AE68,"Y")),"")
A28: =Summary!A29 -> Gold Torch Award | B28: =IF((COUNTIF(Summary!B29:AE29,"E")-COUNTIF(Summary!B29:AE29,"Y")>0),(COUNTIF(Summary!B29:AE29,"E")-COUNTIF(Summary!B29:AE29,"Y")),"") | D28: =Summary!A69 -> <LIST PATCH HERE> | E28: =IF((COUNTIF(Summary!B69:AE69,"E")-COUNTIF(Summary!B69:AE69,"Y")>0),(COUNTIF(Summary!B69:AE69,"E")-COUNTIF(Summary!B69:AE69,"Y")),"")
A29: =Summary!A30 -> Ambassador Community Service bar | B29: =IF((COUNTIF(Summary!B30:AE30,"E")-COUNTIF(Summary!B30:AE30,"Y")>0),(COUNTIF(Summary!B30:AE30,"E")-COUNTIF(Summary!B30:AE30,"Y")),"") | D29: =Summary!A70 -> <LIST PATCH HERE> | E29: =IF((COUNTIF(Summary!B70:AE70,"E")-COUNTIF(Summary!B70:AE70,"Y")>0),(COUNTIF(Summary!B70:AE70,"E")-COUNTIF(Summary!B70:AE70,"Y")),"")
A30: =Summary!A31 -> Ambassador Service to Girl Scouting bar | B30: =IF((COUNTIF(Summary!B31:AE31,"E")-COUNTIF(Summary!B31:AE31,"Y")>0),(COUNTIF(Summary!B31:AE31,"E")-COUNTIF(Summary!B31:AE31,"Y")),"") | D30: =Summary!A71 -> <LIST PATCH HERE> | E30: =IF((COUNTIF(Summary!B71:AE71,"E")-COUNTIF(Summary!B71:AE71,"Y")>0),(COUNTIF(Summary!B71:AE71,"E")-COUNTIF(Summary!B71:AE71,"Y")),"")
A31: =Summary!A32 -> Ambassador Volunteer in Training | B31: =IF((COUNTIF(Summary!B32:AE32,"E")-COUNTIF(Summary!B32:AE32,"Y")>0),(COUNTIF(Summary!B32:AE32,"E")-COUNTIF(Summary!B32:AE32,"Y")),"") | D31: =Summary!A72 -> <LIST PATCH HERE> | E31: =IF((COUNTIF(Summary!B72:AE72,"E")-COUNTIF(Summary!B72:AE72,"Y")>0),(COUNTIF(Summary!B72:AE72,"E")-COUNTIF(Summary!B72:AE72,"Y")),"")
A32: =Summary!A33 -> Journey Summit Pin | B32: =IF((COUNTIF(Summary!B33:AE33,"E")-COUNTIF(Summary!B33:AE33,"Y")>0),(COUNTIF(Summary!B33:AE33,"E")-COUNTIF(Summary!B33:AE33,"Y")),"") | D32: =Summary!A73 -> <LIST PATCH HERE> | E32: =IF((COUNTIF(Summary!B73:AE73,"E")-COUNTIF(Summary!B73:AE73,"Y")>0),(COUNTIF(Summary!B73:AE73,"E")-COUNTIF(Summary!B73:AE73,"Y")),"")
A33: =Summary!A34 -> Cookie Rally (Year 1) | B33: =IF((COUNTIF(Summary!B34:AE34,"E")-COUNTIF(Summary!B34:AE34,"Y")>0),(COUNTIF(Summary!B34:AE34,"E")-COUNTIF(Summary!B34:AE34,"Y")),"") | D33: =Summary!A74 -> <LIST PATCH HERE> | E33: =IF((COUNTIF(Summary!B74:AE74,"E")-COUNTIF(Summary!B74:AE74,"Y")>0),(COUNTIF(Summary!B74:AE74,"E")-COUNTIF(Summary!B74:AE74,"Y")),"")
A34: =Summary!A35 -> Cookie Sales (Year 1) | B34: =IF((COUNTIF(Summary!B35:AE35,"E")-COUNTIF(Summary!B35:AE35,"Y")>0),(COUNTIF(Summary!B35:AE35,"E")-COUNTIF(Summary!B35:AE35,"Y")),"") | D34: =Summary!A75 -> <LIST PATCH HERE> | E34: =IF((COUNTIF(Summary!B75:AE75,"E")-COUNTIF(Summary!B75:AE75,"Y")>0),(COUNTIF(Summary!B75:AE75,"E")-COUNTIF(Summary!B75:AE75,"Y")),"")
A35: =Summary!A36 -> Cookie Pin (Year 1) | B35: =IF((COUNTIF(Summary!B36:AE36,"E")-COUNTIF(Summary!B36:AE36,"Y")>0),(COUNTIF(Summary!B36:AE36,"E")-COUNTIF(Summary!B36:AE36,"Y")),"") | D35: =Summary!A76 -> <LIST PATCH HERE> | E35: =IF((COUNTIF(Summary!B76:AE76,"E")-COUNTIF(Summary!B76:AE76,"Y")>0),(COUNTIF(Summary!B76:AE76,"E")-COUNTIF(Summary!B76:AE76,"Y")),"")
A36: =Summary!A37 -> Cookie Rally (Year 2) | B36: =IF((COUNTIF(Summary!B37:AE37,"E")-COUNTIF(Summary!B37:AE37,"Y")>0),(COUNTIF(Summary!B37:AE37,"E")-COUNTIF(Summary!B37:AE37,"Y")),"") | D36: =Summary!A77 -> <LIST PATCH HERE> | E36: =IF((COUNTIF(Summary!B77:AE77,"E")-COUNTIF(Summary!B77:AE77,"Y")>0),(COUNTIF(Summary!B77:AE77,"E")-COUNTIF(Summary!B77:AE77,"Y")),"")
A37: =Summary!A38 -> Cookie Sales (Year 2) | B37: =IF((COUNTIF(Summary!B38:AE38,"E")-COUNTIF(Summary!B38:AE38,"Y")>0),(COUNTIF(Summary!B38:AE38,"E")-COUNTIF(Summary!B38:AE38,"Y")),"") | D37: =Summary!A78 -> <LIST PATCH HERE> | E37: =IF((COUNTIF(Summary!B78:AE78,"E")-COUNTIF(Summary!B78:AE78,"Y")>0),(COUNTIF(Summary!B78:AE78,"E")-COUNTIF(Summary!B78:AE78,"Y")),"")
A38: =Summary!A39 -> Cookie Pin (Year 2) | B38: =IF((COUNTIF(Summary!B39:AE39,"E")-COUNTIF(Summary!B39:AE39,"Y")>0),(COUNTIF(Summary!B39:AE39,"E")-COUNTIF(Summary!B39:AE39,"Y")),"") | D38: =Summary!A79 -> <LIST PATCH HERE> | E38: =IF((COUNTIF(Summary!B79:AE79,"E")-COUNTIF(Summary!B79:AE79,"Y")>0),(COUNTIF(Summary!B79:AE79,"E")-COUNTIF(Summary!B79:AE79,"Y")),"")
A39: =Summary!A40 -> Fall Sales (Year 1) | B39: =IF((COUNTIF(Summary!B40:AE40,"E")-COUNTIF(Summary!B40:AE40,"Y")>0),(COUNTIF(Summary!B40:AE40,"E")-COUNTIF(Summary!B40:AE40,"Y")),"") | D39: =Summary!A83 -> <LIST PATCH HERE> | E39: =IF((COUNTIF(Summary!B83:AE83,"E")-COUNTIF(Summary!B83:AE83,"Y")>0),(COUNTIF(Summary!B83:AE83,"E")-COUNTIF(Summary!B83:AE83,"Y")),"")
A40: =Summary!A41 -> Fall Sales (Year 2) | B40: =IF((COUNTIF(Summary!B41:AE41,"E")-COUNTIF(Summary!B41:AE41,"Y")>0),(COUNTIF(Summary!B41:AE41,"E")-COUNTIF(Summary!B41:AE41,"Y")),"") | D40: =Summary!A84 -> <LIST PATCH HERE> | E40: =IF((COUNTIF(Summary!B84:AE84,"E")-COUNTIF(Summary!B84:AE84,"Y")>0),(COUNTIF(Summary!B84:AE84,"E")-COUNTIF(Summary!B84:AE84,"Y")),"")
A41: =Summary!A42 -> Thinking Day (Year 1) | B41: =IF((COUNTIF(Summary!B42:AE42,"E")-COUNTIF(Summary!B42:AE42,"Y")>0),(COUNTIF(Summary!B42:AE42,"E")-COUNTIF(Summary!B42:AE42,"Y")),"") | D41: =Summary!A86 -> <LIST PATCH HERE> | E41: =IF((COUNTIF(Summary!B86:AE86,"E")-COUNTIF(Summary!B86:AE86,"Y")>0),(COUNTIF(Summary!B86:AE86,"E")-COUNTIF(Summary!B86:AE86,"Y")),"")
A42: =Summary!A43 -> Thinking Day (Year 2) | B42: =IF((COUNTIF(Summary!B43:AE43,"E")-COUNTIF(Summary!B43:AE43,"Y")>0),(COUNTIF(Summary!B43:AE43,"E")-COUNTIF(Summary!B43:AE43,"Y")),"") | D42: =Summary!A87 -> <LIST PATCH HERE> | E42: =IF((COUNTIF(Summary!B87:AE87,"E")-COUNTIF(Summary!B87:AE87,"Y")>0),(COUNTIF(Summary!B87:AE87,"E")-COUNTIF(Summary!B87:AE87,"Y")),"")

Sheet ambassador 1
A1: =MID(CELL("filename",A1),FIND(IF(ISERROR(FIND("]",CELL("filename",A1))),"$","]"),CELL("filename",A1))+1,256) -> ambassador 1 | E1: Badges | I1: Badges | M1: Badges | Q1: Age-Level Patches
C2: Page 1 | E2: =Badges!B6 -> Photography | I2: 3 | J2: =Badges!C61 -> Dig into national or state public policy | M2: 3 | N2: =Badges!C130 -> Share sisterhood around the world | Q2: ='Age-Level'!B5 -> Gold Torch Award | S2: =IF('Age-Level'!D8="C","C",IF('Age-Level'!D8="P","P",""))
A3: Badges Summary Total: | C3: =INT(COUNTIF(C5:C12,"C"))+INT(COUNTIF(C14:C26,"C")) -> 0 | E3: 1 | F3: =Badges!C7 -> Expore the power of photography | J3: =Badges!C62 -> Track your issue | K3: =IF(Badges!D62="A","A"," ") | N3: =Badges!C131 -> Explore an issue affecting girls and | O3: =IF(Badges!D131="A","A"," ") | Q3: ='Age-Level'!B9 -> Ambassador Community Service bar | S3: =IF('Age-Level'!D9="C","C",IF('Age-Level'!D9="P","P",""))
A4: =Summary!A3 -> Legacy | F4: =Badges!C8 -> Go to a photography exhibit | G4: =IF(Badges!D8="A","A"," ") | J4: =Badges!C63 -> Talk to an interest gorup that promotes | K4: =IF(Badges!D63="A","A"," ") | N4: =Badges!C132 -> Organize an event on women and STEM | O4: =IF(Badges!D132="A","A"," ") | Q4: ='Age-Level'!B12 -> Ambassador Service to Girl Scouting bar | S4: =IF('Age-Level'!D10="C","C",IF('Age-Level'!D10="P","P",""))
A5: =Summary!A4 -> Photography | C5: =IF(Badges!D28="C","C",IF(Badges!D28="P","P","")) | F5: =Badges!C9 -> Create a photography timeline. | G5: =IF(Badges!D9="A","A"," ") | J5: =Badges!C64 -> Compare three different states' positions | K5: =IF(Badges!D64="A","A"," ") | N5: =Badges!C133 -> Interview a global citizen | O5: =IF(Badges!D133="A","A"," ") | Q5: ='Age-Level'!B15 -> Ambassador Volunteer in Training | S5: =IF('Age-Level'!D19="C","C",IF('Age-Level'!D19="P","P",""))
A6: =Summary!A5 -> Coaching | C6: =IF(Badges!D51="C","C",IF(Badges!D51="P","P","")) | F6: =Badges!C10 -> Make sticky-note comics | G6: =IF(Badges!D10="A","A"," ") | I6: 4 | J6: =Badges!C65 -> Explore local or community policy | M6: 4 | N6: =Badges!C134 -> Leave your wolrd better than you found it | Q6: ='Age-Level'!B20 -> Journey Summit Pin | S6: =IF('Age-Level'!D21="C","C",IF('Age-Level'!D21="P","P",""))
A7: =Summary!A6 -> Public Policy | C7: =IF(Badges!D74="C","C",IF(Badges!D74="P","P","")) | E7: 2 | F7: =Badges!C11 -> Focus on composition | J7: =Badges!C66 -> Attend a meeting | K7: =IF(Badges!D66="A","A"," ") | N7: =Badges!C135 -> Find ideas to use your leaderhship | O7: =IF(Badges!D135="A","A"," ") | Q7: ='Age-Level'!C23 -> Cookie Rally (Year 1) | S7: =IF('Age-Level'!D23="A","A"," ")
A8: =Summary!A7 -> Dinner Party | C8: =IF(Badges!D97="C","C",IF(Badges!D97="P","P","")) | F8: =Badges!C12 -> Capture a day in the life | G8: =IF(Badges!D12="A","A"," ") | J8: =Badges!C67 -> Compare different local positions | K8: =IF(Badges!D67="A","A"," ") | N8: =Badges!C136 -> Gather ideas to work for a healthy | O8: =IF(Badges!D136="A","A"," ") | Q8: ='Age-Level'!C24 -> Cookie Sales (Year 1) | S8: =IF('Age-Level'!D24="A","A"," ")
A9: =Summary!A8 -> Ambassador First Aid | C9: =IF(Badges!D120="C","C",IF(Badges!D120="P","P","")) | F9: =Badges!C13 -> Photograph weather patterns | G9: =IF(Badges!D13="A","A"," ") | J9: =Badges!C68 -> Visit your local legislator's office | K9: =IF(Badges!D68="A","A"," ") | N9: =Badges!C137 -> Brainstorm idea for social change | O9: =IF(Badges!D137="A","A"," ") | Q9: ='Age-Level'!C25 -> Cookie Pin (Year 1) | S9: =IF('Age-Level'!D25="A","A"," ")
A10: =Summary!A9 -> Ambassador Girl Scout Way | C10: =IF(Badges!D143="C","C",IF(Badges!D143="P","P","")) | F10: =Badges!C14 -> Take 5 photos form a different | G10: =IF(Badges!D14="A","A"," ") | I10: 5 | J10: =Badges!C69 -> See public policy creation in action | M10: 5 | N10: =Badges!C138 -> Enjoy Girl Scout traditions! | Q10: ='Age-Level'!C26 -> Cookie Rally (Year 2) | S10: =IF('Age-Level'!D26="A","A"," ")
A11: =Summary!A10 -> Water | C11: =IF(Badges!D166="C","C",IF(Badges!D166="P","P","")) | E11: 3 | F11: =Badges!C15 -> Focus on light | J11: =Badges!C70 -> Shadow a policy-maker | K11: =IF(Badges!D70="A","A"," ") | N11: =Badges!C139 -> Pass down a tradition | O11: =IF(Badges!D139="A","A"," ") | Q11: ='Age-Level'!C27 -> Cookie Sales (Year 2) | S11: =IF('Age-Level'!D27="A","A"," ")
F12: =Badges!C16 -> Invite friends to a shoot day | G12: =IF(Badges!D16="A","A"," ") | J12: =Badges!C71 -> Volunteer at an office | K12: =IF(Badges!D71="A","A"," ") | N12: =Badges!C140 -> Start a Girl Scout tradition of your own | O12: =IF(Badges!D140="A","A"," ") | Q12: ='Age-Level'!C28 -> Cookie Pin (Year 2) | S12: =IF('Age-Level'!D28="A","A"," ")
A13: =Summary!A3 -> Legacy | F13: =Badges!C17 -> Capture the same person or object | G13: =IF(Badges!D17="A","A"," ") | J13: =Badges!C72 -> Interview a policy-maker | K13: =IF(Badges!D72="A","A"," ") | N13: =Badges!C141 -> Share the Girl Scout way by example | O13: =IF(Badges!D141="A","A"," ") | Q13: ='Age-Level'!C30 -> Fall Sales (Year 1) | S13: =IF('Age-Level'!D30="A","A","")
A14: =Summary!A4 -> Photography | C14: =IF(Badges!D28="C","C",IF(Badges!D28="P","P","")) | F14: =Badges!C18 -> Grow your image | G14: =IF(Badges!D18="A","A"," ") | I14: =Badges!B75 -> Dinner Party | M14: =Badges!B144 -> Water | Q14: ='Age-Level'!C31 -> Fall Sales (Year 2) | S14: =IF('Age-Level'!D31="A","A","")
A15: =Summary!A5 -> Coaching | C15: =IF(Badges!D51="C","C",IF(Badges!D51="P","P","")) | E15: 4 | F15: =Badges!C19 -> Focus on motion | I15: 1 | J15: =Badges!C76 -> Create your menu | M15: 1 | N15: =Badges!C145 -> Have fun reflecting on your relationship with water | Q15: ='Age-Level'!C33 -> Thinking Day (Year 1) | S15: =IF('Age-Level'!D33="A","A","")
A16: =Summary!A6 -> Public Policy | C16: =IF(Badges!D74="C","C",IF(Badges!D74="P","P","")) | F16: =Badges!C20 -> Take photos of a group | G16: =IF(Badges!D20="A","A"," ") | J16: =Badges!C77 -> Interview a caterer, event planner, chef | K16: =IF(Badges!D77="A","A"," ") | N16: =Badges!C146 -> Visit water in its natural state | O16: =IF(Badges!D146="A","A"," ") | Q16: ='Age-Level'!C34 -> Thinking Day (Year 2) | S16: =IF('Age-Level'!D34="A","A","")
A17: =Summary!A7 -> Dinner Party | C17: =IF(Badges!D97="C","C",IF(Badges!D97="P","P","")) | F17: =Badges!C21 -> Take photos of faces in motion | G17: =IF(Badges!D21="A","A"," ") | J17: =Badges!C78 -> Collect recipes from cooking shows | K17: =IF(Badges!D78="A","A"," ") | N17: =Badges!C147 -> Try a new water skill | O17: =IF(Badges!D147="A","A"," ") | Q17: ='Age-Level'!C36 -> Global Action Award | S17: =IF('Age-Level'!D36="A","A","")
A18: =Summary!A8 -> Ambassador First Aid | C18: =IF(Badges!D120="C","C",IF(Badges!D120="P","P","")) | F18: =Badges!C22 -> Take photos of objects in motion | G18: =IF(Badges!D22="A","A"," ") | J18: =Badges!C79 -> Build a men around your favorite | K18: =IF(Badges!D79="A","A"," ") | N18: =Badges!C148 -> Enjoy a water activity you already know | O18: =IF(Badges!D148="A","A"," ") | Q18: ='Age-Level'!C38 -> International Friendship Recognition | S18: =IF('Age-Level'!D38="A","A","")
A19: =Summary!A9 -> Ambassador Girl Scout Way | C19: =IF(Badges!D143="C","C",IF(Badges!D143="P","P","")) | E19: 5 | F19: =Badges!C23 -> Tell a story with photography | I19: 2 | J19: =Badges!C80 -> Make a budget and shopping list | M19: 2 | N19: =Badges!C149 -> Celebrate water art-and create your own | Q19: ='Age-Level'!C40 -> Investiture | S19: =IF('Age-Level'!D40="A","A","")
A20: =Summary!A10 -> Water | C20: =IF(Badges!D166="C","C",IF(Badges!D166="P","P","")) | F20: =Badges!C24 -> Stage a photo exhibit | G20: =IF(Badges!D24="A","A"," ") | J20: =Badges!C81 -> Camparison shop | K20: =IF(Badges!D81="A","A"," ") | N20: =Badges!C150 -> Delve into water literature | O20: =IF(Badges!D150="A","A"," ") | Q20: ='Age-Level'!C41 -> Rededication (1st year) | S20: =IF('Age-Level'!D41="C","C","")
A21: =Summary!A11 -> Financial Literacy | F21: =Badges!C25 -> Make a digital slide show | G21: =IF(Badges!D25="A","A"," ") | J21: =Badges!C82 -> Consult with a professional chef | K21: =IF(Badges!D82="A","A"," ") | N21: =Badges!C151 -> Enjoy an exhibit or event that features | O21: =IF(Badges!D151="A","A"," ") | Q21: ='Age-Level'!C42 -> Rededication (2nd year) | S21: =IF('Age-Level'!D42="C","C","")
A22: =Summary!A12 -> On My Own | C22: =IF(Badges!D190="C","C",IF(Badges!D190="P","P","")) | F22: =Badges!C26 -> Create a photo album or scrapbook | G22: =IF(Badges!D26="A","A"," ") | J22: =Badges!C83 -> Learn about alternative ways to shop | K22: =IF(Badges!D83="A","A"," ") | N22: =Badges!C152 -> Create your own water composition | O22: =IF(Badges!D152="A","A"," ") | Q22: ='Age-Level'!B43 -> My Promise, My Faith (Year 1)
A23: =Summary!A13 -> Good Credit | C23: =IF(Badges!D213="C","C",IF(Badges!D213="P","P","")) | E23: =Badges!B29 -> Coaching | I23: 3 | J23: =Badges!C84 -> Practice timing your courses | M23: 3 | N23: =Badges!C153 -> Find out about water issues | Q23: 1 | R23: ='Age-Level'!C44 -> Choose one line from the Law | S23: =IF('Age-Level'!D44="A","A","")
A24: =Summary!A14 -> Cookie Business | E24: 1 | F24: =Badges!C30 -> Begin to outline your coaching strategy | J24: =Badges!C85 -> Get tips fromo food professionals | K24: =IF(Badges!D85="A","A"," ") | N24: =Badges!C154 -> Visit a water facility and explore its | O24: =IF(Badges!D154="A","A"," ") | Q24: 2 | R24: ='Age-Level'!C45 -> Find a woman in your community | S24: =IF('Age-Level'!D45="A","A","")
A25: =Summary!A15 -> Research and Development | C25: =IF(Badges!D227="C","C",IF(Badges!D227="P","P","")) | F25: =Badges!C31 -> Talk to a great coach | G25: =IF(Badges!D31="A","A"," ") | J25: =Badges!C86 -> Make a menu timeline | K25: =IF(Badges!D86="A","A"," ") | N25: =Badges!C155 -> Investigate endangered marine life | O25: =IF(Badges!D155="A","A"," ") | Q25: 3 | R25: ='Age-Level'!C46 -> Gather three inspirational quotes | S25: =IF('Age-Level'!D46="A","A","")
A26: =Summary!A16 -> P & L | C26: =IF(Badges!D240="C","C",IF(Badges!D240="P","P","")) | F26: =Badges!C32 -> Watch three sports documentaries | G26: =IF(Badges!D32="A","A"," ") | J26: =Badges!C87 -> Prepare a test meal for family or friends | K26: =IF(Badges!D87="A","A"," ") | N26: =Badges!C156 -> Investigate water as a hazard | O26: =IF(Badges!D156="A","A"," ") | Q26: 4 | R26: ='Age-Level'!C47 -> Make something to remind you | S26: =IF('Age-Level'!D47="A","A","")
F27: =Badges!C33 -> Attend a coaching clinic or seminar | G27: =IF(Badges!D33="A","A"," ") | I27: 4 | J27: =Badges!C88 -> Explore imaginative ways to present food | M27: 4 | N27: =Badges!C157 -> Explore water solutions | Q27: 5 | R27: ='Age-Level'!C48 -> Make a commitment to live what | S27: =IF('Age-Level'!D48="A","A","")
A28: Journey Awards | E28: 2 | F28: =Badges!C34 -> Conduct a first assessment | J28: =Badges!C89 -> Expreiment with garnishes | K28: =IF(Badges!D89="A","A"," ") | N28: =Badges!C158 -> Interview a water scientist | O28: =IF(Badges!D158="A","A"," ") | Q28: ='Age-Level'!B50 -> My Promise, My Faith (Year 2)
B29: =Journey!B5 -> It's Your World -- Change It! | F29: =Badges!C35 -> Prepare individual questionaires | G29: =IF(Badges!D35="A","A"," ") | J29: =Badges!C90 -> Present food in interesting shapes | K29: =IF(Badges!D90="A","A"," ") | N29: =Badges!C159 -> Explore the world of hydroelectricity | O29: =IF(Badges!D159="A","A"," ") | Q29: 1 | R29: ='Age-Level'!C51 -> Choose one line from the Law | S29: =IF('Age-Level'!D51="A","A","")
B30: =Journey!C7 -> The Girl Scout Advocate Award | F30: =Badges!C36 -> Host an initial session | G30: =IF(Badges!D36="A","A"," ") | J30: =Badges!C91 -> Use serving ware in unusual ways | K30: =IF(Badges!D91="A","A"," ") | N30: =Badges!C160 -> Design your own water innovation | O30: =IF(Badges!D160="A","A"," ") | Q30: 2 | R30: ='Age-Level'!C52 -> Find a woman in your community | S30: =IF('Age-Level'!D52="A","A","")
B31: =Journey!D8 -> Eight steps to advocacy | C31: =IF(Journey!E8="C","C",IF(Journey!E8="P","P","")) | F31: =Badges!C37 -> Prepare a goal chart together | G31: =IF(Badges!D37="A","A"," ") | I31: 5 | J31: =Badges!C92 -> Host your party | M31: 5 | N31: =Badges!C161 -> Educate and insipire others with a splash | Q31: 3 | R31: ='Age-Level'!C53 -> Gather three inspirational quotes | S31: =IF('Age-Level'!D53="A","A","")
B32: =Journey!D9 -> Explore | C32: =IF(Journey!E9="C","C",IF(Journey!E9="P","P","")) | E32: =Badges!B29 -> Coaching | J32: =Badges!C93 -> Decorate according to your menu theme | K32: =IF(Badges!D93="A","A"," ") | N32: =Badges!C162 -> Celebrate water with younger Girl Scouts | O32: =IF(Badges!D162="A","A"," ") | Q32: 4 | R32: ='Age-Level'!C54 -> Make something to remind you | S32: =IF('Age-Level'!D54="A","A","")
B33: =Journey!D10 -> Engage | C33: =IF(Journey!E10="C","C",IF(Journey!E10="P","P","")) | E33: 3 | F33: =Badges!C38 -> Design your coaching plan | J33: =Badges!C94 -> Celebrate a special occasion | K33: =IF(Badges!D94="A","A"," ") | N33: =Badges!C163 -> Share a water issue that matters to you | O33: =IF(Badges!D163="A","A"," ") | Q33: 5 | R33: ='Age-Level'!C55 -> Make a commitment to live what | S33: =IF('Age-Level'!D55="A","A","")
B34: =Journey!B14 -> JUSTICE | F34: =Badges!C39 -> Design a special warm-up | G34: =IF(Badges!D39="A","A"," ") | J34: =Badges!C95 -> Use food and fun to forge new friendships | K34: =IF(Badges!D95="A","A"," ") | N34: =Badges!C164 -> Guide a group to a water place | O34: =IF(Badges!D164="A","A"," ") | Q34: ='Age-Level'!B57 -> Safety Award
B35: =Journey!C15 -> Sage Award | F35: =Badges!C40 -> Research and choose | G35: =IF(Badges!D40="A","A"," ") | I35: =Badges!B98 -> Ambassador First Aid | M35: =Badges!B168 -> On My Own | Q35: 1 | R35: ='Age-Level'!C58 -> Learn how to make a room safe for a | S35: =IF('Age-Level'!D58="A","A","")
B36: =Journey!D16 -> LOOK HIGH, LOOK WIDE | C36: =IF(Journey!E16="C","C",IF(Journey!E16="P","P","")) | F36: =Badges!C41 -> Open and close each session | G36: =IF(Badges!D41="A","A"," ") | I36: 1 | J36: =Badges!C99 -> Learn how to deal with medical emergencies in the winderness | M36: 1 | N36: =Badges!C169 -> Plan for where you'll live | Q36: 2 | R36: ='Age-Level'!C59 -> Find out about water safety | S36: =IF('Age-Level'!D59="A","A","")
B37: =Journey!D17 -> DO the MATH | C37: =IF(Journey!E17="C","C",IF(Journey!E17="P","P","")) | E37: 4 | F37: =Badges!C42 -> Put your plan in action | J37: =Badges!C100 -> Backcountry | K37: =IF(Badges!D100="A","A"," ") | N37: =Badges!C170 -> Take a tour | O37: =IF(Badges!D170="A","A"," ") | Q37: 3 | R37: ='Age-Level'!C60 -> Teach a Daisy or Brownie what to do if | S37: =IF('Age-Level'!D60="A","A","")
B38: =Journey!D18 -> Be HAWK-EYED | C38: =IF(Journey!E18="C","C",IF(Journey!E18="P","P","")) | F38: =Badges!C43 -> Add a morale-boosting time-out | G38: =IF(Badges!D43="A","A"," ") | J38: =Badges!C101 -> Open water | K38: =IF(Badges!D101="A","A"," ") | N38: =Badges!C171 -> Interview a new tenant or homeowner | O38: =IF(Badges!D171="A","A"," ") | Q38: 4 | R38: ='Age-Level'!C61 -> With your family, make sure you have | S38: =IF('Age-Level'!D61="A","A","")
B39: =Journey!D19 -> Take the SCIENTIFIC View | C39: =IF(Journey!E19="C","C",IF(Journey!E19="P","P","")) | F39: =Badges!C44 -> Ask your players to coach you! | G39: =IF(Badges!D44="A","A"," ") | J39: =Badges!C102 -> Mountains | K39: =IF(Badges!D102="A","A"," ") | N39: =Badges!C172 -> Be chart smart | O39: =IF(Badges!D172="A","A"," ") | Q39: 5 | R39: ='Age-Level'!C62 -> Discuss bullying with your Girl Scout | S39: =IF('Age-Level'!D62="A","A","")
B40: =Journey!D20 -> DECIPHER Decisions | C40: =IF(Journey!E20="C","C",IF(Journey!E20="P","P","")) | F40: =Badges!C45 -> Bring in another coah to watch | G40: =IF(Badges!D45="A","A"," ") | I40: 2 | J40: =Badges!C103 -> Research careers that save lives in extreme conditions | M40: 2 | N40: =Badges!C173 -> Plan for your daily needs
B41: =Journey!D21 -> Write Your Equation & PRESENT It | C41: =IF(Journey!E21="C","C",IF(Journey!E21="P","P","")) | E41: 5 | F41: =Badges!C46 -> Attend the big event | J41: =Badges!C104 -> Wilderness rescue | K41: =IF(Badges!D104="A","A"," ") | N41: =Badges!C174 -> Focus on your finances | O41: =IF(Badges!D174="A","A"," ")
B42: =Journey!B25 -> BLISS: Live it! Give It! | F42: =Badges!C47 -> Meet with your players for a relaxing | G42: =IF(Badges!D47="A","A"," ") | J42: =Badges!C105 -> Disaster preparedness | K42: =IF(Badges!D105="A","A"," ") | N42: =Badges!C175 -> Shop talk | O42: =IF(Badges!D175="A","A"," ")
B43: =Journey!C26 -> Dream Maker Award | F43: =Badges!C48 -> Host a celebration | G43: =IF(Badges!D48="A","A"," ") | J43: =Badges!C106 -> Military medicine | K43: =IF(Badges!D106="A","A"," ") | N43: =Badges!C176 -> Audit request | O43: =IF(Badges!D176="A","A"," ")
B44: =Journey!D27 -> Meet Successful Dreamers | C44: =IF(Journey!E27="C","C",IF(Journey!E27="P","P","")) | F44: =Badges!C49 -> Make a "trading card" for each athlete | G44: =IF(Badges!D49="A","A"," ") | I44: 3 | J44: =Badges!C107 -> Find out how to care for a critically injured person | M44: 3 | N44: =Badges!C177 -> Plan for having fun
B45: =Journey!D28 -> Seek and Select a Dreamer(s) | C45: =IF(Journey!E28="C","C",IF(Journey!E28="P","P","")) | E45: =Badges!B52 -> Public Policy | J45: =Badges!C108 -> Take a wilderness first aid course | K45: =IF(Badges!D108="A","A"," ") | N45: =Badges!C178 -> Hooray for hobbies! | O45: =IF(Badges!D178="A","A"," ")
B46: =Journey!D29 -> Define the Dream | C46: =IF(Journey!E29="C","C",IF(Journey!E29="P","P","")) | E46: 1 | F46: =Badges!C53 -> Find out how activitists advocate for change | J46: =Badges!C109 -> Interview a doctor, nurse, EMT, or first | K46: =IF(Badges!D109="A","A"," ") | N46: =Badges!C179 -> Treat yourself | O46: =IF(Badges!D179="A","A"," ")
B47: =Journey!D30 -> Give It! Gift It! | C47: =IF(Journey!E30="C","C",IF(Journey!E30="P","P","")) | F47: =Badges!C54 -> Interview an activist | G47: =IF(Badges!D54="A","A"," ") | J47: =Badges!C110 -> Discover how to use what's on hand in | K47: =IF(Badges!D110="A","A"," ") | N47: =Badges!C180 -> Class act | O47: =IF(Badges!D180="A","A"," ")
F48: =Badges!C55 -> Watch a documentary or movie | G48: =IF(Badges!D55="A","A"," ") | I48: =Badges!B98 -> Ambassador First Aid | M48: 4 | N48: =Badges!C181 -> Plan for the unexpected
A49: Bridge to Adult Girl Scouts | F49: =Badges!C56 -> Read about women who change the | G49: =IF(Badges!D56="A","A"," ") | I49: 4 | J49: =Badges!C111 -> Know how to move an injured person | N49: =Badges!C182 -> Interview your network | O49: =IF(Badges!D182="A","A"," ")
B50: =Bridging!B6 -> Pass It On! | C50: =IF(Bridging!D10="C","C",IF(Bridging!D10="P","P","")) | E50: 2 | F50: =Badges!C57 -> Engage as a global citizen | J50: =Badges!C112 -> Visit a medical school | K50: =IF(Badges!D112="A","A"," ") | N50: =Badges!C183 -> Interview a Financial guru | O50: =IF(Badges!D183="A","A"," ")
B51: =Bridging!B11 -> Look Ahead! | C51: =IF(Bridging!D15="C","C",IF(Bridging!D15="P","P","")) | F51: =Badges!C58 -> Compare laws | G51: =IF(Badges!D58="A","A"," ") | J51: =Badges!C113 -> Take a wilderness first aid course | K51: =IF(Badges!D113="A","A"," ") | N51: =Badges!C184 -> Interview an insurance expert | O51: =IF(Badges!D184="A","A"," ")
B52: =Bridging!C16 -> Plan a Ceremony | C52: =IF(Bridging!D17="C","C",IF(Bridging!D17="P","P","")) | F52: =Badges!C59 -> Track a public-policy issue being | G52: =IF(Badges!D59="A","A"," ") | J52: =Badges!C114 -> Organize a mock emergency drill | K52: =IF(Badges!D114="A","A"," ") | M52: =Badges!B168 -> On My Own
B53: (P)artial or (C)ompleted: | C53: =IF(Bridging!D18="C","C",IF(Bridging!D18="P","P","")) | F53: =Badges!C60 -> Explore an international NGO | G53: =IF(Badges!D60="A","A"," ") | I53: 5 | J53: =Badges!C115 -> Explore real-life examples for handling wilderness emergencies | M53: 5 | N53: =Badges!C185 -> Plan for sharing with others
J54: =Badges!C116 -> Explore wilderness survival | K54: =IF(Badges!D116="A","A"," ") | N54: =Badges!C186 -> Plan for presents | O54: =IF(Badges!D186="A","A"," ")
J55: =Badges!C117 -> Investigate extreme first aid | K55: =IF(Badges!D117="A","A"," ") | N55: =Badges!C187 -> Budget for your time | O55: =IF(Badges!D187="A","A"," ")
J56: =Badges!C118 -> Interview an everyday hero | K56: =IF(Badges!D118="A","A"," ") | N56: =Badges!C188 -> Charity starts… with a budget | O56: =IF(Badges!D188="A","A"," ")
I57: =Badges!B121 -> Ambassador Girl Scout Way | M57: =Badges!B215 -> Research and Development
I58: 1 | J58: =Badges!C122 -> Use song to bring people together or to spread a message | M58: 1 | N58: =Badges!C216 -> Analyze sales trends
J59: =Badges!C123 -> Use music to move people to action | K59: =IF(Badges!D123="A","A"," ") | N59: =Badges!C217 -> Invest some R&D | O59: =IF(Badges!D217="A","A"," ")
J60: =Badges!C124 -> Ogranize a songfest for younger | K60: =IF(Badges!D124="A","A"," ") | M60: 2 | N60: =Badges!C218 -> Reasearch how other companies innovate
J61: =Badges!C125 -> Bring generations together in song | K61: =IF(Badges!D125="A","A"," ") | N61: =Badges!C219 -> Find at least three other companies | O61: =IF(Badges!D219="A","A"," ")
I62: 2 | J62: =Badges!C126 -> Celebrate World Thinking Day | M62: 3 | N62: =Badges!C218 -> Reasearch how other companies innovate
J63: =Badges!C127 -> Follow in the steps of female leaders | K63: =IF(Badges!D127="A","A"," ") | N63: =Badges!C221 -> Developing a new product | O63: =IF(Badges!D221="A","A"," ")
J64: =Badges!C128 -> Make World Thinking Day cards | K64: =IF(Badges!D128="A","A"," ") | M64: 4 | N64: =Badges!C222 -> Expolore possible projects during your cookie sale
J65: =Badges!C129 -> Earn their Word Thinking Day award | K65: =IF(Badges!D129="A","A"," ") | N65: =Badges!C223 -> If you're considering serveral | O65: =IF(Badges!D223="A","A"," ")
M66: 5 | N66: =Badges!C220 -> Find out how companies use R&D to improve their products
N67: =Badges!C225 -> R&D can be more | O67: =IF(Badges!D225="A","A"," ")
A72: Council's Own | E72: Fun Patches | I72: Council's Own | M72: Council's Own | Q72: Council's Own
A73: ='Council Own'!B6 -> <<List Badge Here>> | C73: =IF('Council Own'!D28="C","C",IF('Council Own'!D28="P","P","")) | E73: ='Fun Patches'!C5 -> <LIST PATCH HERE> | G73: =IF('Fun Patches'!D5="A","A"," ") | I73: ='Council Own'!B6 -> <<List Badge Here>> | M73: ='Council Own'!B54 -> <<List Badge Here>> | Q73: ='Council Own'!B102 -> <<List Badge Here>>
A74: ='Council Own'!B30 -> <<List Badge Here>> | C74: =IF('Council Own'!D52="C","C",IF('Council Own'!D52="P","P","")) | E74: ='Fun Patches'!C6 -> <LIST PATCH HERE> | G74: =IF('Fun Patches'!D6="A","A"," ") | I74: 1 | J74: ='Council Own'!C7 -> <List Requirement Here> | K74: =IF('Council Own'!D7="A","A"," ") | M74: 1 | N74: ='Council Own'!C55 -> <List Requirement Here> | O74: =IF('Council Own'!D55="A","A"," ") | Q74: 1 | R74: ='Council Own'!C103 -> <List Requirement Here> | S74: =IF('Council Own'!D103="A","A"," ")
A75: ='Council Own'!B54 -> <<List Badge Here>> | C75: =IF('Council Own'!D76="C","C",IF('Council Own'!D76="P","P","")) | E75: ='Fun Patches'!C7 -> <LIST PATCH HERE> | G75: =IF('Fun Patches'!D7="A","A"," ") | J75: ='Council Own'!C8 -> <List Requirement Here> | K75: =IF('Council Own'!D8="A","A"," ") | N75: ='Council Own'!C56 -> <List Requirement Here> | O75: =IF('Council Own'!D56="A","A"," ") | R75: ='Council Own'!C104 -> <List Requirement Here> | S75: =IF('Council Own'!D104="A","A"," ")
A76: ='Council Own'!B78 -> <<List Badge Here>> | C76: =IF('Council Own'!D100="C","C",IF('Council Own'!D100="P","P","")) | E76: ='Fun Patches'!C8 -> <LIST PATCH HERE> | G76: =IF('Fun Patches'!D8="A","A"," ") | J76: ='Council Own'!C9 -> <List Requirement Here> | K76: =IF('Council Own'!D9="A","A"," ") | N76: ='Council Own'!C57 -> <List Requirement Here> | O76: =IF('Council Own'!D57="A","A"," ") | R76: ='Council Own'!C105 -> <List Requirement Here> | S76: =IF('Council Own'!D105="A","A"," ")
A77: ='Council Own'!B102 -> <<List Badge Here>> | C77: =IF('Council Own'!D124="C","C",IF('Council Own'!D124="P","P","")) | E77: ='Fun Patches'!C9 -> <LIST PATCH HERE> | G77: =IF('Fun Patches'!D9="A","A"," ") | J77: ='Council Own'!C10 -> <List Requirement Here> | K77: =IF('Council Own'!D10="A","A"," ") | N77: ='Council Own'!C58 -> <List Requirement Here> | O77: =IF('Council Own'!D58="A","A"," ") | R77: ='Council Own'!C106 -> <List Requirement Here> | S77: =IF('Council Own'!D106="A","A"," ")
A78: ='Council Own'!B126 -> <<List Badge Here>> | C78: =IF('Council Own'!D148="C","C",IF('Council Own'!D148="P","P","")) | E78: ='Fun Patches'!C10 -> <LIST PATCH HERE> | G78: =IF('Fun Patches'!D10="A","A"," ") | I78: 2 | J78: ='Council Own'!C11 -> <List Requirement Here> | K78: =IF('Council Own'!D11="A","A"," ") | M78: 2 | N78: ='Council Own'!C59 -> <List Requirement Here> | O78: =IF('Council Own'!D59="A","A"," ") | Q78: 2 | R78: ='Council Own'!C107 -> <List Requirement Here> | S78: =IF('Council Own'!D107="A","A"," ")
E79: ='Fun Patches'!C11 -> <LIST PATCH HERE> | G79: =IF('Fun Patches'!D11="A","A"," ") | J79: ='Council Own'!C12 -> <List Requirement Here> | K79: =IF('Council Own'!D12="A","A"," ") | N79: ='Council Own'!C60 -> <List Requirement Here> | O79: =IF('Council Own'!D60="A","A"," ") | R79: ='Council Own'!C108 -> <List Requirement Here> | S79: =IF('Council Own'!D108="A","A"," ")
E80: ='Fun Patches'!C12 -> <LIST PATCH HERE> | G80: =IF('Fun Patches'!D12="A","A"," ") | J80: ='Council Own'!C13 -> <List Requirement Here> | K80: =IF('Council Own'!D13="A","A"," ") | N80: ='Council Own'!C61 -> <List Requirement Here> | O80: =IF('Council Own'!D61="A","A"," ") | R80: ='Council Own'!C109 -> <List Requirement Here> | S80: =IF('Council Own'!D109="A","A"," ")
E81: ='Fun Patches'!C13 -> <LIST PATCH HERE> | G81: =IF('Fun Patches'!D13="A","A"," ") | J81: ='Council Own'!C14 -> <List Requirement Here> | K81: =IF('Council Own'!D14="A","A"," ") | N81: ='Council Own'!C62 -> <List Requirement Here> | O81: =IF('Council Own'!D62="A","A"," ") | R81: ='Council Own'!C110 -> <List Requirement Here> | S81: =IF('Council Own'!D110="A","A"," ")
E82: ='Fun Patches'!C14 -> <LIST PATCH HERE> | G82: =IF('Fun Patches'!D14="A","A"," ") | I82: 3 | J82: ='Council Own'!C15 -> <List Requirement Here> | K82: =IF('Council Own'!D15="A","A"," ") | M82: 3 | N82: ='Council Own'!C63 -> <List Requirement Here> | O82: =IF('Council Own'!D63="A","A"," ") | Q82: 3 | R82: ='Council Own'!C111 -> <List Requirement Here> | S82: =IF('Council Own'!D111="A","A"," ")
E83: ='Fun Patches'!C15 -> <LIST PATCH HERE> | G83: =IF('Fun Patches'!D15="A","A"," ") | J83: ='Council Own'!C16 -> <List Requirement Here> | K83: =IF('Council Own'!D16="A","A"," ") | N83: ='Council Own'!C64 -> <List Requirement Here> | O83: =IF('Council Own'!D64="A","A"," ") | R83: ='Council Own'!C112 -> <List Requirement Here> | S83: =IF('Council Own'!D112="A","A"," ")
E84: ='Fun Patches'!C16 -> <LIST PATCH HERE> | G84: =IF('Fun Patches'!D16="A","A"," ") | J84: ='Council Own'!C17 -> <List Requirement Here> | K84: =IF('Council Own'!D17="A","A"," ") | N84: ='Council Own'!C65 -> <List Requirement Here> | O84: =IF('Council Own'!D65="A","A"," ") | R84: ='Council Own'!C113 -> <List Requirement Here> | S84: =IF('Council Own'!D113="A","A"," ")
E85: ='Fun Patches'!C17 -> <LIST PATCH HERE> | G85: =IF('Fun Patches'!D17="A","A"," ") | J85: ='Council Own'!C18 -> <List Requirement Here> | K85: =IF('Council Own'!D18="A","A"," ") | N85: ='Council Own'!C66 -> <List Requirement Here> | O85: =IF('Council Own'!D66="A","A"," ") | R85: ='Council Own'!C114 -> <List Requirement Here> | S85: =IF('Council Own'!D114="A","A"," ")
E86: ='Fun Patches'!C18 -> <LIST PATCH HERE> | G86: =IF('Fun Patches'!D18="A","A"," ") | I86: 4 | J86: ='Council Own'!C19 -> <List Requirement Here> | K86: =IF('Council Own'!D19="A","A"," ") | M86: 4 | N86: ='Council Own'!C67 -> <List Requirement Here> | O86: =IF('Council Own'!D67="A","A"," ") | Q86: 4 | R86: ='Council Own'!C115 -> <List Requirement Here> | S86: =IF('Council Own'!D115="A","A"," ")
E87: ='Fun Patches'!C19 -> <LIST PATCH HERE> | G87: =IF('Fun Patches'!D19="A","A"," ") | J87: ='Council Own'!C20 -> <List Requirement Here> | K87: =IF('Council Own'!D20="A","A"," ") | N87: ='Council Own'!C68 -> <List Requirement Here> | O87: =IF('Council Own'!D68="A","A"," ") | R87: ='Council Own'!C116 -> <List Requirement Here> | S87: =IF('Council Own'!D116="A","A"," ")
E88: ='Fun Patches'!C20 -> <LIST PATCH HERE> | G88: =IF('Fun Patches'!D20="A","A"," ") | J88: ='Council Own'!C21 -> <List Requirement Here> | K88: =IF('Council Own'!D21="A","A"," ") | N88: ='Council Own'!C69 -> <List Requirement Here> | O88: =IF('Council Own'!D69="A","A"," ") | R88: ='Council Own'!C117 -> <List Requirement Here> | S88: =IF('Council Own'!D117="A","A"," ")
E89: ='Fun Patches'!C21 -> <LIST PATCH HERE> | G89: =IF('Fun Patches'!D21="A","A"," ") | J89: ='Council Own'!C22 -> <List Requirement Here> | K89: =IF('Council Own'!D22="A","A"," ") | N89: ='Council Own'!C70 -> <List Requirement Here> | O89: =IF('Council Own'!D70="A","A"," ") | R89: ='Council Own'!C118 -> <List Requirement Here> | S89: =IF('Council Own'!D118="A","A"," ")
E90: ='Fun Patches'!C22 -> <LIST PATCH HERE> | G90: =IF('Fun Patches'!D22="A","A"," ") | I90: 5 | J90: ='Council Own'!C23 -> <List Requirement Here> | K90: =IF('Council Own'!D23="A","A"," ") | M90: 5 | N90: ='Council Own'!C71 -> <List Requirement Here> | O90: =IF('Council Own'!D71="A","A"," ") | Q90: 5 | R90: ='Council Own'!C119 -> <List Requirement Here> | S90: =IF('Council Own'!D119="A","A"," ")
E91: ='Fun Patches'!C23 -> <LIST PATCH HERE> | G91: =IF('Fun Patches'!D23="A","A"," ") | J91: ='Council Own'!C24 -> <List Requirement Here> | K91: =IF('Council Own'!D24="A","A"," ") | N91: ='Council Own'!C72 -> <List Requirement Here> | O91: =IF('Council Own'!D72="A","A"," ") | R91: ='Council Own'!C120 -> <List Requirement Here> | S91: =IF('Council Own'!D120="A","A"," ")
E92: ='Fun Patches'!C24 -> <LIST PATCH HERE> | G92: =IF('Fun Patches'!D24="A","A"," ") | J92: ='Council Own'!C25 -> <List Requirement Here> | K92: =IF('Council Own'!D25="A","A"," ") | N92: ='Council Own'!C73 -> <List Requirement Here> | O92: =IF('Council Own'!D73="A","A"," ") | R92: ='Council Own'!C121 -> <List Requirement Here> | S92: =IF('Council Own'!D121="A","A"," ")
E93: ='Fun Patches'!C25 -> <LIST PATCH HERE> | G93: =IF('Fun Patches'!D25="A","A"," ") | J93: ='Council Own'!C26 -> <List Requirement Here> | K93: =IF('Council Own'!D26="A","A"," ") | N93: ='Council Own'!C74 -> <List Requirement Here> | O93: =IF('Council Own'!D68="A","A"," ") | R93: ='Council Own'!C122 -> <List Requirement Here> | S93: =IF('Council Own'!D122="A","A"," ")
E94: ='Fun Patches'!C26 -> <LIST PATCH HERE> | G94: =IF('Fun Patches'!D26="A","A"," ") | I94: ='Council Own'!B30 -> <<List Badge Here>> | M94: ='Council Own'!B78 -> <<List Badge Here>> | Q94: ='Council Own'!B126 -> <<List Badge Here>>
E95: ='Fun Patches'!C27 -> <LIST PATCH HERE> | G95: =IF('Fun Patches'!D27="A","A"," ") | I95: 1 | J95: ='Council Own'!C31 -> <List Requirement Here> | K95: =IF('Council Own'!D31="A","A"," ") | M95: 1 | N95: ='Council Own'!C79 -> <List Requirement Here> | O95: =IF('Council Own'!D79="A","A"," ") | Q95: 1 | R95: ='Council Own'!C127 -> <List Requirement Here> | S95: =IF('Council Own'!D127="A","A"," ")
E96: ='Fun Patches'!C28 -> <LIST PATCH HERE> | G96: =IF('Fun Patches'!D28="A","A"," ") | J96: ='Council Own'!C32 -> <List Requirement Here> | K96: =IF('Council Own'!D32="A","A"," ") | N96: ='Council Own'!C80 -> <List Requirement Here> | O96: =IF('Council Own'!D80="A","A"," ") | R96: ='Council Own'!C128 -> <List Requirement Here> | S96: =IF('Council Own'!D128="A","A"," ")
E97: ='Fun Patches'!C29 -> <LIST PATCH HERE> | G97: =IF('Fun Patches'!D29="A","A"," ") | J97: ='Council Own'!C33 -> <List Requirement Here> | K97: =IF('Council Own'!D33="A","A"," ") | N97: ='Council Own'!C81 -> <List Requirement Here> | O97: =IF('Council Own'!D81="A","A"," ") | R97: ='Council Own'!C129 -> <List Requirement Here> | S97: =IF('Council Own'!D129="A","A"," ")
A98: Key | E98: ='Fun Patches'!C30 -> <LIST PATCH HERE> | G98: =IF('Fun Patches'!D30="A","A"," ") | J98: ='Council Own'!C34 -> <List Requirement Here> | K98: =IF('Council Own'!D34="A","A"," ") | N98: ='Council Own'!C82 -> <List Requirement Here> | O98: =IF('Council Own'!D82="A","A"," ") | R98: ='Council Own'!C130 -> <List Requirement Here> | S98: =IF('Council Own'!D130="A","A"," ")
A99: C = Completed Award | E99: ='Fun Patches'!C31 -> <LIST PATCH HERE> | G99: =IF('Fun Patches'!D31="A","A"," ") | I99: 2 | J99: ='Council Own'!C35 -> <List Requirement Here> | K99: =IF('Council Own'!D35="A","A"," ") | M99: 2 | N99: ='Council Own'!C83 -> <List Requirement Here> | O99: =IF('Council Own'!D83="A","A"," ") | Q99: 2 | R99: ='Council Own'!C131 -> <List Requirement Here> | S99: =IF('Council Own'!D131="A","A"," ")
A100: P = Partially Completed Award | E100: ='Fun Patches'!C32 -> <LIST PATCH HERE> | G100: =IF('Fun Patches'!D32="A","A"," ") | J100: ='Council Own'!C36 -> <List Requirement Here> | K100: =IF('Council Own'!D36="A","A"," ") | N100: ='Council Own'!C84 -> <List Requirement Here> | O100: =IF('Council Own'!D84="A","A"," ") | R100: ='Council Own'!C132 -> <List Requirement Here> | S100: =IF('Council Own'!D132="A","A"," ")
A101: A = Individual Requirement Achieved | E101: ='Fun Patches'!C33 -> <LIST PATCH HERE> | G101: =IF('Fun Patches'!D33="A","A"," ") | J101: ='Council Own'!C37 -> <List Requirement Here> | K101: =IF('Council Own'!D37="A","A"," ") | N101: ='Council Own'!C85 -> <List Requirement Here> | O101: =IF('Council Own'!D85="A","A"," ") | R101: ='Council Own'!C133 -> <List Requirement Here> | S101: =IF('Council Own'!D133="A","A"," ")
E102: ='Fun Patches'!C34 -> <LIST PATCH HERE> | G102: =IF('Fun Patches'!D34="A","A"," ") | J102: ='Council Own'!C38 -> <List Requirement Here> | K102: =IF('Council Own'!D38="A","A"," ") | N102: ='Council Own'!C86 -> <List Requirement Here> | O102: =IF('Council Own'!D86="A","A"," ") | R102: ='Council Own'!C134 -> <List Requirement Here> | S102: =IF('Council Own'!D134="A","A"," ")
E103: ='Fun Patches'!C35 -> <LIST PATCH HERE> | G103: =IF('Fun Patches'!D35="A","A"," ") | I103: 3 | J103: ='Council Own'!C39 -> <List Requirement Here> | K103: =IF('Council Own'!D39="A","A"," ") | M103: 3 | N103: ='Council Own'!C87 -> <List Requirement Here> | O103: =IF('Council Own'!D87="A","A"," ") | Q103: 3 | R103: ='Council Own'!C135 -> <List Requirement Here> | S103: =IF('Council Own'!D135="A","A"," ")
E104: ='Fun Patches'!C36 -> <LIST PATCH HERE> | G104: =IF('Fun Patches'!D36="A","A"," ") | J104: ='Council Own'!C40 -> <List Requirement Here> | K104: =IF('Council Own'!D40="A","A"," ") | N104: ='Council Own'!C88 -> <List Requirement Here> | O104: =IF('Council Own'!D88="A","A"," ") | R104: ='Council Own'!C136 -> <List Requirement Here> | S104: =IF('Council Own'!D136="A","A"," ")
...

Sheet ambassador 2
A1: =MID(CELL("filename",A1),FIND(IF(ISERROR(FIND("]",CELL("filename",A1))),"$","]"),CELL("filename",A1))+1,256) -> ambassador 2 | E1: Badges | I1: Badges | M1: Badges | Q1: Age-Level Patches
C2: Page 1 | E2: =Badges!B6 -> Photography | I2: 3 | J2: =Badges!C61 -> Dig into national or state public policy | M2: 3 | N2: =Badges!C130 -> Share sisterhood around the world | Q2: ='Age-Level'!B5 -> Gold Torch Award | S2: =IF('Age-Level'!E8="C","C",IF('Age-Level'!E8="P","P",""))
A3: Badges Summary Total: | C3: =INT(COUNTIF(C5:C12,"C"))+INT(COUNTIF(C14:C26,"C")) -> 0 | E3: 1 | F3: =Badges!C7 -> Expore the power of photography | J3: =Badges!C62 -> Track your issue | K3: =IF(Badges!E62="A","A"," ") | N3: =Badges!C131 -> Explore an issue affecting girls and | O3: =IF(Badges!E131="A","A"," ") | Q3: ='Age-Level'!B9 -> Ambassador Community Service bar | S3: =IF('Age-Level'!E9="C","C",IF('Age-Level'!E9="P","P",""))
A4: =Summary!A3 -> Legacy | F4: =Badges!C8 -> Go to a photography exhibit | G4: =IF(Badges!E8="A","A"," ") | J4: =Badges!C63 -> Talk to an interest gorup that promotes | K4: =IF(Badges!E63="A","A"," ") | N4: =Badges!C132 -> Organize an event on women and STEM | O4: =IF(Badges!E132="A","A"," ") | Q4: ='Age-Level'!B12 -> Ambassador Service to Girl Scouting bar | S4: =IF('Age-Level'!E10="C","C",IF('Age-Level'!E10="P","P",""))
A5: =Summary!A4 -> Photography | C5: =IF(Badges!E28="C","C",IF(Badges!E28="P","P","")) | F5: =Badges!C9 -> Create a photography timeline. | G5: =IF(Badges!E9="A","A"," ") | J5: =Badges!C64 -> Compare three different states' positions | K5: =IF(Badges!E64="A","A"," ") | N5: =Badges!C133 -> Interview a global citizen | O5: =IF(Badges!E133="A","A"," ") | Q5: ='Age-Level'!B15 -> Ambassador Volunteer in Training | S5: =IF('Age-Level'!E19="C","C",IF('Age-Level'!E19="P","P",""))
A6: =Summary!A5 -> Coaching | C6: =IF(Badges!E51="C","C",IF(Badges!E51="P","P","")) | F6: =Badges!C10 -> Make sticky-note comics | G6: =IF(Badges!E10="A","A"," ") | I6: 4 | J6: =Badges!C65 -> Explore local or community policy | M6: 4 | N6: =Badges!C134 -> Leave your wolrd better than you found it | Q6: ='Age-Level'!B20 -> Journey Summit Pin | S6: =IF('Age-Level'!E21="C","C",IF('Age-Level'!E21="P","P",""))
A7: =Summary!A6 -> Public Policy | C7: =IF(Badges!E74="C","C",IF(Badges!E74="P","P","")) | E7: 2 | F7: =Badges!C11 -> Focus on composition | J7: =Badges!C66 -> Attend a meeting | K7: =IF(Badges!E66="A","A"," ") | N7: =Badges!C135 -> Find ideas to use your leaderhship | O7: =IF(Badges!E135="A","A"," ") | Q7: ='Age-Level'!C23 -> Cookie Rally (Year 1) | S7: =IF('Age-Level'!E23="A","A"," ")
A8: =Summary!A7 -> Dinner Party | C8: =IF(Badges!E97="C","C",IF(Badges!E97="P","P","")) | F8: =Badges!C12 -> Capture a day in the life | G8: =IF(Badges!E12="A","A"," ") | J8: =Badges!C67 -> Compare different local positions | K8: =IF(Badges!E67="A","A"," ") | N8: =Badges!C136 -> Gather ideas to work for a healthy | O8: =IF(Badges!E136="A","A"," ") | Q8: ='Age-Level'!C24 -> Cookie Sales (Year 1) | S8: =IF('Age-Level'!E24="A","A"," ")
A9: =Summary!A8 -> Ambassador First Aid | C9: =IF(Badges!E120="C","C",IF(Badges!E120="P","P","")) | F9: =Badges!C13 -> Photograph weather patterns | G9: =IF(Badges!E13="A","A"," ") | J9: =Badges!C68 -> Visit your local legislator's office | K9: =IF(Badges!E68="A","A"," ") | N9: =Badges!C137 -> Brainstorm idea for social change | O9: =IF(Badges!E137="A","A"," ") | Q9: ='Age-Level'!C25 -> Cookie Pin (Year 1) | S9: =IF('Age-Level'!E25="A","A"," ")
A10: =Summary!A9 -> Ambassador Girl Scout Way | C10: =IF(Badges!E143="C","C",IF(Badges!E143="P","P","")) | F10: =Badges!C14 -> Take 5 photos form a different | G10: =IF(Badges!E14="A","A"," ") | I10: 5 | J10: =Badges!C69 -> See public policy creation in action | M10: 5 | N10: =Badges!C138 -> Enjoy Girl Scout traditions! | Q10: ='Age-Level'!C26 -> Cookie Rally (Year 2) | S10: =IF('Age-Level'!E26="A","A"," ")
A11: =Summary!A10 -> Water | C11: =IF(Badges!E166="C","C",IF(Badges!E166="P","P","")) | E11: 3 | F11: =Badges!C15 -> Focus on light | J11: =Badges!C70 -> Shadow a policy-maker | K11: =IF(Badges!E70="A","A"," ") | N11: =Badges!C139 -> Pass down a tradition | O11: =IF(Badges!E139="A","A"," ") | Q11: ='Age-Level'!C27 -> Cookie Sales (Year 2) | S11: =IF('Age-Level'!E27="A","A"," ")
F12: =Badges!C16 -> Invite friends to a shoot day | G12: =IF(Badges!E16="A","A"," ") | J12: =Badges!C71 -> Volunteer at an office | K12: =IF(Badges!E71="A","A"," ") | N12: =Badges!C140 -> Start a Girl Scout tradition of your own | O12: =IF(Badges!E140="A","A"," ") | Q12: ='Age-Level'!C28 -> Cookie Pin (Year 2) | S12: =IF('Age-Level'!E28="A","A"," ")
A13: =Summary!A3 -> Legacy | F13: =Badges!C17 -> Capture the same person or object | G13: =IF(Badges!E17="A","A"," ") | J13: =Badges!C72 -> Interview a policy-maker | K13: =IF(Badges!E72="A","A"," ") | N13: =Badges!C141 -> Share the Girl Scout way by example | O13: =IF(Badges!E141="A","A"," ") | Q13: ='Age-Level'!C30 -> Fall Sales (Year 1) | S13: =IF('Age-Level'!E30="A","A","")
A14: =Summary!A4 -> Photography | C14: =IF(Badges!E28="C","C",IF(Badges!E28="P","P","")) | F14: =Badges!C18 -> Grow your image | G14: =IF(Badges!E18="A","A"," ") | I14: =Badges!B75 -> Dinner Party | M14: =Badges!B144 -> Water | Q14: ='Age-Level'!C31 -> Fall Sales (Year 2) | S14: =IF('Age-Level'!E31="A","A","")
A15: =Summary!A5 -> Coaching | C15: =IF(Badges!E51="C","C",IF(Badges!E51="P","P","")) | E15: 4 | F15: =Badges!C19 -> Focus on motion | I15: 1 | J15: =Badges!C76 -> Create your menu | M15: 1 | N15: =Badges!C145 -> Have fun reflecting on your relationship with water | Q15: ='Age-Level'!C33 -> Thinking Day (Year 1) | S15: =IF('Age-Level'!E33="A","A","")
A16: =Summary!A6 -> Public Policy | C16: =IF(Badges!E74="C","C",IF(Badges!E74="P","P","")) | F16: =Badges!C20 -> Take photos of a group | G16: =IF(Badges!E20="A","A"," ") | J16: =Badges!C77 -> Interview a caterer, event planner, chef | K16: =IF(Badges!E77="A","A"," ") | N16: =Badges!C146 -> Visit water in its natural state | O16: =IF(Badges!E146="A","A"," ") | Q16: ='Age-Level'!C34 -> Thinking Day (Year 2) | S16: =IF('Age-Level'!E34="A","A","")
A17: =Summary!A7 -> Dinner Party | C17: =IF(Badges!E97="C","C",IF(Badges!E97="P","P","")) | F17: =Badges!C21 -> Take photos of faces in motion | G17: =IF(Badges!E21="A","A"," ") | J17: =Badges!C78 -> Collect recipes from cooking shows | K17: =IF(Badges!E78="A","A"," ") | N17: =Badges!C147 -> Try a new water skill | O17: =IF(Badges!E147="A","A"," ") | Q17: ='Age-Level'!C36 -> Global Action Award | S17: =IF('Age-Level'!E36="A","A","")
A18: =Summary!A8 -> Ambassador First Aid | C18: =IF(Badges!E120="C","C",IF(Badges!E120="P","P","")) | F18: =Badges!C22 -> Take photos of objects in motion | G18: =IF(Badges!E22="A","A"," ") | J18: =Badges!C79 -> Build a men around your favorite | K18: =IF(Badges!E79="A","A"," ") | N18: =Badges!C148 -> Enjoy a water activity you already know | O18: =IF(Badges!E148="A","A"," ") | Q18: ='Age-Level'!C38 -> International Friendship Recognition | S18: =IF('Age-Level'!E38="A","A","")
A19: =Summary!A9 -> Ambassador Girl Scout Way | C19: =IF(Badges!E143="C","C",IF(Badges!E143="P","P","")) | E19: 5 | F19: =Badges!C23 -> Tell a story with photography | I19: 2 | J19: =Badges!C80 -> Make a budget and shopping list | M19: 2 | N19: =Badges!C149 -> Celebrate water art-and create your own | Q19: ='Age-Level'!C40 -> Investiture | S19: =IF('Age-Level'!E40="A","A","")
A20: =Summary!A10 -> Water | C20: =IF(Badges!E166="C","C",IF(Badges!E166="P","P","")) | F20: =Badges!C24 -> Stage a photo exhibit | G20: =IF(Badges!E24="A","A"," ") | J20: =Badges!C81 -> Camparison shop | K20: =IF(Badges!E81="A","A"," ") | N20: =Badges!C150 -> Delve into water literature | O20: =IF(Badges!E150="A","A"," ") | Q20: ='Age-Level'!C41 -> Rededication (1st year) | S20: =IF('Age-Level'!E41="C","C","")
A21: =Summary!A11 -> Financial Literacy | F21: =Badges!C25 -> Make a digital slide show | G21: =IF(Badges!E25="A","A"," ") | J21: =Badges!C82 -> Consult with a professional chef | K21: =IF(Badges!E82="A","A"," ") | N21: =Badges!C151 -> Enjoy an exhibit or event that features | O21: =IF(Badges!E151="A","A"," ") | Q21: ='Age-Level'!C42 -> Rededication (2nd year) | S21: =IF('Age-Level'!E42="C","C","")
A22: =Summary!A12 -> On My Own | C22: =IF(Badges!E190="C","C",IF(Badges!E190="P","P","")) | F22: =Badges!C26 -> Create a photo album or scrapbook | G22: =IF(Badges!E26="A","A"," ") | J22: =Badges!C83 -> Learn about alternative ways to shop | K22: =IF(Badges!E83="A","A"," ") | N22: =Badges!C152 -> Create your own water composition | O22: =IF(Badges!E152="A","A"," ") | Q22: ='Age-Level'!B43 -> My Promise, My Faith (Year 1)
A23: =Summary!A13 -> Good Credit | C23: =IF(Badges!E213="C","C",IF(Badges!E213="P","P","")) | E23: =Badges!B29 -> Coaching | I23: 3 | J23: =Badges!C84 -> Practice timing your courses | M23: 3 | N23: =Badges!C153 -> Find out about water issues | Q23: 1 | R23: ='Age-Level'!C44 -> Choose one line from the Law | S23: =IF('Age-Level'!E44="A","A","")
A24: =Summary!A14 -> Cookie Business | E24: 1 | F24: =Badges!C30 -> Begin to outline your coaching strategy | J24: =Badges!C85 -> Get tips fromo food professionals | K24: =IF(Badges!E85="A","A"," ") | N24: =Badges!C154 -> Visit a water facility and explore its | O24: =IF(Badges!E154="A","A"," ") | Q24: 2 | R24: ='Age-Level'!C45 -> Find a woman in your community | S24: =IF('Age-Level'!E45="A","A","")
A25: =Summary!A15 -> Research and Development | C25: =IF(Badges!E227="C","C",IF(Badges!E227="P","P","")) | F25: =Badges!C31 -> Talk to a great coach | G25: =IF(Badges!E31="A","A"," ") | J25: =Badges!C86 -> Make a menu timeline | K25: =IF(Badges!E86="A","A"," ") | N25: =Badges!C155 -> Investigate endangered marine life | O25: =IF(Badges!E155="A","A"," ") | Q25: 3 | R25: ='Age-Level'!C46 -> Gather three inspirational quotes | S25: =IF('Age-Level'!E46="A","A","")
A26: =Summary!A16 -> P & L | C26: =IF(Badges!E240="C","C",IF(Badges!E240="P","P","")) | F26: =Badges!C32 -> Watch three sports documentaries | G26: =IF(Badges!E32="A","A"," ") | J26: =Badges!C87 -> Prepare a test meal for family or friends | K26: =IF(Badges!E87="A","A"," ") | N26: =Badges!C156 -> Investigate water as a hazard | O26: =IF(Badges!E156="A","A"," ") | Q26: 4 | R26: ='Age-Level'!C47 -> Make something to remind you | S26: =IF('Age-Level'!E47="A","A","")
F27: =Badges!C33 -> Attend a coaching clinic or seminar | G27: =IF(Badges!E33="A","A"," ") | I27: 4 | J27: =Badges!C88 -> Explore imaginative ways to present food | M27: 4 | N27: =Badges!C157 -> Explore water solutions | Q27: 5 | R27: ='Age-Level'!C48 -> Make a commitment to live what | S27: =IF('Age-Level'!E48="A","A","")
A28: Journey Awards | E28: 2 | F28: =Badges!C34 -> Conduct a first assessment | J28: =Badges!C89 -> Expreiment with garnishes | K28: =IF(Badges!E89="A","A"," ") | N28: =Badges!C158 -> Interview a water scientist | O28: =IF(Badges!E158="A","A"," ") | Q28: ='Age-Level'!B50 -> My Promise, My Faith (Year 2)
B29: =Journey!B5 -> It's Your World -- Change It! | F29: =Badges!C35 -> Prepare individual questionaires | G29: =IF(Badges!E35="A","A"," ") | J29: =Badges!C90 -> Present food in interesting shapes | K29: =IF(Badges!E90="A","A"," ") | N29: =Badges!C159 -> Explore the world of hydroelectricity | O29: =IF(Badges!E159="A","A"," ") | Q29: 1 | R29: ='Age-Level'!C51 -> Choose one line from the Law | S29: =IF('Age-Level'!E51="A","A","")
B30: =Journey!C7 -> The Girl Scout Advocate Award | F30: =Badges!C36 -> Host an initial session | G30: =IF(Badges!E36="A","A"," ") | J30: =Badges!C91 -> Use serving ware in unusual ways | K30: =IF(Badges!E91="A","A"," ") | N30: =Badges!C160 -> Design your own water innovation | O30: =IF(Badges!E160="A","A"," ") | Q30: 2 | R30: ='Age-Level'!C52 -> Find a woman in your community | S30: =IF('Age-Level'!E52="A","A","")
B31: =Journey!E8 -> 0 | C31: =IF(Journey!F8="C","C",IF(Journey!F8="P","P","")) | F31: =Badges!C37 -> Prepare a goal chart together | G31: =IF(Badges!E37="A","A"," ") | I31: 5 | J31: =Badges!C92 -> Host your party | M31: 5 | N31: =Badges!C161 -> Educate and insipire others with a splash | Q31: 3 | R31: ='Age-Level'!C53 -> Gather three inspirational quotes | S31: =IF('Age-Level'!E53="A","A","")
B32: =Journey!E9 -> 0 | C32: =IF(Journey!F9="C","C",IF(Journey!F9="P","P","")) | E32: =Badges!B29 -> Coaching | J32: =Badges!C93 -> Decorate according to your menu theme | K32: =IF(Badges!E93="A","A"," ") | N32: =Badges!C162 -> Celebrate water with younger Girl Scouts | O32: =IF(Badges!E162="A","A"," ") | Q32: 4 | R32: ='Age-Level'!C54 -> Make something to remind you | S32: =IF('Age-Level'!E54="A","A","")
B33: =Journey!E10 -> 0 | C33: =IF(Journey!F10="C","C",IF(Journey!F10="P","P","")) | E33: 3 | F33: =Badges!C38 -> Design your coaching plan | J33: =Badges!C94 -> Celebrate a special occasion | K33: =IF(Badges!E94="A","A"," ") | N33: =Badges!C163 -> Share a water issue that matters to you | O33: =IF(Badges!E163="A","A"," ") | Q33: 5 | R33: ='Age-Level'!C55 -> Make a commitment to live what | S33: =IF('Age-Level'!E55="A","A","")
B34: =Journey!B14 -> JUSTICE | F34: =Badges!C39 -> Design a special warm-up | G34: =IF(Badges!E39="A","A"," ") | J34: =Badges!C95 -> Use food and fun to forge new friendships | K34: =IF(Badges!E95="A","A"," ") | N34: =Badges!C164 -> Guide a group to a water place | O34: =IF(Badges!E164="A","A"," ") | Q34: ='Age-Level'!B57 -> Safety Award
B35: =Journey!C15 -> Sage Award | F35: =Badges!C40 -> Research and choose | G35: =IF(Badges!E40="A","A"," ") | I35: =Badges!B98 -> Ambassador First Aid | M35: =Badges!B168 -> On My Own | Q35: 1 | R35: ='Age-Level'!C58 -> Learn how to make a room safe for a | S35: =IF('Age-Level'!E58="A","A","")
B36: =Journey!E16 -> 0 | C36: =IF(Journey!F16="C","C",IF(Journey!F16="P","P","")) | F36: =Badges!C41 -> Open and close each session | G36: =IF(Badges!E41="A","A"," ") | I36: 1 | J36: =Badges!C99 -> Learn how to deal with medical emergencies in the winderness | M36: 1 | N36: =Badges!C169 -> Plan for where you'll live | Q36: 2 | R36: ='Age-Level'!C59 -> Find out about water safety | S36: =IF('Age-Level'!E59="A","A","")
B37: =Journey!E17 -> 0 | C37: =IF(Journey!F17="C","C",IF(Journey!F17="P","P","")) | E37: 4 | F37: =Badges!C42 -> Put your plan in action | J37: =Badges!C100 -> Backcountry | K37: =IF(Badges!E100="A","A"," ") | N37: =Badges!C170 -> Take a tour | O37: =IF(Badges!E170="A","A"," ") | Q37: 3 | R37: ='Age-Level'!C60 -> Teach a Daisy or Brownie what to do if | S37: =IF('Age-Level'!E60="A","A","")
B38: =Journey!E18 -> 0 | C38: =IF(Journey!F18="C","C",IF(Journey!F18="P","P","")) | F38: =Badges!C43 -> Add a morale-boosting time-out | G38: =IF(Badges!E43="A","A"," ") | J38: =Badges!C101 -> Open water | K38: =IF(Badges!E101="A","A"," ") | N38: =Badges!C171 -> Interview a new tenant or homeowner | O38: =IF(Badges!E171="A","A"," ") | Q38: 4 | R38: ='Age-Level'!C61 -> With your family, make sure you have | S38: =IF('Age-Level'!E61="A","A","")
B39: =Journey!E19 -> 0 | C39: =IF(Journey!F19="C","C",IF(Journey!F19="P","P","")) | F39: =Badges!C44 -> Ask your players to coach you! | G39: =IF(Badges!E44="A","A"," ") | J39: =Badges!C102 -> Mountains | K39: =IF(Badges!E102="A","A"," ") | N39: =Badges!C172 -> Be chart smart | O39: =IF(Badges!E172="A","A"," ") | Q39: 5 | R39: ='Age-Level'!C62 -> Discuss bullying with your Girl Scout | S39: =IF('Age-Level'!E62="A","A","")
B40: =Journey!E20 -> 0 | C40: =IF(Journey!F20="C","C",IF(Journey!F20="P","P","")) | F40: =Badges!C45 -> Bring in another coah to watch | G40: =IF(Badges!E45="A","A"," ") | I40: 2 | J40: =Badges!C103 -> Research careers that save lives in extreme conditions | M40: 2 | N40: =Badges!C173 -> Plan for your daily needs
B41: =Journey!E21 -> 0 | C41: =IF(Journey!F21="C","C",IF(Journey!F21="P","P","")) | E41: 5 | F41: =Badges!C46 -> Attend the big event | J41: =Badges!C104 -> Wilderness rescue | K41: =IF(Badges!E104="A","A"," ") | N41: =Badges!C174 -> Focus on your finances | O41: =IF(Badges!E174="A","A"," ")
B42: =Journey!B25 -> BLISS: Live it! Give It! | F42: =Badges!C47 -> Meet with your players for a relaxing | G42: =IF(Badges!E47="A","A"," ") | J42: =Badges!C105 -> Disaster preparedness | K42: =IF(Badges!E105="A","A"," ") | N42: =Badges!C175 -> Shop talk | O42: =IF(Badges!E175="A","A"," ")
B43: =Journey!C26 -> Dream Maker Award | F43: =Badges!C48 -> Host a celebration | G43: =IF(Badges!E48="A","A"," ") | J43: =Badges!C106 -> Military medicine | K43: =IF(Badges!E106="A","A"," ") | N43: =Badges!C176 -> Audit request | O43: =IF(Badges!E176="A","A"," ")
B44: =Journey!E27 -> 0 | C44: =IF(Journey!F27="C","C",IF(Journey!F27="P","P","")) | F44: =Badges!C49 -> Make a "trading card" for each athlete | G44: =IF(Badges!E49="A","A"," ") | I44: 3 | J44: =Badges!C107 -> Find out how to care for a critically injured person | M44: 3 | N44: =Badges!C177 -> Plan for having fun
B45: =Journey!E28 -> 0 | C45: =IF(Journey!F28="C","C",IF(Journey!F28="P","P","")) | E45: =Badges!B52 -> Public Policy | J45: =Badges!C108 -> Take a wilderness first aid course | K45: =IF(Badges!E108="A","A"," ") | N45: =Badges!C178 -> Hooray for hobbies! | O45: =IF(Badges!E178="A","A"," ")
B46: =Journey!E29 -> 0 | C46: =IF(Journey!F29="C","C",IF(Journey!F29="P","P","")) | E46: 1 | F46: =Badges!C53 -> Find out how activitists advocate for change | J46: =Badges!C109 -> Interview a doctor, nurse, EMT, or first | K46: =IF(Badges!E109="A","A"," ") | N46: =Badges!C179 -> Treat yourself | O46: =IF(Badges!E179="A","A"," ")
B47: =Journey!E30 -> 0 | C47: =IF(Journey!F30="C","C",IF(Journey!F30="P","P","")) | F47: =Badges!C54 -> Interview an activist | G47: =IF(Badges!E54="A","A"," ") | J47: =Badges!C110 -> Discover how to use what's on hand in | K47: =IF(Badges!E110="A","A"," ") | N47: =Badges!C180 -> Class act | O47: =IF(Badges!E180="A","A"," ")
F48: =Badges!C55 -> Watch a documentary or movie | G48: =IF(Badges!E55="A","A"," ") | I48: =Badges!B98 -> Ambassador First Aid | M48: 4 | N48: =Badges!C181 -> Plan for the unexpected
A49: Bridge to Adult Girl Scouts | F49: =Badges!C56 -> Read about women who change the | G49: =IF(Badges!E56="A","A"," ") | I49: 4 | J49: =Badges!C111 -> Know how to move an injured person | N49: =Badges!C182 -> Interview your network | O49: =IF(Badges!E182="A","A"," ")
B50: =Bridging!B6 -> Pass It On! | C50: =IF(Bridging!E10="C","C",IF(Bridging!E10="P","P","")) | E50: 2 | F50: =Badges!C57 -> Engage as a global citizen | J50: =Badges!C112 -> Visit a medical school | K50: =IF(Badges!E112="A","A"," ") | N50: =Badges!C183 -> Interview a Financial guru | O50: =IF(Badges!E183="A","A"," ")
B51: =Bridging!B11 -> Look Ahead! | C51: =IF(Bridging!E15="C","C",IF(Bridging!E15="P","P","")) | F51: =Badges!C58 -> Compare laws | G51: =IF(Badges!E58="A","A"," ") | J51: =Badges!C113 -> Take a wilderness first aid course | K51: =IF(Badges!E113="A","A"," ") | N51: =Badges!C184 -> Interview an insurance expert | O51: =IF(Badges!E184="A","A"," ")
B52: =Bridging!C16 -> Plan a Ceremony | C52: =IF(Bridging!E17="C","C",IF(Bridging!E17="P","P","")) | F52: =Badges!C59 -> Track a public-policy issue being | G52: =IF(Badges!E59="A","A"," ") | J52: =Badges!C114 -> Organize a mock emergency drill | K52: =IF(Badges!E114="A","A"," ") | M52: =Badges!B168 -> On My Own
B53: (P)artial or (C)ompleted: | C53: =IF(Bridging!E18="C","C",IF(Bridging!E18="P","P","")) | F53: =Badges!C60 -> Explore an international NGO | G53: =IF(Badges!E60="A","A"," ") | I53: 5 | J53: =Badges!C115 -> Explore real-life examples for handling wilderness emergencies | M53: 5 | N53: =Badges!C185 -> Plan for sharing with others
J54: =Badges!C116 -> Explore wilderness survival | K54: =IF(Badges!E116="A","A"," ") | N54: =Badges!C186 -> Plan for presents | O54: =IF(Badges!E186="A","A"," ")
J55: =Badges!C117 -> Investigate extreme first aid | K55: =IF(Badges!E117="A","A"," ") | N55: =Badges!C187 -> Budget for your time | O55: =IF(Badges!E187="A","A"," ")
J56: =Badges!C118 -> Interview an everyday hero | K56: =IF(Badges!E118="A","A"," ") | N56: =Badges!C188 -> Charity starts… with a budget | O56: =IF(Badges!E188="A","A"," ")
I57: =Badges!B121 -> Ambassador Girl Scout Way | M57: =Badges!B215 -> Research and Development
I58: 1 | J58: =Badges!C122 -> Use song to bring people together or to spread a message | M58: 1 | N58: =Badges!C216 -> Analyze sales trends
J59: =Badges!C123 -> Use music to move people to action | K59: =IF(Badges!E123="A","A"," ") | N59: =Badges!C217 -> Invest some R&D | O59: =IF(Badges!E217="A","A"," ")
J60: =Badges!C124 -> Ogranize a songfest for younger | K60: =IF(Badges!E124="A","A"," ") | M60: 2 | N60: =Badges!C218 -> Reasearch how other companies innovate
J61: =Badges!C125 -> Bring generations together in song | K61: =IF(Badges!E125="A","A"," ") | N61: =Badges!C219 -> Find at least three other companies | O61: =IF(Badges!E219="A","A"," ")
I62: 2 | J62: =Badges!C126 -> Celebrate World Thinking Day | M62: 3 | N62: =Badges!C218 -> Reasearch how other companies innovate
J63: =Badges!C127 -> Follow in the steps of female leaders | K63: =IF(Badges!E127="A","A"," ") | N63: =Badges!C221 -> Developing a new product | O63: =IF(Badges!E221="A","A"," ")
J64: =Badges!C128 -> Make World Thinking Day cards | K64: =IF(Badges!E128="A","A"," ") | M64: 4 | N64: =Badges!C222 -> Expolore possible projects during your cookie sale
J65: =Badges!C129 -> Earn their Word Thinking Day award | K65: =IF(Badges!E129="A","A"," ") | N65: =Badges!C223 -> If you're considering serveral | O65: =IF(Badges!E223="A","A"," ")
M66: 5 | N66: =Badges!C220 -> Find out how companies use R&D to improve their products
N67: =Badges!C225 -> R&D can be more | O67: =IF(Badges!E225="A","A"," ")
A72: Council's Own | E72: Fun Patches | I72: Council's Own | M72: Council's Own | Q72: Council's Own
A73: ='Council Own'!B6 -> <<List Badge Here>> | C73: =IF('Council Own'!E28="C","C",IF('Council Own'!E28="P","P","")) | E73: ='Fun Patches'!C5 -> <LIST PATCH HERE> | G73: =IF('Fun Patches'!E5="A","A"," ") | I73: ='Council Own'!B6 -> <<List Badge Here>> | M73: ='Council Own'!B54 -> <<List Badge Here>> | Q73: ='Council Own'!B102 -> <<List Badge Here>>
A74: ='Council Own'!B30 -> <<List Badge Here>> | C74: =IF('Council Own'!E52="C","C",IF('Council Own'!E52="P","P","")) | E74: ='Fun Patches'!C6 -> <LIST PATCH HERE> | G74: =IF('Fun Patches'!E6="A","A"," ") | I74: 1 | J74: ='Council Own'!C7 -> <List Requirement Here> | K74: =IF('Council Own'!E7="A","A"," ") | M74: 1 | N74: ='Council Own'!C55 -> <List Requirement Here> | O74: =IF('Council Own'!E55="A","A"," ") | Q74: 1 | R74: ='Council Own'!C103 -> <List Requirement Here> | S74: =IF('Council Own'!E103="A","A"," ")
A75: ='Council Own'!B54 -> <<List Badge Here>> | C75: =IF('Council Own'!E76="C","C",IF('Council Own'!E76="P","P","")) | E75: ='Fun Patches'!C7 -> <LIST PATCH HERE> | G75: =IF('Fun Patches'!E7="A","A"," ") | J75: ='Council Own'!C8 -> <List Requirement Here> | K75: =IF('Council Own'!E8="A","A"," ") | N75: ='Council Own'!C56 -> <List Requirement Here> | O75: =IF('Council Own'!E56="A","A"," ") | R75: ='Council Own'!C104 -> <List Requirement Here> | S75: =IF('Council Own'!E104="A","A"," ")
A76: ='Council Own'!B78 -> <<List Badge Here>> | C76: =IF('Council Own'!E100="C","C",IF('Council Own'!E100="P","P","")) | E76: ='Fun Patches'!C8 -> <LIST PATCH HERE> | G76: =IF('Fun Patches'!E8="A","A"," ") | J76: ='Council Own'!C9 -> <List Requirement Here> | K76: =IF('Council Own'!E9="A","A"," ") | N76: ='Council Own'!C57 -> <List Requirement Here> | O76: =IF('Council Own'!E57="A","A"," ") | R76: ='Council Own'!C105 -> <List Requirement Here> | S76: =IF('Council Own'!E105="A","A"," ")
A77: ='Council Own'!B102 -> <<List Badge Here>> | C77: =IF('Council Own'!E124="C","C",IF('Council Own'!E124="P","P","")) | E77: ='Fun Patches'!C9 -> <LIST PATCH HERE> | G77: =IF('Fun Patches'!E9="A","A"," ") | J77: ='Council Own'!C10 -> <List Requirement Here> | K77: =IF('Council Own'!E10="A","A"," ") | N77: ='Council Own'!C58 -> <List Requirement Here> | O77: =IF('Council Own'!E58="A","A"," ") | R77: ='Council Own'!C106 -> <List Requirement Here> | S77: =IF('Council Own'!E106="A","A"," ")
A78: ='Council Own'!B126 -> <<List Badge Here>> | C78: =IF('Council Own'!E148="C","C",IF('Council Own'!E148="P","P","")) | E78: ='Fun Patches'!C10 -> <LIST PATCH HERE> | G78: =IF('Fun Patches'!E10="A","A"," ") | I78: 2 | J78: ='Council Own'!C11 -> <List Requirement Here> | K78: =IF('Council Own'!E11="A","A"," ") | M78: 2 | N78: ='Council Own'!C59 -> <List Requirement Here> | O78: =IF('Council Own'!E59="A","A"," ") | Q78: 2 | R78: ='Council Own'!C107 -> <List Requirement Here> | S78: =IF('Council Own'!E107="A","A"," ")
E79: ='Fun Patches'!C11 -> <LIST PATCH HERE> | G79: =IF('Fun Patches'!E11="A","A"," ") | J79: ='Council Own'!C12 -> <List Requirement Here> | K79: =IF('Council Own'!E12="A","A"," ") | N79: ='Council Own'!C60 -> <List Requirement Here> | O79: =IF('Council Own'!E60="A","A"," ") | R79: ='Council Own'!C108 -> <List Requirement Here> | S79: =IF('Council Own'!E108="A","A"," ")
E80: ='Fun Patches'!C12 -> <LIST PATCH HERE> | G80: =IF('Fun Patches'!E12="A","A"," ") | J80: ='Council Own'!C13 -> <List Requirement Here> | K80: =IF('Council Own'!E13="A","A"," ") | N80: ='Council Own'!C61 -> <List Requirement Here> | O80: =IF('Council Own'!E61="A","A"," ") | R80: ='Council Own'!C109 -> <List Requirement Here> | S80: =IF('Council Own'!E109="A","A"," ")
E81: ='Fun Patches'!C13 -> <LIST PATCH HERE> | G81: =IF('Fun Patches'!E13="A","A"," ") | J81: ='Council Own'!C14 -> <List Requirement Here> | K81: =IF('Council Own'!E14="A","A"," ") | N81: ='Council Own'!C62 -> <List Requirement Here> | O81: =IF('Council Own'!E62="A","A"," ") | R81: ='Council Own'!C110 -> <List Requirement Here> | S81: =IF('Council Own'!E110="A","A"," ")
E82: ='Fun Patches'!C14 -> <LIST PATCH HERE> | G82: =IF('Fun Patches'!E14="A","A"," ") | I82: 3 | J82: ='Council Own'!C15 -> <List Requirement Here> | K82: =IF('Council Own'!E15="A","A"," ") | M82: 3 | N82: ='Council Own'!C63 -> <List Requirement Here> | O82: =IF('Council Own'!E63="A","A"," ") | Q82: 3 | R82: ='Council Own'!C111 -> <List Requirement Here> | S82: =IF('Council Own'!E111="A","A"," ")
E83: ='Fun Patches'!C15 -> <LIST PATCH HERE> | G83: =IF('Fun Patches'!E15="A","A"," ") | J83: ='Council Own'!C16 -> <List Requirement Here> | K83: =IF('Council Own'!E16="A","A"," ") | N83: ='Council Own'!C64 -> <List Requirement Here> | O83: =IF('Council Own'!E64="A","A"," ") | R83: ='Council Own'!C112 -> <List Requirement Here> | S83: =IF('Council Own'!E112="A","A"," ")
E84: ='Fun Patches'!C16 -> <LIST PATCH HERE> | G84: =IF('Fun Patches'!E16="A","A"," ") | J84: ='Council Own'!C17 -> <List Requirement Here> | K84: =IF('Council Own'!E17="A","A"," ") | N84: ='Council Own'!C65 -> <List Requirement Here> | O84: =IF('Council Own'!E65="A","A"," ") | R84: ='Council Own'!C113 -> <List Requirement Here> | S84: =IF('Council Own'!E113="A","A"," ")
E85: ='Fun Patches'!C17 -> <LIST PATCH HERE> | G85: =IF('Fun Patches'!E17="A","A"," ") | J85: ='Council Own'!C18 -> <List Requirement Here> | K85: =IF('Council Own'!E18="A","A"," ") | N85: ='Council Own'!C66 -> <List Requirement Here> | O85: =IF('Council Own'!E66="A","A"," ") | R85: ='Council Own'!C114 -> <List Requirement Here> | S85: =IF('Council Own'!E114="A","A"," ")
E86: ='Fun Patches'!C18 -> <LIST PATCH HERE> | G86: =IF('Fun Patches'!E18="A","A"," ") | I86: 4 | J86: ='Council Own'!C19 -> <List Requirement Here> | K86: =IF('Council Own'!E19="A","A"," ") | M86: 4 | N86: ='Council Own'!C67 -> <List Requirement Here> | O86: =IF('Council Own'!E67="A","A"," ") | Q86: 4 | R86: ='Council Own'!C115 -> <List Requirement Here> | S86: =IF('Council Own'!E115="A","A"," ")
E87: ='Fun Patches'!C19 -> <LIST PATCH HERE> | G87: =IF('Fun Patches'!E19="A","A"," ") | J87: ='Council Own'!C20 -> <List Requirement Here> | K87: =IF('Council Own'!E20="A","A"," ") | N87: ='Council Own'!C68 -> <List Requirement Here> | O87: =IF('Council Own'!E68="A","A"," ") | R87: ='Council Own'!C116 -> <List Requirement Here> | S87: =IF('Council Own'!E116="A","A"," ")
E88: ='Fun Patches'!C20 -> <LIST PATCH HERE> | G88: =IF('Fun Patches'!E20="A","A"," ") | J88: ='Council Own'!C21 -> <List Requirement Here> | K88: =IF('Council Own'!E21="A","A"," ") | N88: ='Council Own'!C69 -> <List Requirement Here> | O88: =IF('Council Own'!E69="A","A"," ") | R88: ='Council Own'!C117 -> <List Requirement Here> | S88: =IF('Council Own'!E117="A","A"," ")
E89: ='Fun Patches'!C21 -> <LIST PATCH HERE> | G89: =IF('Fun Patches'!E21="A","A"," ") | J89: ='Council Own'!C22 -> <List Requirement Here> | K89: =IF('Council Own'!E22="A","A"," ") | N89: ='Council Own'!C70 -> <List Requirement Here> | O89: =IF('Council Own'!E70="A","A"," ") | R89: ='Council Own'!C118 -> <List Requirement Here> | S89: =IF('Council Own'!E118="A","A"," ")
E90: ='Fun Patches'!C22 -> <LIST PATCH HERE> | G90: =IF('Fun Patches'!E22="A","A"," ") | I90: 5 | J90: ='Council Own'!C23 -> <List Requirement Here> | K90: =IF('Council Own'!E23="A","A"," ") | M90: 5 | N90: ='Council Own'!C71 -> <List Requirement Here> | O90: =IF('Council Own'!E71="A","A"," ") | Q90: 5 | R90: ='Council Own'!C119 -> <List Requirement Here> | S90: =IF('Council Own'!E119="A","A"," ")
E91: ='Fun Patches'!C23 -> <LIST PATCH HERE> | G91: =IF('Fun Patches'!E23="A","A"," ") | J91: ='Council Own'!C24 -> <List Requirement Here> | K91: =IF('Council Own'!E24="A","A"," ") | N91: ='Council Own'!C72 -> <List Requirement Here> | O91: =IF('Council Own'!E72="A","A"," ") | R91: ='Council Own'!C120 -> <List Requirement Here> | S91: =IF('Council Own'!E120="A","A"," ")
E92: ='Fun Patches'!C24 -> <LIST PATCH HERE> | G92: =IF('Fun Patches'!E24="A","A"," ") | J92: ='Council Own'!C25 -> <List Requirement Here> | K92: =IF('Council Own'!E25="A","A"," ") | N92: ='Council Own'!C73 -> <List Requirement Here> | O92: =IF('Council Own'!E73="A","A"," ") | R92: ='Council Own'!C121 -> <List Requirement Here> | S92: =IF('Council Own'!E121="A","A"," ")
E93: ='Fun Patches'!C25 -> <LIST PATCH HERE> | G93: =IF('Fun Patches'!E25="A","A"," ") | J93: ='Council Own'!C26 -> <List Requirement Here> | K93: =IF('Council Own'!E26="A","A"," ") | N93: ='Council Own'!C74 -> <List Requirement Here> | O93: =IF('Council Own'!E68="A","A"," ") | R93: ='Council Own'!C122 -> <List Requirement Here> | S93: =IF('Council Own'!E122="A","A"," ")
E94: ='Fun Patches'!C26 -> <LIST PATCH HERE> | G94: =IF('Fun Patches'!E26="A","A"," ") | I94: ='Council Own'!B30 -> <<List Badge Here>> | M94: ='Council Own'!B78 -> <<List Badge Here>> | Q94: ='Council Own'!B126 -> <<List Badge Here>>
E95: ='Fun Patches'!C27 -> <LIST PATCH HERE> | G95: =IF('Fun Patches'!E27="A","A"," ") | I95: 1 | J95: ='Council Own'!C31 -> <List Requirement Here> | K95: =IF('Council Own'!E31="A","A"," ") | M95: 1 | N95: ='Council Own'!C79 -> <List Requirement Here> | O95: =IF('Council Own'!E79="A","A"," ") | Q95: 1 | R95: ='Council Own'!C127 -> <List Requirement Here> | S95: =IF('Council Own'!E127="A","A"," ")
E96: ='Fun Patches'!C28 -> <LIST PATCH HERE> | G96: =IF('Fun Patches'!E28="A","A"," ") | J96: ='Council Own'!C32 -> <List Requirement Here> | K96: =IF('Council Own'!E32="A","A"," ") | N96: ='Council Own'!C80 -> <List Requirement Here> | O96: =IF('Council Own'!E80="A","A"," ") | R96: ='Council Own'!C128 -> <List Requirement Here> | S96: =IF('Council Own'!E128="A","A"," ")
E97: ='Fun Patches'!C29 -> <LIST PATCH HERE> | G97: =IF('Fun Patches'!E29="A","A"," ") | J97: ='Council Own'!C33 -> <List Requirement Here> | K97: =IF('Council Own'!E33="A","A"," ") | N97: ='Council Own'!C81 -> <List Requirement Here> | O97: =IF('Council Own'!E81="A","A"," ") | R97: ='Council Own'!C129 -> <List Requirement Here> | S97: =IF('Council Own'!E129="A","A"," ")
A98: Key | E98: ='Fun Patches'!C30 -> <LIST PATCH HERE> | G98: =IF('Fun Patches'!E30="A","A"," ") | J98: ='Council Own'!C34 -> <List Requirement Here> | K98: =IF('Council Own'!E34="A","A"," ") | N98: ='Council Own'!C82 -> <List Requirement Here> | O98: =IF('Council Own'!E82="A","A"," ") | R98: ='Council Own'!C130 -> <List Requirement Here> | S98: =IF('Council Own'!E130="A","A"," ")
A99: C = Completed Award | E99: ='Fun Patches'!C31 -> <LIST PATCH HERE> | G99: =IF('Fun Patches'!E31="A","A"," ") | I99: 2 | J99: ='Council Own'!C35 -> <List Requirement Here> | K99: =IF('Council Own'!E35="A","A"," ") | M99: 2 | N99: ='Council Own'!C83 -> <List Requirement Here> | O99: =IF('Council Own'!E83="A","A"," ") | Q99: 2 | R99: ='Council Own'!C131 -> <List Requirement Here> | S99: =IF('Council Own'!E131="A","A"," ")
A100: P = Partially Completed Award | E100: ='Fun Patches'!C32 -> <LIST PATCH HERE> | G100: =IF('Fun Patches'!E32="A","A"," ") | J100: ='Council Own'!C36 -> <List Requirement Here> | K100: =IF('Council Own'!E36="A","A"," ") | N100: ='Council Own'!C84 -> <List Requirement Here> | O100: =IF('Council Own'!E84="A","A"," ") | R100: ='Council Own'!C132 -> <List Requirement Here> | S100: =IF('Council Own'!E132="A","A"," ")
A101: A = Individual Requirement Achieved | E101: ='Fun Patches'!C33 -> <LIST PATCH HERE> | G101: =IF('Fun Patches'!E33="A","A"," ") | J101: ='Council Own'!C37 -> <List Requirement Here> | K101: =IF('Council Own'!E37="A","A"," ") | N101: ='Council Own'!C85 -> <List Requirement Here> | O101: =IF('Council Own'!E85="A","A"," ") | R101: ='Council Own'!C133 -> <List Requirement Here> | S101: =IF('Council Own'!E133="A","A"," ")
E102: ='Fun Patches'!C34 -> <LIST PATCH HERE> | G102: =IF('Fun Patches'!E34="A","A"," ") | J102: ='Council Own'!C38 -> <List Requirement Here> | K102: =IF('Council Own'!E38="A","A"," ") | N102: ='Council Own'!C86 -> <List Requirement Here> | O102: =IF('Council Own'!E86="A","A"," ") | R102: ='Council Own'!C134 -> <List Requirement Here> | S102: =IF('Council Own'!E134="A","A"," ")
E103: ='Fun Patches'!C35 -> <LIST PATCH HERE> | G103: =IF('Fun Patches'!E35="A","A"," ") | I103: 3 | J103: ='Council Own'!C39 -> <List Requirement Here> | K103: =IF('Council Own'!E39="A","A"," ") | M103: 3 | N103: ='Council Own'!C87 -> <List Requirement Here> | O103: =IF('Council Own'!E87="A","A"," ") | Q103: 3 | R103: ='Council Own'!C135 -> <List Requirement Here> | S103: =IF('Council Own'!E135="A","A"," ")
E104: ='Fun Patches'!C36 -> <LIST PATCH HERE> | G104: =IF('Fun Patches'!E36="A","A"," ") | J104: ='Council Own'!C40 -> <List Requirement Here> | K104: =IF('Council Own'!E40="A","A"," ") | N104: ='Council Own'!C88 -> <List Requirement Here> | O104: =IF('Council Own'!E88="A","A"," ") | R104: ='Council Own'!C136 -> <List Requirement Here> | S104: =IF('Council Own'!E136="A","A"," ")
...

Sheet ambassador 3
A1: =MID(CELL("filename",A1),FIND(IF(ISERROR(FIND("]",CELL("filename",A1))),"$","]"),CELL("filename",A1))+1,256) -> ambassador 3 | E1: Badges | I1: Badges | M1: Badges | Q1: Age-Level Patches
C2: Page 1 | E2: =Badges!B6 -> Photography | I2: 3 | J2: =Badges!C61 -> Dig into national or state public policy | M2: 3 | N2: =Badges!C130 -> Share sisterhood around the world | Q2: ='Age-Level'!B5 -> Gold Torch Award | S2: =IF('Age-Level'!F8="C","C",IF('Age-Level'!F8="P","P",""))
A3: Badges Summary Total: | C3: =INT(COUNTIF(C5:C12,"C"))+INT(COUNTIF(C14:C26,"C")) -> 0 | E3: 1 | F3: =Badges!C7 -> Expore the power of photography | J3: =Badges!C62 -> Track your issue | K3: =IF(Badges!F62="A","A"," ") | N3: =Badges!C131 -> Explore an issue affecting girls and | O3: =IF(Badges!F131="A","A"," ") | Q3: ='Age-Level'!B9 -> Ambassador Community Service bar | S3: =IF('Age-Level'!F9="C","C",IF('Age-Level'!F9="P","P",""))
